Workbook

Sheet Insumos 
B1: ANEXO VIII – Modelo de Planilha de Proposta
B3: EMPRESA:
B4: CNPJ:
B5: Objeto: | C5: REGULARIZAÇÃO FUNDIÁRIA DE NÚCLEOS DIVERSOS (1.051 Matrículas)
B6: Local: | C6: Diversos locais do município
B7: BANCO DE INSUMOS
B9: Recursos Humanos | C9: Fonte | D9: Código | E9: Unid. | F9: Custo Direto (h) | G9: Fator K | H9: Preço de Venda
B10: Coordenador Geral | C10: =C14 -> SIURB Janeiro/2026 | D10: 03-25-00 | E10: hora | F10: 0 | G10: ='Fator K e TRDE'!C23 -> 1 | H10: =ROUND((F10*G10),2) -> 0
B11: Arquiteto Sênior | C11: SINAPI Abril/2026 | D11: 33953 | E11: hora | F11: 0 | G11: ='Fator K e TRDE'!C16 -> 1 | H11: =ROUND((F11*G11),2) -> 0
B12: Arquiteto Pleno | C12: =C11 -> SINAPI Abril/2026 | D12: 33952 | E12: hora | F12: 0 | G12: ='Fator K e TRDE'!C16 -> 1 | H12: =ROUND((F12*G12),2) -> 0
B13: Desenhista Projetista | C13: =C11 -> SINAPI Abril/2026 | D13: 02358 | E13: hora | F13: 0 | G13: ='Fator K e TRDE'!C16 -> 1 | H13: =ROUND((F13*G13),2) -> 0
B14: Advogado Sênior | C14: SIURB Janeiro/2026 | D14: 03-54-03 | E14: hora | F14: 0 | G14: ='Fator K e TRDE'!C23 -> 1 | H14: =ROUND((F14*G14),2) -> 0
B15: Auxiliar de Serviços Gerais | C15: =C11 -> SINAPI Abril/2026 | D15: 06121 | E15: hora | F15: 0 | G15: ='Fator K e TRDE'!C16 -> 1 | H15: =ROUND((F15*G15),2) -> 0
B16: Assistente Social Pleno | C16: =C14 -> SIURB Janeiro/2026 | D16: 03-54-11 | E16: hora | F16: 0 | G16: ='Fator K e TRDE'!C23 -> 1 | H16: =ROUND((F16*G16),2) -> 0
B17: Digitador | C17: =C14 -> SIURB Janeiro/2026 | D17: 03-43-00 | E17: hora | F17: 0 | G17: ='Fator K e TRDE'!C23 -> 1 | H17: =ROUND((F17*G17),2) -> 0
B19: Demais Insumos | C19: Fonte | D19: Código | E19: Unid. | F19: Custo Direto (h) | G19: TRDE | H19: Preço de Venda
B20: Levantamento Planialtimétrico Cadastral | C20: =C17 -> SIURB Janeiro/2026 | D20: 01-10-00 | E20: m² | F20: 0 | G20: ='Fator K e TRDE'!C28 -> 1 | H20: =ROUND((G20*F20),2) -> 0
B22: Assinatura:
B23: Responsável Técnico:
B24: CREA CAU Nº
B26: Obs. | C26: A fonte e o código indicados correspondem aos adotados pela Prefeitura para a composição do orçamento de referência; a empresa deverá apresentar suas próprias composições. A indicação fornecida tem caráter meramente referencial.
C27: Preencher as células em amarelo
C28: Utilizar arredondamento em duas casas decimais.

Sheet Fator K e TRDE
B1: ANEXO VIII – Modelo de Planilha de Proposta
B3: EMPRESA:
B4: CNPJ:
B5: Objeto: | C5: REGULARIZAÇÃO FUNDIÁRIA DE NÚCLEOS DIVERSOS (1.051 Matrículas)
B6: Local: | C6: Diversos locais do município
B8: FATOR K E TRDE
B9: MEMÓRIA DE CÁLCULO
B12: K1= | C12: 0 | D12: (Encargos sociais praticados pela empresa)
B13: K2= | C13: 0 | D13: (20%)
B14: K3= | C14: 0 | D14: (Margem de lucro)
B15: K4= | C15: 0 | D15: (Impostos: PIS=0,65%, COFINS: 3,00%, ISS: 3,00%)
B16: FATOR K= | C16: =ROUND(((1+C12+C13)*(1+C14)*(1+C15)),4) -> 1 | D16: K= (1+K1+K2)*(1+K3)*(1+K4)
B19: K1= | C19: 0 | D19: (Encargos sociais praticados pela empresa)
B20: K2= | C20: 0 | D20: (20%)
B21: K3= | C21: 0 | D21: (Margem de lucro)
B22: K4= | C22: 0 | D22: (Impostos: PIS=0,65%, COFINS: 3,00%, ISS: 3,00%)
B23: FATOR K= | C23: =ROUND(((1+C19+C20)*(1+C21)*(1+C22)),4) -> 1 | D23: K= (1+K1+K2)*(1+K3)*(1+K4)
B26: K3= | C26: 0 | D26: (Margem de lucro)
B27: K4= | C27: 0 | D27: (Impostos: PIS=0,65%, COFINS: 3,00%, ISS: 3,00%)
B28: TRDE= | C28: =ROUND(((1+C26)*(1+C27)),4) -> 1 | D28: TRDE= (1+K3)*(1+K4)
B30: Assinatura:
B31: Responsável Técnico:
B32: CREA CAU Nº

Sheet TOTAL CONSOLIDADO 17 NÚCLEOS
B1: ANEXO VIII – Modelo de Planilha de Proposta
B2: EMPRESA:
B3: CNPJ:
B4: REGULARIZAÇÃO FUNDIÁRIA DE NÚCLEOS DIVERSOS (1.051 Matrículas)
B5: PLANILHA ORÇAMENTÁRIA CONSOLIDADA
B6: TOTAL CONSOLIDADO - 17 ASSENTAMENTOS
B7: Etapa | C7: Produto | D7: Insumos | E7: Unid. | F7: Preço de Venda | G7: Quantidade | H7: Valor Parcial | I7: Subtotal por Produto
B8: ETAPA I: SUBSÍDIOS TÉCNICOS PARA A REGULARIZAÇÃO FUNDIÁRIA | C8: Produto 1: Relatório de Análise Técnica Preliminar de Núcleos Urbanos Informais | D8: ='Insumos '!B10 -> Coordenador Geral | E8: hora | F8: ='Insumos '!H10 -> 0 | G8: 125 | H8: =ROUND((F8*G8),2) -> 0 | I8: =SUM(H8:H11) -> 0
D9: ='Insumos '!B11 -> Arquiteto Sênior | E9: hora | F9: ='Insumos '!H11 -> 0 | G9: 256 | H9: =ROUND((F9*G9),2) -> 0
D10: ='Insumos '!B12 -> Arquiteto Pleno | E10: hora | F10: ='Insumos '!H12 -> 0 | G10: 320 | H10: =ROUND((F10*G10),2) -> 0
D11: ='Insumos '!B17 -> Digitador | E11: hora | F11: ='Insumos '!H17 -> 0 | G11: 256 | H11: =ROUND((F11*G11),2) -> 0
C12: Produto 2: Vistoria, Busca Documental e Relatório Fotográfico | D12: ='Insumos '!B10 -> Coordenador Geral | E12: hora | F12: ='Insumos '!H10 -> 0 | G12: 24 | H12: =ROUND((F12*G12),2) -> 0 | I12: =SUM(H12:H16) -> 0
D13: =D9 -> Arquiteto Sênior | E13: hora | F13: ='Insumos '!H11 -> 0 | G13: 40 | H13: =ROUND((F13*G13),2) -> 0
D14: ='Insumos '!B14 -> Advogado Sênior | E14: hora | F14: ='Insumos '!H14 -> 0 | G14: 72 | H14: =ROUND((F14*G14),2) -> 0
D15: =D10 -> Arquiteto Pleno | E15: hora | F15: ='Insumos '!H12 -> 0 | G15: 88 | H15: =ROUND((F15*G15),2) -> 0
D16: ='Insumos '!B15 -> Auxiliar de Serviços Gerais | E16: hora | F16: ='Insumos '!H15 -> 0 | G16: 88 | H16: =ROUND((F16*G16),2) -> 0
C17: Produto 3: Diagnóstico | D17: ='Insumos '!B10 -> Coordenador Geral | E17: hora | F17: ='Insumos '!H10 -> 0 | G17: 48 | H17: =ROUND((F17*G17),2) -> 0 | I17: =SUM(H17:H20) -> 0
D18: =D9 -> Arquiteto Sênior | E18: hora | F18: ='Insumos '!H11 -> 0 | G18: 136 | H18: =ROUND((F18*G18),2) -> 0
D19: =D14 -> Advogado Sênior | E19: hora | F19: ='Insumos '!H14 -> 0 | G19: 240 | H19: =ROUND((F19*G19),2) -> 0
D20: =D11 -> Digitador | E20: hora | F20: ='Insumos '!H17 -> 0 | G20: 160 | H20: =ROUND((F20*G20),2) -> 0
C21: Produto 4: Relatório de Levantamentos Planialtimétricos e Cadastrais | D21: ='Insumos '!B20 -> Levantamento Planialtimétrico Cadastral | E21: m² | F21: ='Insumos '!H20 -> 0 | G21: 139511.62 | H21: =ROUND((F21*G21),2) -> 0 | I21: =SUM(H21) -> 0
C22: Produto 5: Plano de Regularização | D22: ='Insumos '!B10 -> Coordenador Geral | E22: hora | F22: ='Insumos '!H10 -> 0 | G22: 36 | H22: =ROUND((F22*G22),2) -> 0 | I22: =SUM(H22:H25) -> 0
D23: =D9 -> Arquiteto Sênior | E23: hora | F23: ='Insumos '!H11 -> 0 | G23: 160 | H23: =ROUND((F23*G23),2) -> 0
D24: =D14 -> Advogado Sênior | E24: hora | F24: ='Insumos '!H14 -> 0 | G24: 220 | H24: =ROUND((F24*G24),2) -> 0
D25: =D11 -> Digitador | E25: hora | F25: ='Insumos '!H17 -> 0 | G25: 160 | H25: =ROUND((F25*G25),2) -> 0
C26: Produto 6: Relatório Consolidado de Notificações | D26: ='Insumos '!B10 -> Coordenador Geral | E26: hora | F26: ='Insumos '!H10 -> 0 | G26: 17 | H26: =ROUND((F26*G26),2) -> 0 | I26: =SUM(H26:H30) -> 0
D27: =D9 -> Arquiteto Sênior | E27: hora | F27: ='Insumos '!H11 -> 0 | G27: 40 | H27: =ROUND((F27*G27),2) -> 0
D28: =D24 -> Advogado Sênior | E28: hora | F28: ='Insumos '!H14 -> 0 | G28: 64 | H28: =ROUND((F28*G28),2) -> 0
D29: =D16 -> Auxiliar de Serviços Gerais | E29: hora | F29: ='Insumos '!H15 -> 0 | G29: 44 | H29: =ROUND((F29*G29),2) -> 0
D30: =D25 -> Digitador | E30: hora | F30: ='Insumos '!H17 -> 0 | G30: 84 | H30: =ROUND((F30*G30),2) -> 0
C31: Produto 7: Relatório de Registro de Reuniões de Entrada | D31: ='Insumos '!B10 -> Coordenador Geral | E31: hora | F31: ='Insumos '!H10 -> 0 | G31: 17 | H31: =ROUND((F31*G31),2) -> 0 | I31: =SUM(H31:H35) -> 0
D32: =D9 -> Arquiteto Sênior | E32: hora | F32: ='Insumos '!H11 -> 0 | G32: 40 | H32: =ROUND((F32*G32),2) -> 0
D33: =D28 -> Advogado Sênior | E33: hora | F33: ='Insumos '!H14 -> 0 | G33: 120 | H33: =ROUND((F33*G33),2) -> 0
D34: ='Insumos '!B16 -> Assistente Social Pleno | E34: hora | F34: ='Insumos '!H16 -> 0 | G34: 220 | H34: =ROUND((F34*G34),2) -> 0
D35: =D30 -> Digitador | E35: hora | F35: ='Insumos '!H17 -> 0 | G35: 100 | H35: =ROUND((F35*G35),2) -> 0
C36: Produto 8: Planta de Selagem e Congelamento Georreferenciados | D36: ='Insumos '!B10 -> Coordenador Geral | E36: hora | F36: ='Insumos '!H10 -> 0 | G36: 56 | H36: =ROUND((F36*G36),2) -> 0 | I36: =SUM(H36:H39) -> 0
D37: =D9 -> Arquiteto Sênior | E37: hora | F37: ='Insumos '!H11 -> 0 | G37: 200 | H37: =ROUND((F37*G37),2) -> 0
D38: ='Insumos '!B13 -> Desenhista Projetista | E38: hora | F38: ='Insumos '!H13 -> 0 | G38: 400 | H38: =ROUND((F38*G38),2) -> 0
D39: =D34 -> Assistente Social Pleno | E39: hora | F39: ='Insumos '!H16 -> 0 | G39: 800 | H39: =ROUND((F39*G39),2) -> 0
C40: Produto 9: Relatório de Cadastro de Beneficiários | D40: ='Insumos '!B10 -> Coordenador Geral | E40: hora | F40: ='Insumos '!H10 -> 0 | G40: 64 | H40: =ROUND((F40*G40),2) -> 0 | I40: =SUM(H40:H44) -> 0
D41: =D9 -> Arquiteto Sênior | E41: hora | F41: ='Insumos '!H11 -> 0 | G41: 240 | H41: =ROUND((F41*G41),2) -> 0
D42: =D33 -> Advogado Sênior | E42: hora | F42: ='Insumos '!H14 -> 0 | G42: 480 | H42: =ROUND((F42*G42),2) -> 0
D43: =D39 -> Assistente Social Pleno | E43: hora | F43: ='Insumos '!H16 -> 0 | G43: 640 | H43: =ROUND((F43*G43),2) -> 0
D44: =D35 -> Digitador | E44: hora | F44: ='Insumos '!H17 -> 0 | G44: 800 | H44: =ROUND((F44*G44),2) -> 0
C45: Produto 10: Elaboração de Plantas e demais Instrumentais Técnicos | D45: ='Insumos '!B10 -> Coordenador Geral | E45: hora | F45: ='Insumos '!H10 -> 0 | G45: 56 | H45: =ROUND((F45*G45),2) -> 0 | I45: =SUM(H45:H49) -> 0
D46: =D9 -> Arquiteto Sênior | E46: hora | F46: ='Insumos '!H11 -> 0 | G46: 240 | H46: =ROUND((F46*G46),2) -> 0
D47: =D10 -> Arquiteto Pleno | E47: hora | F47: ='Insumos '!H12 -> 0 | G47: 440 | H47: =ROUND((F47*G47),2) -> 0
D48: =D38 -> Desenhista Projetista | E48: hora | F48: ='Insumos '!H13 -> 0 | G48: 440 | H48: =ROUND((F48*G48),2) -> 0
D49: =D44 -> Digitador | E49: hora | F49: ='Insumos '!H17 -> 0 | G49: 240 | H49: =ROUND((F49*G49),2) -> 0
C50: Subtotal Etapa I | I50: =SUM(I8:I49) -> 0
B51: EMPRESA:
B52: CNPJ:
B53: REGULARIZAÇÃO FUNDIÁRIA DE NÚCLEOS DIVERSOS (1.051 Matrículas)
B54: PLANILHA ORÇAMENTÁRIA CONSOLIDADA
B55: TOTAL CONSOLIDADO - 17 ASSENTAMENTOS
B56: Etapa | C56: Produto | D56: Insumos | E56: Unid. | F56: Preço de Venda | G56: Quantidade | H56: Valor Parcial | I56: Subtotal por Produto
B57: ETAPA II: SUBSÍDIOS TÉCNICOS DESTINADOS À APROVAÇÃO MUNICIPAL DA REGULARIZAÇÃO | C57: Produto 11: Estudo Técnico Ambiental | D57: ='Insumos '!B10 -> Coordenador Geral | E57: hora | F57: ='Insumos '!H10 -> 0 | G57: 20 | H57: =ROUND((F57*G57),2) -> 0 | I57: =SUM(H57:H62) -> 0
D58: =D9 -> Arquiteto Sênior | E58: hora | F58: ='Insumos '!H11 -> 0 | G58: 80 | H58: =ROUND((F58*G58),2) -> 0
D59: =D42 -> Advogado Sênior | E59: hora | F59: ='Insumos '!H14 -> 0 | G59: 56 | H59: =ROUND((F59*G59),2) -> 0
D60: =D10 -> Arquiteto Pleno | E60: hora | F60: ='Insumos '!H12 -> 0 | G60: 120 | H60: =ROUND((F60*G60),2) -> 0
D61: =D16 -> Auxiliar de Serviços Gerais | E61: hora | F61: ='Insumos '!H15 -> 0 | G61: 80 | H61: =ROUND((F61*G61),2) -> 0
D62: =D49 -> Digitador | E62: hora | F62: ='Insumos '!H17 -> 0 | G62: 80 | H62: =ROUND((F62*G62),2) -> 0
C63: Produto 12: Estudo Técnico em Área de Risco | D63: ='Insumos '!B10 -> Coordenador Geral | E63: hora | F63: ='Insumos '!H10 -> 0 | G63: 20 | H63: =ROUND((F63*G63),2) -> 0 | I63: =SUM(H63:H67) -> 0
D64: =D9 -> Arquiteto Sênior | E64: hora | F64: ='Insumos '!H11 -> 0 | G64: 80 | H64: =ROUND((F64*G64),2) -> 0
D65: =D10 -> Arquiteto Pleno | E65: hora | F65: ='Insumos '!H12 -> 0 | G65: 120 | H65: =ROUND((F65*G65),2) -> 0
D66: =D61 -> Auxiliar de Serviços Gerais | E66: hora | F66: ='Insumos '!H15 -> 0 | G66: 80 | H66: =ROUND((F66*G66),2) -> 0
D67: =D62 -> Digitador | E67: hora | F67: ='Insumos '!H17 -> 0 | G67: 100 | H67: =ROUND((F67*G67),2) -> 0
C68: Produto 13: Anteprojeto Urbanístico de Regularização Fundiária | D68: ='Insumos '!B10 -> Coordenador Geral | E68: hora | F68: ='Insumos '!H10 -> 0 | G68: 79 | H68: =ROUND((F68*G68),2) -> 0 | I68: =SUM(H68:H70) -> 0
D69: =D9 -> Arquiteto Sênior | E69: hora | F69: ='Insumos '!H11 -> 0 | G69: 325 | H69: =ROUND((F69*G69),2) -> 0
D70: =D48 -> Desenhista Projetista | E70: hora | F70: ='Insumos '!H13 -> 0 | G70: 330 | H70: =ROUND((F70*G70),2) -> 0
C71: Produto 14: Projeto de Regularização Fundiária | D71: ='Insumos '!B10 -> Coordenador Geral | E71: hora | F71: ='Insumos '!H10 -> 0 | G71: 55 | H71: =ROUND((F71*G71),2) -> 0 | I71: =SUM(H71:H73) -> 0
D72: =D9 -> Arquiteto Sênior | E72: hora | F72: ='Insumos '!H11 -> 0 | G72: 220 | H72: =ROUND((F72*G72),2) -> 0
D73: =D70 -> Desenhista Projetista | E73: hora | F73: ='Insumos '!H13 -> 0 | G73: 220 | H73: =ROUND((F73*G73),2) -> 0
C74: Produto 15: Memoriais Descritivos | D74: ='Insumos '!B10 -> Coordenador Geral | E74: hora | F74: ='Insumos '!H10 -> 0 | G74: 50 | H74: =ROUND((F74*G74),2) -> 0 | I74: =SUM(H74:H77) -> 0
D75: =D9 -> Arquiteto Sênior | E75: hora | F75: ='Insumos '!H11 -> 0 | G75: 220 | H75: =ROUND((F75*G75),2) -> 0
D76: =D10 -> Arquiteto Pleno | E76: hora | F76: ='Insumos '!H12 -> 0 | G76: 500 | H76: =ROUND((F76*G76),2) -> 0
D77: =D67 -> Digitador | E77: hora | F77: ='Insumos '!H17 -> 0 | G77: 330 | H77: =ROUND((F77*G77),2) -> 0
C78: Produto 16: Lista Preliminar de Beneficiários | D78: ='Insumos '!B10 -> Coordenador Geral | E78: hora | F78: ='Insumos '!H10 -> 0 | G78: 40 | H78: =ROUND((F78*G78),2) -> 0 | I78: =SUM(H78:H82) -> 0
D79: =D9 -> Arquiteto Sênior | E79: hora | F79: ='Insumos '!H11 -> 0 | G79: 200 | H79: =ROUND((F79*G79),2) -> 0
D80: =D59 -> Advogado Sênior | E80: hora | F80: ='Insumos '!H14 -> 0 | G80: 480 | H80: =ROUND((F80*G80),2) -> 0
D81: =D43 -> Assistente Social Pleno | E81: hora | F81: ='Insumos '!H16 -> 0 | G81: 480 | H81: =ROUND((F81*G81),2) -> 0
D82: =D77 -> Digitador | E82: hora | F82: ='Insumos '!H17 -> 0 | G82: 160 | H82: =ROUND((F82*G82),2) -> 0
C83: Produto 17: Lista Final de Beneficiários | D83: ='Insumos '!B10 -> Coordenador Geral | E83: hora | F83: ='Insumos '!H10 -> 0 | G83: 17 | H83: =ROUND((F83*G83),2) -> 0 | I83: =SUM(H83:H87) -> 0
D84: =D9 -> Arquiteto Sênior | E84: hora | F84: ='Insumos '!H11 -> 0 | G84: 40 | H84: =ROUND((F84*G84),2) -> 0
D85: =D80 -> Advogado Sênior | E85: hora | F85: ='Insumos '!H14 -> 0 | G85: 80 | H85: =ROUND((F85*G85),2) -> 0
D86: =D81 -> Assistente Social Pleno | E86: hora | F86: ='Insumos '!H16 -> 0 | G86: 160 | H86: =ROUND((F86*G86),2) -> 0
D87: =D82 -> Digitador | E87: hora | F87: ='Insumos '!H17 -> 0 | G87: 160 | H87: =ROUND((F87*G87),2) -> 0
C88: Produto 18: Cronograma de Intervenções e Termos de Compromisso | D88: ='Insumos '!B10 -> Coordenador Geral | E88: hora | F88: ='Insumos '!H10 -> 0 | G88: 17 | H88: =ROUND((F88*G88),2) -> 0 | I88: =SUM(H88:H91) -> 0
D89: =D9 -> Arquiteto Sênior | E89: hora | F89: ='Insumos '!H11 -> 0 | G89: 60 | H89: =ROUND((F89*G89),2) -> 0
D90: =D10 -> Arquiteto Pleno | E90: hora | F90: ='Insumos '!H12 -> 0 | G90: 180 | H90: =ROUND((F90*G90),2) -> 0
D91: =D87 -> Digitador | E91: hora | F91: ='Insumos '!H17 -> 0 | G91: 110 | H91: =ROUND((F91*G91),2) -> 0
C92: Subtotal Etapa II | I92: =SUM(I57:I91) -> 0
B93: EMPRESA:
B94: CNPJ:
B95: REGULARIZAÇÃO FUNDIÁRIA DE NÚCLEOS DIVERSOS (1.051 Matrículas)
B96: PLANILHA ORÇAMENTÁRIA CONSOLIDADA
B97: TOTAL CONSOLIDADO - 17 ASSENTAMENTOS
B98: Etapa | C98: Produto | D98: Insumos | E98: Unid. | F98: Preço de Venda | G98: Quantidade | H98: Valor Parcial | I98: Subtotal por Produto
B99: ETAPA III: SUBSÍDIOS TÉCNICOS NECESSÁRIOS PARA O REGISTRO DA REGULARIZAÇÃO | C99: Produto 19: Dossiê de Documentos Necessários à Instrução do Pedido de Registro | D99: ='Insumos '!B10 -> Coordenador Geral | E99: hora | F99: ='Insumos '!H10 -> 0 | G99: 78 | H99: =ROUND((F99*G99),2) -> 0 | I99: =SUM(H99:H101) -> 0
D100: =D9 -> Arquiteto Sênior | E100: hora | F100: ='Insumos '!H11 -> 0 | G100: 320 | H100: =ROUND((F100*G100),2) -> 0
...

Sheet CASSIANO RICARDO
B1: ANEXO VIII – Modelo de Planilha de Proposta
B2: EMPRESA:
B3: CNPJ:
B4: REGULARIZAÇÃO FUNDIÁRIA DE NÚCLEOS DIVERSOS (1.051 Matrículas)
B5: PLANILHA ORÇAMENTÁRIA POR NÚCLEOS
B6: CASSIANO RICARDO
B7: Etapa | C7: Produto | D7: Insumos | E7: Unid. | F7: Preço de Venda | G7: Quantidade | H7: Valor Parcial | I7: Subtotal por Produto
B8: ETAPA I: SUBSÍDIOS TÉCNICOS PARA A REGULARIZAÇÃO FUNDIÁRIA | C8: Produto 1: Relatório de Análise Técnica Preliminar de Núcleos Urbanos Informais | D8: ='Insumos '!B10 -> Coordenador Geral | E8: hora | F8: ='Insumos '!H10 -> 0 | G8: 8 | H8: =ROUND((F8*G8),2) -> 0 | I8: =SUM(H8:H11) -> 0
D9: ='Insumos '!B11 -> Arquiteto Sênior | E9: hora | F9: ='Insumos '!H11 -> 0 | G9: 16 | H9: =ROUND((F9*G9),2) -> 0
D10: ='Insumos '!B12 -> Arquiteto Pleno | E10: hora | F10: ='Insumos '!H12 -> 0 | G10: 21 | H10: =ROUND((F10*G10),2) -> 0
D11: ='Insumos '!B17 -> Digitador | E11: hora | F11: ='Insumos '!H17 -> 0 | G11: 16 | H11: =ROUND((F11*G11),2) -> 0
C12: Produto 2: Vistoria, Busca Documental e Relatório Fotográfico | D12: ='Insumos '!B10 -> Coordenador Geral | E12: hora | F12: ='Insumos '!H10 -> 0 | G12: 2 | H12: =ROUND((F12*G12),2) -> 0 | I12: =SUM(H12:H16) -> 0
D13: =D9 -> Arquiteto Sênior | E13: hora | F13: ='Insumos '!H11 -> 0 | G13: 3 | H13: =ROUND((F13*G13),2) -> 0
D14: ='Insumos '!B14 -> Advogado Sênior | E14: hora | F14: ='Insumos '!H14 -> 0 | G14: 5 | H14: =ROUND((F14*G14),2) -> 0
D15: =D10 -> Arquiteto Pleno | E15: hora | F15: ='Insumos '!H12 -> 0 | G15: 6 | H15: =ROUND((F15*G15),2) -> 0
D16: ='Insumos '!B15 -> Auxiliar de Serviços Gerais | E16: hora | F16: ='Insumos '!H15 -> 0 | G16: 6 | H16: =ROUND((F16*G16),2) -> 0
C17: Produto 3: Diagnóstico | D17: ='Insumos '!B10 -> Coordenador Geral | E17: hora | F17: ='Insumos '!H10 -> 0 | G17: 3 | H17: =ROUND((F17*G17),2) -> 0 | I17: =SUM(H17:H20) -> 0
D18: =D9 -> Arquiteto Sênior | E18: hora | F18: ='Insumos '!H11 -> 0 | G18: 9 | H18: =ROUND((F18*G18),2) -> 0
D19: =D14 -> Advogado Sênior | E19: hora | F19: ='Insumos '!H14 -> 0 | G19: 15 | H19: =ROUND((F19*G19),2) -> 0
D20: =D11 -> Digitador | E20: hora | F20: ='Insumos '!H17 -> 0 | G20: 10 | H20: =ROUND((F20*G20),2) -> 0
C21: Produto 4: Relatório de Levantamentos Planialtimétricos e Cadastrais | D21: ='Insumos '!B20 -> Levantamento Planialtimétrico Cadastral | E21: m² | F21: ='Insumos '!H20 -> 0 | G21: 8957.01 | H21: =ROUND((F21*G21),2) -> 0 | I21: =SUM(H21) -> 0
C22: Produto 5: Plano de Regularização | D22: ='Insumos '!B10 -> Coordenador Geral | E22: hora | F22: ='Insumos '!H10 -> 0 | G22: 2 | H22: =ROUND((F22*G22),2) -> 0 | I22: =SUM(H22:H25) -> 0
D23: =D9 -> Arquiteto Sênior | E23: hora | F23: ='Insumos '!H11 -> 0 | G23: 10 | H23: =ROUND((F23*G23),2) -> 0
D24: =D14 -> Advogado Sênior | E24: hora | F24: ='Insumos '!H14 -> 0 | G24: 14 | H24: =ROUND((F24*G24),2) -> 0
D25: =D11 -> Digitador | E25: hora | F25: ='Insumos '!H17 -> 0 | G25: 10 | H25: =ROUND((F25*G25),2) -> 0
C26: Produto 6: Relatório Consolidado de Notificações | D26: ='Insumos '!B10 -> Coordenador Geral | E26: hora | F26: ='Insumos '!H10 -> 0 | G26: 1 | H26: =ROUND((F26*G26),2) -> 0 | I26: =SUM(H26:H30) -> 0
D27: =D9 -> Arquiteto Sênior | E27: hora | F27: ='Insumos '!H11 -> 0 | G27: 3 | H27: =ROUND((F27*G27),2) -> 0
D28: =D24 -> Advogado Sênior | E28: hora | F28: ='Insumos '!H14 -> 0 | G28: 4 | H28: =ROUND((F28*G28),2) -> 0
D29: =D16 -> Auxiliar de Serviços Gerais | E29: hora | F29: ='Insumos '!H15 -> 0 | G29: 3 | H29: =ROUND((F29*G29),2) -> 0
D30: =D25 -> Digitador | E30: hora | F30: ='Insumos '!H17 -> 0 | G30: 5 | H30: =ROUND((F30*G30),2) -> 0
C31: Produto 7: Relatório de Registro de Reuniões de Entrada | D31: ='Insumos '!B10 -> Coordenador Geral | E31: hora | F31: ='Insumos '!H10 -> 0 | G31: 1 | H31: =ROUND((F31*G31),2) -> 0 | I31: =SUM(H31:H35) -> 0
D32: =D9 -> Arquiteto Sênior | E32: hora | F32: ='Insumos '!H11 -> 0 | G32: 3 | H32: =ROUND((F32*G32),2) -> 0
D33: =D28 -> Advogado Sênior | E33: hora | F33: ='Insumos '!H14 -> 0 | G33: 9 | H33: =ROUND((F33*G33),2) -> 0
D34: ='Insumos '!B16 -> Assistente Social Pleno | E34: hora | F34: ='Insumos '!H16 -> 0 | G34: 17 | H34: =ROUND((F34*G34),2) -> 0
D35: =D30 -> Digitador | E35: hora | F35: ='Insumos '!H17 -> 0 | G35: 8 | H35: =ROUND((F35*G35),2) -> 0
C36: Produto 8: Planta de Selagem e Congelamento Georreferenciados | D36: ='Insumos '!B10 -> Coordenador Geral | E36: hora | F36: ='Insumos '!H10 -> 0 | G36: 4 | H36: =ROUND((F36*G36),2) -> 0 | I36: =SUM(H36:H39) -> 0
D37: =D9 -> Arquiteto Sênior | E37: hora | F37: ='Insumos '!H11 -> 0 | G37: 15 | H37: =ROUND((F37*G37),2) -> 0
D38: ='Insumos '!B13 -> Desenhista Projetista | E38: hora | F38: ='Insumos '!H13 -> 0 | G38: 30 | H38: =ROUND((F38*G38),2) -> 0
D39: =D34 -> Assistente Social Pleno | E39: hora | F39: ='Insumos '!H16 -> 0 | G39: 61 | H39: =ROUND((F39*G39),2) -> 0
C40: Produto 9: Relatório de Cadastro de Beneficiários | D40: ='Insumos '!B10 -> Coordenador Geral | E40: hora | F40: ='Insumos '!H10 -> 0 | G40: 5 | H40: =ROUND((F40*G40),2) -> 0 | I40: =SUM(H40:H44) -> 0
D41: =D9 -> Arquiteto Sênior | E41: hora | F41: ='Insumos '!H11 -> 0 | G41: 18 | H41: =ROUND((F41*G41),2) -> 0
D42: =D33 -> Advogado Sênior | E42: hora | F42: ='Insumos '!H14 -> 0 | G42: 37 | H42: =ROUND((F42*G42),2) -> 0
D43: =D39 -> Assistente Social Pleno | E43: hora | F43: ='Insumos '!H16 -> 0 | G43: 49 | H43: =ROUND((F43*G43),2) -> 0
D44: =D35 -> Digitador | E44: hora | F44: ='Insumos '!H17 -> 0 | G44: 61 | H44: =ROUND((F44*G44),2) -> 0
C45: Produto 10: Elaboração de Plantas e demais Instrumentais Técnicos | D45: ='Insumos '!B10 -> Coordenador Geral | E45: hora | F45: ='Insumos '!H10 -> 0 | G45: 4 | H45: =ROUND((F45*G45),2) -> 0 | I45: =SUM(H45:H49) -> 0
D46: =D9 -> Arquiteto Sênior | E46: hora | F46: ='Insumos '!H11 -> 0 | G46: 15 | H46: =ROUND((F46*G46),2) -> 0
D47: =D10 -> Arquiteto Pleno | E47: hora | F47: ='Insumos '!H12 -> 0 | G47: 28 | H47: =ROUND((F47*G47),2) -> 0
D48: =D38 -> Desenhista Projetista | E48: hora | F48: ='Insumos '!H13 -> 0 | G48: 28 | H48: =ROUND((F48*G48),2) -> 0
D49: =D44 -> Digitador | E49: hora | F49: ='Insumos '!H17 -> 0 | G49: 15 | H49: =ROUND((F49*G49),2) -> 0
C50: Subtotal Etapa I | I50: =SUM(I8:I49) -> 0
B51: ETAPA II: SUBSÍDIOS TÉCNICOS DESTINADOS À APROVAÇÃO MUNICIPAL DA REGULARIZAÇÃO | C51: Produto 11: Estudo Técnico Ambiental | D51: ='Insumos '!B10 -> Coordenador Geral | E51: hora | F51: ='Insumos '!H10 -> 0 | G51: 1 | H51: =ROUND((F51*G51),2) -> 0 | I51: =SUM(H51:H56) -> 0
D52: =D9 -> Arquiteto Sênior | E52: hora | F52: ='Insumos '!H11 -> 0 | G52: 5 | H52: =ROUND((F52*G52),2) -> 0
D53: =D42 -> Advogado Sênior | E53: hora | F53: ='Insumos '!H14 -> 0 | G53: 4 | H53: =ROUND((F53*G53),2) -> 0
D54: =D10 -> Arquiteto Pleno | E54: hora | F54: ='Insumos '!H12 -> 0 | G54: 8 | H54: =ROUND((F54*G54),2) -> 0
D55: =D16 -> Auxiliar de Serviços Gerais | E55: hora | F55: ='Insumos '!H15 -> 0 | G55: 5 | H55: =ROUND((F55*G55),2) -> 0
D56: =D49 -> Digitador | E56: hora | F56: ='Insumos '!H17 -> 0 | G56: 5 | H56: =ROUND((F56*G56),2) -> 0
C57: Produto 12: Estudo Técnico em Área de Risco | D57: ='Insumos '!B10 -> Coordenador Geral | E57: hora | F57: ='Insumos '!H10 -> 0 | G57: 1 | H57: =ROUND((F57*G57),2) -> 0 | I57: =SUM(H57:H61) -> 0
D58: =D9 -> Arquiteto Sênior | E58: hora | F58: ='Insumos '!H11 -> 0 | G58: 5 | H58: =ROUND((F58*G58),2) -> 0
D59: =D10 -> Arquiteto Pleno | E59: hora | F59: ='Insumos '!H12 -> 0 | G59: 8 | H59: =ROUND((F59*G59),2) -> 0
D60: =D55 -> Auxiliar de Serviços Gerais | E60: hora | F60: ='Insumos '!H15 -> 0 | G60: 5 | H60: =ROUND((F60*G60),2) -> 0
D61: =D56 -> Digitador | E61: hora | F61: ='Insumos '!H17 -> 0 | G61: 6 | H61: =ROUND((F61*G61),2) -> 0
C62: Produto 13: Anteprojeto Urbanístico de Regularização Fundiária | D62: ='Insumos '!B10 -> Coordenador Geral | E62: hora | F62: ='Insumos '!H10 -> 0 | G62: 5 | H62: =ROUND((F62*G62),2) -> 0 | I62: =SUM(H62:H64) -> 0
D63: =D9 -> Arquiteto Sênior | E63: hora | F63: ='Insumos '!H11 -> 0 | G63: 21 | H63: =ROUND((F63*G63),2) -> 0
D64: =D48 -> Desenhista Projetista | E64: hora | F64: ='Insumos '!H13 -> 0 | G64: 21 | H64: =ROUND((F64*G64),2) -> 0
C65: Produto 14: Projeto de Regularização Fundiária | D65: ='Insumos '!B10 -> Coordenador Geral | E65: hora | F65: ='Insumos '!H10 -> 0 | G65: 4 | H65: =ROUND((F65*G65),2) -> 0 | I65: =SUM(H65:H67) -> 0
D66: =D9 -> Arquiteto Sênior | E66: hora | F66: ='Insumos '!H11 -> 0 | G66: 14 | H66: =ROUND((F66*G66),2) -> 0
D67: =D64 -> Desenhista Projetista | E67: hora | F67: ='Insumos '!H13 -> 0 | G67: 14 | H67: =ROUND((F67*G67),2) -> 0
C68: Produto 15: Memoriais Descritivos | D68: ='Insumos '!B10 -> Coordenador Geral | E68: hora | F68: ='Insumos '!H10 -> 0 | G68: 4 | H68: =ROUND((F68*G68),2) -> 0 | I68: =SUM(H68:H71) -> 0
D69: =D9 -> Arquiteto Sênior | E69: hora | F69: ='Insumos '!H11 -> 0 | G69: 17 | H69: =ROUND((F69*G69),2) -> 0
D70: =D10 -> Arquiteto Pleno | E70: hora | F70: ='Insumos '!H12 -> 0 | G70: 38 | H70: =ROUND((F70*G70),2) -> 0
D71: =D61 -> Digitador | E71: hora | F71: ='Insumos '!H17 -> 0 | G71: 25 | H71: =ROUND((F71*G71),2) -> 0
C72: Produto 16: Lista Preliminar de Beneficiários | D72: ='Insumos '!B10 -> Coordenador Geral | E72: hora | F72: ='Insumos '!H10 -> 0 | G72: 3 | H72: =ROUND((F72*G72),2) -> 0 | I72: =SUM(H72:H76) -> 0
D73: =D9 -> Arquiteto Sênior | E73: hora | F73: ='Insumos '!H11 -> 0 | G73: 15 | H73: =ROUND((F73*G73),2) -> 0
D74: =D53 -> Advogado Sênior | E74: hora | F74: ='Insumos '!H14 -> 0 | G74: 37 | H74: =ROUND((F74*G74),2) -> 0
D75: =D43 -> Assistente Social Pleno | E75: hora | F75: ='Insumos '!H16 -> 0 | G75: 37 | H75: =ROUND((F75*G75),2) -> 0
D76: =D71 -> Digitador | E76: hora | F76: ='Insumos '!H17 -> 0 | G76: 12 | H76: =ROUND((F76*G76),2) -> 0
C77: Produto 17: Lista Final de Beneficiários | D77: ='Insumos '!B10 -> Coordenador Geral | E77: hora | F77: ='Insumos '!H10 -> 0 | G77: 1 | H77: =ROUND((F77*G77),2) -> 0 | I77: =SUM(H77:H81) -> 0
D78: =D9 -> Arquiteto Sênior | E78: hora | F78: ='Insumos '!H11 -> 0 | G78: 3 | H78: =ROUND((F78*G78),2) -> 0
D79: =D74 -> Advogado Sênior | E79: hora | F79: ='Insumos '!H14 -> 0 | G79: 6 | H79: =ROUND((F79*G79),2) -> 0
D80: =D75 -> Assistente Social Pleno | E80: hora | F80: ='Insumos '!H16 -> 0 | G80: 12 | H80: =ROUND((F80*G80),2) -> 0
D81: =D76 -> Digitador | E81: hora | F81: ='Insumos '!H17 -> 0 | G81: 12 | H81: =ROUND((F81*G81),2) -> 0
C82: Produto 18: Cronograma de Intervenções e Termos de Compromisso | D82: ='Insumos '!B10 -> Coordenador Geral | E82: hora | F82: ='Insumos '!H10 -> 0 | G82: 1 | H82: =ROUND((F82*G82),2) -> 0 | I82: =SUM(H82:H85) -> 0
D83: =D9 -> Arquiteto Sênior | E83: hora | F83: ='Insumos '!H11 -> 0 | G83: 4 | H83: =ROUND((F83*G83),2) -> 0
D84: =D10 -> Arquiteto Pleno | E84: hora | F84: ='Insumos '!H12 -> 0 | G84: 12 | H84: =ROUND((F84*G84),2) -> 0
D85: =D81 -> Digitador | E85: hora | F85: ='Insumos '!H17 -> 0 | G85: 7 | H85: =ROUND((F85*G85),2) -> 0
C86: Subtotal Etapa II | I86: =SUM(I51:I85) -> 0
B87: ETAPA III: SUBSÍDIOS TÉCNICOS NECESSÁRIOS PARA O REGISTRO DA REGULARIZAÇÃO | C87: Produto 19: Dossiê de Documentos Necessários à Instrução do Pedido de Registro | D87: ='Insumos '!B10 -> Coordenador Geral | E87: hora | F87: ='Insumos '!H10 -> 0 | G87: 6 | H87: =ROUND((F87*G87),2) -> 0 | I87: =SUM(H87:H89) -> 0
D88: =D9 -> Arquiteto Sênior | E88: hora | F88: ='Insumos '!H11 -> 0 | G88: 24 | H88: =ROUND((F88*G88),2) -> 0
D89: =D85 -> Digitador | E89: hora | F89: ='Insumos '!H17 -> 0 | G89: 24 | H89: =ROUND((F89*G89),2) -> 0
C90: Subtotal Etapa III | I90: =SUM(I87) -> 0
B91: ETAPA IV: SUBSÍDIOS COMPLEMENTARES À REGULARIZAÇÃO FUNDIÁRIA | C91: Produto 20: Laudo Geotécnico e/ou Hidrológico | D91: ='Insumos '!B10 -> Coordenador Geral | E91: hora | F91: ='Insumos '!H10 -> 0 | G91: 1 | H91: =ROUND((F91*G91),2) -> 0 | I91: =SUM(H91:H95) -> 0
D92: =D9 -> Arquiteto Sênior | E92: hora | F92: ='Insumos '!H11 -> 0 | G92: 3 | H92: =ROUND((F92*G92),2) -> 0
D93: =D10 -> Arquiteto Pleno | E93: hora | F93: ='Insumos '!H12 -> 0 | G93: 4 | H93: =ROUND((F93*G93),2) -> 0
D94: =D60 -> Auxiliar de Serviços Gerais | E94: hora | F94: ='Insumos '!H15 -> 0 | G94: 3 | H94: =ROUND((F94*G94),2) -> 0
D95: =D89 -> Digitador | E95: hora | F95: ='Insumos '!H17 -> 0 | G95: 5 | H95: =ROUND((F95*G95),2) -> 0
C96: Produto 21: Relatório Consolidado para Obtenção das Licenças | D96: ='Insumos '!B10 -> Coordenador Geral | E96: hora | F96: ='Insumos '!H10 -> 0 | G96: 2 | H96: =ROUND((F96*G96),2) -> 0 | I96: =SUM(H96:H98) -> 0
D97: =D9 -> Arquiteto Sênior | E97: hora | F97: ='Insumos '!H11 -> 0 | G97: 8 | H97: =ROUND((F97*G97),2) -> 0
D98: =D95 -> Digitador | E98: hora | F98: ='Insumos '!H17 -> 0 | G98: 7 | H98: =ROUND((F98*G98),2) -> 0
C99: Produto 22: Relatório Mensal de Atividades | D99: Coordenador Geral | E99: hora | F99: ='Insumos '!H10 -> 0 | G99: 15 | H99: =ROUND((F99*G99),2) -> 0 | I99: =SUM(H99:H104) -> 0
D100: Arquiteto Sênior | E100: hora | F100: ='Insumos '!H11 -> 0 | G100: 22 | H100: =ROUND((F100*G100),2) -> 0
...

Sheet MARCOS ANDREOTTI
B1: ANEXO VIII – Modelo de Planilha de Proposta
B2: EMPRESA:
B3: CNPJ:
B4: REGULARIZAÇÃO FUNDIÁRIA DE NÚCLEOS DIVERSOS (1.051 Matrículas)
B5: PLANILHA ORÇAMENTÁRIA POR NÚCLEOS
B6: MARCOS ANDREOTTI
B7: Etapa | C7: Produto | D7: Insumos | E7: Unid. | F7: Preço de Venda | G7: Quantidade | H7: Valor Parcial | I7: Subtotal por Produto
B8: ETAPA I: SUBSÍDIOS TÉCNICOS PARA A REGULARIZAÇÃO FUNDIÁRIA | C8: Produto 1: Relatório de Análise Técnica Preliminar de Núcleos Urbanos Informais | D8: ='Insumos '!B10 -> Coordenador Geral | E8: hora | F8: ='Insumos '!H10 -> 0 | G8: 4 | H8: =ROUND((F8*G8),2) -> 0 | I8: =SUM(H8:H11) -> 0 | J8: =I8 -> 0
D9: ='Insumos '!B11 -> Arquiteto Sênior | E9: hora | F9: ='Insumos '!H11 -> 0 | G9: 7 | H9: =ROUND((F9*G9),2) -> 0
D10: ='Insumos '!B12 -> Arquiteto Pleno | E10: hora | F10: ='Insumos '!H12 -> 0 | G10: 9 | H10: =ROUND((F10*G10),2) -> 0
D11: ='Insumos '!B17 -> Digitador | E11: hora | F11: ='Insumos '!H17 -> 0 | G11: 7 | H11: =ROUND((F11*G11),2) -> 0
C12: Produto 2: Vistoria, Busca Documental e Relatório Fotográfico | D12: ='Insumos '!B10 -> Coordenador Geral | E12: hora | F12: ='Insumos '!H10 -> 0 | G12: 1 | H12: =ROUND((F12*G12),2) -> 0 | I12: =SUM(H12:H16) -> 0 | J12: =I12 -> 0
D13: =D9 -> Arquiteto Sênior | E13: hora | F13: ='Insumos '!H11 -> 0 | G13: 1 | H13: =ROUND((F13*G13),2) -> 0
D14: ='Insumos '!B14 -> Advogado Sênior | E14: hora | F14: ='Insumos '!H14 -> 0 | G14: 2 | H14: =ROUND((F14*G14),2) -> 0
D15: =D10 -> Arquiteto Pleno | E15: hora | F15: ='Insumos '!H12 -> 0 | G15: 2 | H15: =ROUND((F15*G15),2) -> 0
D16: ='Insumos '!B15 -> Auxiliar de Serviços Gerais | E16: hora | F16: ='Insumos '!H15 -> 0 | G16: 2 | H16: =ROUND((F16*G16),2) -> 0
C17: Produto 3: Diagnóstico | D17: ='Insumos '!B10 -> Coordenador Geral | E17: hora | F17: ='Insumos '!H10 -> 0 | G17: 1 | H17: =ROUND((F17*G17),2) -> 0 | I17: =SUM(H17:H20) -> 0 | J17: =I17 -> 0
D18: =D9 -> Arquiteto Sênior | E18: hora | F18: ='Insumos '!H11 -> 0 | G18: 4 | H18: =ROUND((F18*G18),2) -> 0
D19: =D14 -> Advogado Sênior | E19: hora | F19: ='Insumos '!H14 -> 0 | G19: 7 | H19: =ROUND((F19*G19),2) -> 0
D20: =D11 -> Digitador | E20: hora | F20: ='Insumos '!H17 -> 0 | G20: 4 | H20: =ROUND((F20*G20),2) -> 0
C21: Produto 4: Relatório de Levantamentos Planialtimétricos e Cadastrais | D21: ='Insumos '!B20 -> Levantamento Planialtimétrico Cadastral | E21: m² | F21: ='Insumos '!H20 -> 0 | G21: 3892.61 | H21: =ROUND((F21*G21),2) -> 0 | I21: =SUM(H21) -> 0 | J21: =I21 -> 0
C22: Produto 5: Plano de Regularização | D22: ='Insumos '!B10 -> Coordenador Geral | E22: hora | F22: ='Insumos '!H10 -> 0 | G22: 1 | H22: =ROUND((F22*G22),2) -> 0 | I22: =SUM(H22:H25) -> 0 | J22: =I22 -> 0
D23: =D9 -> Arquiteto Sênior | E23: hora | F23: ='Insumos '!H11 -> 0 | G23: 4 | H23: =ROUND((F23*G23),2) -> 0
D24: =D14 -> Advogado Sênior | E24: hora | F24: ='Insumos '!H14 -> 0 | G24: 6 | H24: =ROUND((F24*G24),2) -> 0
D25: =D11 -> Digitador | E25: hora | F25: ='Insumos '!H17 -> 0 | G25: 4 | H25: =ROUND((F25*G25),2) -> 0
C26: Produto 6: Relatório Consolidado de Notificações | D26: ='Insumos '!B10 -> Coordenador Geral | E26: hora | F26: ='Insumos '!H10 -> 0 | G26: 1 | H26: =ROUND((F26*G26),2) -> 0 | I26: =SUM(H26:H30) -> 0 | J26: =I26 -> 0
D27: =D9 -> Arquiteto Sênior | E27: hora | F27: ='Insumos '!H11 -> 0 | G27: 1 | H27: =ROUND((F27*G27),2) -> 0
D28: =D24 -> Advogado Sênior | E28: hora | F28: ='Insumos '!H14 -> 0 | G28: 2 | H28: =ROUND((F28*G28),2) -> 0
D29: =D16 -> Auxiliar de Serviços Gerais | E29: hora | F29: ='Insumos '!H15 -> 0 | G29: 1 | H29: =ROUND((F29*G29),2) -> 0
D30: =D25 -> Digitador | E30: hora | F30: ='Insumos '!H17 -> 0 | G30: 2 | H30: =ROUND((F30*G30),2) -> 0
C31: Produto 7: Relatório de Registro de Reuniões de Entrada | D31: ='Insumos '!B10 -> Coordenador Geral | E31: hora | F31: ='Insumos '!H10 -> 0 | G31: 1 | H31: =ROUND((F31*G31),2) -> 0 | I31: =SUM(H31:H35) -> 0 | J31: =I31 -> 0
D32: =D9 -> Arquiteto Sênior | E32: hora | F32: ='Insumos '!H11 -> 0 | G32: 2 | H32: =ROUND((F32*G32),2) -> 0
D33: =D28 -> Advogado Sênior | E33: hora | F33: ='Insumos '!H14 -> 0 | G33: 6 | H33: =ROUND((F33*G33),2) -> 0
D34: ='Insumos '!B16 -> Assistente Social Pleno | E34: hora | F34: ='Insumos '!H16 -> 0 | G34: 10 | H34: =ROUND((F34*G34),2) -> 0
D35: =D30 -> Digitador | E35: hora | F35: ='Insumos '!H17 -> 0 | G35: 5 | H35: =ROUND((F35*G35),2) -> 0
C36: Produto 8: Planta de Selagem e Congelamento Georreferenciados | D36: ='Insumos '!B10 -> Coordenador Geral | E36: hora | F36: ='Insumos '!H10 -> 0 | G36: 3 | H36: =ROUND((F36*G36),2) -> 0 | I36: =SUM(H36:H39) -> 0 | J36: =I36 -> 0
D37: =D9 -> Arquiteto Sênior | E37: hora | F37: ='Insumos '!H11 -> 0 | G37: 10 | H37: =ROUND((F37*G37),2) -> 0
D38: ='Insumos '!B13 -> Desenhista Projetista | E38: hora | F38: ='Insumos '!H13 -> 0 | G38: 19 | H38: =ROUND((F38*G38),2) -> 0
D39: =D34 -> Assistente Social Pleno | E39: hora | F39: ='Insumos '!H16 -> 0 | G39: 38 | H39: =ROUND((F39*G39),2) -> 0
C40: Produto 9: Relatório de Cadastro de Beneficiários | D40: ='Insumos '!B10 -> Coordenador Geral | E40: hora | F40: ='Insumos '!H10 -> 0 | G40: 3 | H40: =ROUND((F40*G40),2) -> 0 | I40: =SUM(H40:H44) -> 0 | J40: =I40 -> 0
D41: =D9 -> Arquiteto Sênior | E41: hora | F41: ='Insumos '!H11 -> 0 | G41: 3 | H41: =ROUND((F41*G41),2) -> 0
D42: =D33 -> Advogado Sênior | E42: hora | F42: ='Insumos '!H14 -> 0 | G42: 23 | H42: =ROUND((F42*G42),2) -> 0
D43: =D39 -> Assistente Social Pleno | E43: hora | F43: ='Insumos '!H16 -> 0 | G43: 30 | H43: =ROUND((F43*G43),2) -> 0
D44: =D35 -> Digitador | E44: hora | F44: ='Insumos '!H17 -> 0 | G44: 38 | H44: =ROUND((F44*G44),2) -> 0
C45: Produto 10: Elaboração de Plantas e demais Instrumentais Técnicos | D45: ='Insumos '!B10 -> Coordenador Geral | E45: hora | F45: ='Insumos '!H10 -> 0 | G45: 2 | H45: =ROUND((F45*G45),2) -> 0 | I45: =SUM(H45:H49) -> 0 | J45: =I45 -> 0
D46: =D9 -> Arquiteto Sênior | E46: hora | F46: ='Insumos '!H11 -> 0 | G46: 7 | H46: =ROUND((F46*G46),2) -> 0
D47: =D10 -> Arquiteto Pleno | E47: hora | F47: ='Insumos '!H12 -> 0 | G47: 12 | H47: =ROUND((F47*G47),2) -> 0
D48: =D38 -> Desenhista Projetista | E48: hora | F48: ='Insumos '!H13 -> 0 | G48: 12 | H48: =ROUND((F48*G48),2) -> 0
D49: =D44 -> Digitador | E49: hora | F49: ='Insumos '!H17 -> 0 | G49: 7 | H49: =ROUND((F49*G49),2) -> 0
C50: Subtotal Etapa I | I50: =SUM(I8:I49) -> 0
B51: ETAPA II: SUBSÍDIOS TÉCNICOS DESTINADOS À APROVAÇÃO MUNICIPAL DA REGULARIZAÇÃO | C51: Produto 11: Estudo Técnico Ambiental | D51: ='Insumos '!B10 -> Coordenador Geral | E51: hora | F51: ='Insumos '!H10 -> 0 | G51: 1 | H51: =ROUND((F51*G51),2) -> 0 | I51: =SUM(H51:H56) -> 0 | J51: =I51 -> 0
D52: =D9 -> Arquiteto Sênior | E52: hora | F52: ='Insumos '!H11 -> 0 | G52: 2 | H52: =ROUND((F52*G52),2) -> 0
D53: =D42 -> Advogado Sênior | E53: hora | F53: ='Insumos '!H14 -> 0 | G53: 2 | H53: =ROUND((F53*G53),2) -> 0
D54: =D10 -> Arquiteto Pleno | E54: hora | F54: ='Insumos '!H12 -> 0 | G54: 3 | H54: =ROUND((F54*G54),2) -> 0
D55: =D16 -> Auxiliar de Serviços Gerais | E55: hora | F55: ='Insumos '!H15 -> 0 | G55: 2 | H55: =ROUND((F55*G55),2) -> 0
D56: =D49 -> Digitador | E56: hora | F56: ='Insumos '!H17 -> 0 | G56: 2 | H56: =ROUND((F56*G56),2) -> 0
C57: Produto 12: Estudo Técnico em Área de Risco | D57: ='Insumos '!B10 -> Coordenador Geral | E57: hora | F57: ='Insumos '!H10 -> 0 | G57: 1 | H57: =ROUND((F57*G57),2) -> 0 | I57: =SUM(H57:H61) -> 0 | J57: =I57 -> 0
D58: =D9 -> Arquiteto Sênior | E58: hora | F58: ='Insumos '!H11 -> 0 | G58: 2 | H58: =ROUND((F58*G58),2) -> 0
D59: =D10 -> Arquiteto Pleno | E59: hora | F59: ='Insumos '!H12 -> 0 | G59: 3 | H59: =ROUND((F59*G59),2) -> 0
D60: =D55 -> Auxiliar de Serviços Gerais | E60: hora | F60: ='Insumos '!H15 -> 0 | G60: 2 | H60: =ROUND((F60*G60),2) -> 0
D61: =D56 -> Digitador | E61: hora | F61: ='Insumos '!H17 -> 0 | G61: 3 | H61: =ROUND((F61*G61),2) -> 0
C62: Produto 13: Anteprojeto Urbanístico de Regularização Fundiária | D62: ='Insumos '!B10 -> Coordenador Geral | E62: hora | F62: ='Insumos '!H10 -> 0 | G62: 2 | H62: =ROUND((F62*G62),2) -> 0 | I62: =SUM(H62:H64) -> 0 | J62: =I62 -> 0
D63: =D9 -> Arquiteto Sênior | E63: hora | F63: ='Insumos '!H11 -> 0 | G63: 9 | H63: =ROUND((F63*G63),2) -> 0
D64: =D48 -> Desenhista Projetista | E64: hora | F64: ='Insumos '!H13 -> 0 | G64: 9 | H64: =ROUND((F64*G64),2) -> 0
C65: Produto 14: Projeto de Regularização Fundiária | D65: ='Insumos '!B10 -> Coordenador Geral | E65: hora | F65: ='Insumos '!H10 -> 0 | G65: 2 | H65: =ROUND((F65*G65),2) -> 0 | I65: =SUM(H65:H67) -> 0 | J65: =I65 -> 0
D66: =D9 -> Arquiteto Sênior | E66: hora | F66: ='Insumos '!H11 -> 0 | G66: 6 | H66: =ROUND((F66*G66),2) -> 0
D67: =D64 -> Desenhista Projetista | E67: hora | F67: ='Insumos '!H13 -> 0 | G67: 6 | H67: =ROUND((F67*G67),2) -> 0
C68: Produto 15: Memoriais Descritivos | D68: ='Insumos '!B10 -> Coordenador Geral | E68: hora | F68: ='Insumos '!H10 -> 0 | G68: 2 | H68: =ROUND((F68*G68),2) -> 0 | I68: =SUM(H68:H71) -> 0 | J68: =I68 -> 0
D69: =D9 -> Arquiteto Sênior | E69: hora | F69: ='Insumos '!H11 -> 0 | G69: 10 | H69: =ROUND((F69*G69),2) -> 0
D70: =D10 -> Arquiteto Pleno | E70: hora | F70: ='Insumos '!H12 -> 0 | G70: 24 | H70: =ROUND((F70*G70),2) -> 0
D71: =D61 -> Digitador | E71: hora | F71: ='Insumos '!H17 -> 0 | G71: 16 | H71: =ROUND((F71*G71),2) -> 0
C72: Produto 16: Lista Preliminar de Beneficiários | D72: ='Insumos '!B10 -> Coordenador Geral | E72: hora | F72: ='Insumos '!H10 -> 0 | G72: 2 | H72: =ROUND((F72*G72),2) -> 0 | I72: =SUM(H72:H76) -> 0 | J72: =I72 -> 0
D73: =D9 -> Arquiteto Sênior | E73: hora | F73: ='Insumos '!H11 -> 0 | G73: 10 | H73: =ROUND((F73*G73),2) -> 0
D74: =D53 -> Advogado Sênior | E74: hora | F74: ='Insumos '!H14 -> 0 | G74: 23 | H74: =ROUND((F74*G74),2) -> 0
D75: =D43 -> Assistente Social Pleno | E75: hora | F75: ='Insumos '!H16 -> 0 | G75: 23 | H75: =ROUND((F75*G75),2) -> 0
D76: =D71 -> Digitador | E76: hora | F76: ='Insumos '!H17 -> 0 | G76: 7 | H76: =ROUND((F76*G76),2) -> 0
C77: Produto 17: Lista Final de Beneficiários | D77: ='Insumos '!B10 -> Coordenador Geral | E77: hora | F77: ='Insumos '!H10 -> 0 | G77: 1 | H77: =ROUND((F77*G77),2) -> 0 | I77: =SUM(H77:H81) -> 0 | J77: =I77 -> 0
D78: =D9 -> Arquiteto Sênior | E78: hora | F78: ='Insumos '!H11 -> 0 | G78: 2 | H78: =ROUND((F78*G78),2) -> 0
D79: =D74 -> Advogado Sênior | E79: hora | F79: ='Insumos '!H14 -> 0 | G79: 4 | H79: =ROUND((F79*G79),2) -> 0
D80: =D75 -> Assistente Social Pleno | E80: hora | F80: ='Insumos '!H16 -> 0 | G80: 8 | H80: =ROUND((F80*G80),2) -> 0
D81: =D76 -> Digitador | E81: hora | F81: ='Insumos '!H17 -> 0 | G81: 8 | H81: =ROUND((F81*G81),2) -> 0
C82: Produto 18: Cronograma de Intervenções e Termos de Compromisso | D82: ='Insumos '!B10 -> Coordenador Geral | E82: hora | F82: ='Insumos '!H10 -> 0 | G82: 1 | H82: =ROUND((F82*G82),2) -> 0 | I82: =SUM(H82:H85) -> 0 | J82: =I82 -> 0
D83: =D9 -> Arquiteto Sênior | E83: hora | F83: ='Insumos '!H11 -> 0 | G83: 2 | H83: =ROUND((F83*G83),2) -> 0
D84: =D10 -> Arquiteto Pleno | E84: hora | F84: ='Insumos '!H12 -> 0 | G84: 5 | H84: =ROUND((F84*G84),2) -> 0
D85: =D81 -> Digitador | E85: hora | F85: ='Insumos '!H17 -> 0 | G85: 3 | H85: =ROUND((F85*G85),2) -> 0
C86: Subtotal Etapa II | I86: =SUM(I51:I85) -> 0
B87: ETAPA III: SUBSÍDIOS TÉCNICOS NECESSÁRIOS PARA O REGISTRO DA REGULARIZAÇÃO | C87: Produto 19: Dossiê de Documentos Necessários à Instrução do Pedido de Registro | D87: ='Insumos '!B10 -> Coordenador Geral | E87: hora | F87: ='Insumos '!H10 -> 0 | G87: 4 | H87: =ROUND((F87*G87),2) -> 0 | I87: =SUM(H87:H89) -> 0 | J87: =I87 -> 0
D88: =D9 -> Arquiteto Sênior | E88: hora | F88: ='Insumos '!H11 -> 0 | G88: 15 | H88: =ROUND((F88*G88),2) -> 0
D89: =D85 -> Digitador | E89: hora | F89: ='Insumos '!H17 -> 0 | G89: 15 | H89: =ROUND((F89*G89),2) -> 0
C90: Subtotal Etapa III | I90: =SUM(I87) -> 0
B91: ETAPA IV: SUBSÍDIOS COMPLEMENTARES À REGULARIZAÇÃO FUNDIÁRIA | C91: Produto 20: Laudo Geotécnico e/ou Hidrológico | D91: ='Insumos '!B10 -> Coordenador Geral | E91: hora | F91: ='Insumos '!H10 -> 0 | G91: 1 | H91: =ROUND((F91*G91),2) -> 0 | I91: =SUM(H91:H95) -> 0 | J91: =I91 -> 0
D92: =D9 -> Arquiteto Sênior | E92: hora | F92: ='Insumos '!H11 -> 0 | G92: 1 | H92: =ROUND((F92*G92),2) -> 0
D93: =D10 -> Arquiteto Pleno | E93: hora | F93: ='Insumos '!H12 -> 0 | G93: 2 | H93: =ROUND((F93*G93),2) -> 0
D94: =D60 -> Auxiliar de Serviços Gerais | E94: hora | F94: ='Insumos '!H15 -> 0 | G94: 1 | H94: =ROUND((F94*G94),2) -> 0
D95: =D89 -> Digitador | E95: hora | F95: ='Insumos '!H17 -> 0 | G95: 2 | H95: =ROUND((F95*G95),2) -> 0
C96: Produto 21: Relatório Consolidado para Obtenção das Licenças | D96: ='Insumos '!B10 -> Coordenador Geral | E96: hora | F96: ='Insumos '!H10 -> 0 | G96: 2 | H96: =ROUND((F96*G96),2) -> 0 | I96: =SUM(H96:H98) -> 0 | J96: =I96 -> 0
D97: =D9 -> Arquiteto Sênior | E97: hora | F97: ='Insumos '!H11 -> 0 | G97: 5 | H97: =ROUND((F97*G97),2) -> 0
D98: =D95 -> Digitador | E98: hora | F98: ='Insumos '!H17 -> 0 | G98: 5 | H98: =ROUND((F98*G98),2) -> 0
C99: Produto 22: Relatório Mensal de Atividades | D99: Coordenador Geral | E99: hora | F99: ='Insumos '!H10 -> 0 | G99: 9 | H99: =ROUND((F99*G99),2) -> 0 | I99: =SUM(H99:H104) -> 0
D100: Arquiteto Sênior | E100: hora | F100: ='Insumos '!H11 -> 0 | G100: 14 | H100: =ROUND((F100*G100),2) -> 0
...

Sheet ANTÔNIO VIANA DE FREITAS
B1: ANEXO VIII – Modelo de Planilha de Proposta
B2: EMPRESA:
B3: CNPJ:
B4: REGULARIZAÇÃO FUNDIÁRIA DE NÚCLEOS DIVERSOS (1.051 Matrículas)
B5: PLANILHA ORÇAMENTÁRIA POR NÚCLEOS
B6: ANTÔNIO VIANA DE FREITAS
B7: Etapa | C7: Produto | D7: Insumos | E7: Unid. | F7: Preço de Venda | G7: Quantidade | H7: Valor Parcial | I7: Subtotal por Produto
B8: ETAPA I: SUBSÍDIOS TÉCNICOS PARA A REGULARIZAÇÃO FUNDIÁRIA | C8: Produto 1: Relatório de Análise Técnica Preliminar de Núcleos Urbanos Informais | D8: ='Insumos '!B10 -> Coordenador Geral | E8: hora | F8: ='Insumos '!H10 -> 0 | G8: 8 | H8: =ROUND((F8*G8),2) -> 0 | I8: =SUM(H8:H11) -> 0 | J8: =I8 -> 0
D9: ='Insumos '!B11 -> Arquiteto Sênior | E9: hora | F9: ='Insumos '!H11 -> 0 | G9: 17 | H9: =ROUND((F9*G9),2) -> 0
D10: ='Insumos '!B12 -> Arquiteto Pleno | E10: hora | F10: ='Insumos '!H12 -> 0 | G10: 21 | H10: =ROUND((F10*G10),2) -> 0
D11: ='Insumos '!B17 -> Digitador | E11: hora | F11: ='Insumos '!H17 -> 0 | G11: 17 | H11: =ROUND((F11*G11),2) -> 0
C12: Produto 2: Vistoria, Busca Documental e Relatório Fotográfico | D12: ='Insumos '!B10 -> Coordenador Geral | E12: hora | F12: ='Insumos '!H10 -> 0 | G12: 2 | H12: =ROUND((F12*G12),2) -> 0 | I12: =SUM(H12:H16) -> 0 | J12: =I12 -> 0
D13: =D9 -> Arquiteto Sênior | E13: hora | F13: ='Insumos '!H11 -> 0 | G13: 3 | H13: =ROUND((F13*G13),2) -> 0
D14: ='Insumos '!B14 -> Advogado Sênior | E14: hora | F14: ='Insumos '!H14 -> 0 | G14: 5 | H14: =ROUND((F14*G14),2) -> 0
D15: =D10 -> Arquiteto Pleno | E15: hora | F15: ='Insumos '!H12 -> 0 | G15: 6 | H15: =ROUND((F15*G15),2) -> 0
D16: ='Insumos '!B15 -> Auxiliar de Serviços Gerais | E16: hora | F16: ='Insumos '!H15 -> 0 | G16: 6 | H16: =ROUND((F16*G16),2) -> 0
C17: Produto 3: Diagnóstico | D17: ='Insumos '!B10 -> Coordenador Geral | E17: hora | F17: ='Insumos '!H10 -> 0 | G17: 3 | H17: =ROUND((F17*G17),2) -> 0 | I17: =SUM(H17:H20) -> 0 | J17: =I17 -> 0
D18: =D9 -> Arquiteto Sênior | E18: hora | F18: ='Insumos '!H11 -> 0 | G18: 9 | H18: =ROUND((F18*G18),2) -> 0
D19: =D14 -> Advogado Sênior | E19: hora | F19: ='Insumos '!H14 -> 0 | G19: 16 | H19: =ROUND((F19*G19),2) -> 0
D20: =D11 -> Digitador | E20: hora | F20: ='Insumos '!H17 -> 0 | G20: 10 | H20: =ROUND((F20*G20),2) -> 0
C21: Produto 4: Relatório de Levantamentos Planialtimétricos e Cadastrais | D21: ='Insumos '!B20 -> Levantamento Planialtimétrico Cadastral | E21: m² | F21: ='Insumos '!H20 -> 0 | G21: 9082 | H21: =ROUND((F21*G21),2) -> 0 | I21: =SUM(H21) -> 0 | J21: =I21 -> 0
C22: Produto 5: Plano de Regularização | D22: ='Insumos '!B10 -> Coordenador Geral | E22: hora | F22: ='Insumos '!H10 -> 0 | G22: 2 | H22: =ROUND((F22*G22),2) -> 0 | I22: =SUM(H22:H25) -> 0 | J22: =I22 -> 0
D23: =D9 -> Arquiteto Sênior | E23: hora | F23: ='Insumos '!H11 -> 0 | G23: 10 | H23: =ROUND((F23*G23),2) -> 0
D24: =D14 -> Advogado Sênior | E24: hora | F24: ='Insumos '!H14 -> 0 | G24: 14 | H24: =ROUND((F24*G24),2) -> 0
D25: =D11 -> Digitador | E25: hora | F25: ='Insumos '!H17 -> 0 | G25: 10 | H25: =ROUND((F25*G25),2) -> 0
C26: Produto 6: Relatório Consolidado de Notificações | D26: ='Insumos '!B10 -> Coordenador Geral | E26: hora | F26: ='Insumos '!H10 -> 0 | G26: 1 | H26: =ROUND((F26*G26),2) -> 0 | I26: =SUM(H26:H30) -> 0 | J26: =I26 -> 0
D27: =D9 -> Arquiteto Sênior | E27: hora | F27: ='Insumos '!H11 -> 0 | G27: 3 | H27: =ROUND((F27*G27),2) -> 0
D28: =D24 -> Advogado Sênior | E28: hora | F28: ='Insumos '!H14 -> 0 | G28: 4 | H28: =ROUND((F28*G28),2) -> 0
D29: =D16 -> Auxiliar de Serviços Gerais | E29: hora | F29: ='Insumos '!H15 -> 0 | G29: 3 | H29: =ROUND((F29*G29),2) -> 0
D30: =D25 -> Digitador | E30: hora | F30: ='Insumos '!H17 -> 0 | G30: 5 | H30: =ROUND((F30*G30),2) -> 0
C31: Produto 7: Relatório de Registro de Reuniões de Entrada | D31: ='Insumos '!B10 -> Coordenador Geral | E31: hora | F31: ='Insumos '!H10 -> 0 | G31: 1 | H31: =ROUND((F31*G31),2) -> 0 | I31: =SUM(H31:H35) -> 0 | J31: =I31 -> 0
D32: =D9 -> Arquiteto Sênior | E32: hora | F32: ='Insumos '!H11 -> 0 | G32: 3 | H32: =ROUND((F32*G32),2) -> 0
D33: =D28 -> Advogado Sênior | E33: hora | F33: ='Insumos '!H14 -> 0 | G33: 8 | H33: =ROUND((F33*G33),2) -> 0
D34: ='Insumos '!B16 -> Assistente Social Pleno | E34: hora | F34: ='Insumos '!H16 -> 0 | G34: 15 | H34: =ROUND((F34*G34),2) -> 0
D35: =D30 -> Digitador | E35: hora | F35: ='Insumos '!H17 -> 0 | G35: 7 | H35: =ROUND((F35*G35),2) -> 0
C36: Produto 8: Planta de Selagem e Congelamento Georreferenciados | D36: ='Insumos '!B10 -> Coordenador Geral | E36: hora | F36: ='Insumos '!H10 -> 0 | G36: 4 | H36: =ROUND((F36*G36),2) -> 0 | I36: =SUM(H36:H39) -> 0 | J36: =I36 -> 0
D37: =D9 -> Arquiteto Sênior | E37: hora | F37: ='Insumos '!H11 -> 0 | G37: 13 | H37: =ROUND((F37*G37),2) -> 0
D38: ='Insumos '!B13 -> Desenhista Projetista | E38: hora | F38: ='Insumos '!H13 -> 0 | G38: 27 | H38: =ROUND((F38*G38),2) -> 0
D39: =D34 -> Assistente Social Pleno | E39: hora | F39: ='Insumos '!H16 -> 0 | G39: 53 | H39: =ROUND((F39*G39),2) -> 0
C40: Produto 9: Relatório de Cadastro de Beneficiários | D40: ='Insumos '!B10 -> Coordenador Geral | E40: hora | F40: ='Insumos '!H10 -> 0 | G40: 4 | H40: =ROUND((F40*G40),2) -> 0 | I40: =SUM(H40:H44) -> 0 | J40: =I40 -> 0
D41: =D9 -> Arquiteto Sênior | E41: hora | F41: ='Insumos '!H11 -> 0 | G41: 18 | H41: =ROUND((F41*G41),2) -> 0
D42: =D33 -> Advogado Sênior | E42: hora | F42: ='Insumos '!H14 -> 0 | G42: 32 | H42: =ROUND((F42*G42),2) -> 0
D43: =D39 -> Assistente Social Pleno | E43: hora | F43: ='Insumos '!H16 -> 0 | G43: 43 | H43: =ROUND((F43*G43),2) -> 0
D44: =D35 -> Digitador | E44: hora | F44: ='Insumos '!H17 -> 0 | G44: 53 | H44: =ROUND((F44*G44),2) -> 0
C45: Produto 10: Elaboração de Plantas e demais Instrumentais Técnicos | D45: ='Insumos '!B10 -> Coordenador Geral | E45: hora | F45: ='Insumos '!H10 -> 0 | G45: 4 | H45: =ROUND((F45*G45),2) -> 0 | I45: =SUM(H45:H49) -> 0 | J45: =I45 -> 0
D46: =D9 -> Arquiteto Sênior | E46: hora | F46: ='Insumos '!H11 -> 0 | G46: 16 | H46: =ROUND((F46*G46),2) -> 0
D47: =D10 -> Arquiteto Pleno | E47: hora | F47: ='Insumos '!H12 -> 0 | G47: 29 | H47: =ROUND((F47*G47),2) -> 0
D48: =D38 -> Desenhista Projetista | E48: hora | F48: ='Insumos '!H13 -> 0 | G48: 29 | H48: =ROUND((F48*G48),2) -> 0
D49: =D44 -> Digitador | E49: hora | F49: ='Insumos '!H17 -> 0 | G49: 16 | H49: =ROUND((F49*G49),2) -> 0
C50: Subtotal Etapa I | I50: =SUM(I8:I49) -> 0
B51: ETAPA II: SUBSÍDIOS TÉCNICOS DESTINADOS À APROVAÇÃO MUNICIPAL DA REGULARIZAÇÃO | C51: Produto 11: Estudo Técnico Ambiental | D51: ='Insumos '!B10 -> Coordenador Geral | E51: hora | F51: ='Insumos '!H10 -> 0 | G51: 1 | H51: =ROUND((F51*G51),2) -> 0 | I51: =SUM(H51:H56) -> 0 | J51: =I51 -> 0
D52: =D9 -> Arquiteto Sênior | E52: hora | F52: ='Insumos '!H11 -> 0 | G52: 5 | H52: =ROUND((F52*G52),2) -> 0
D53: =D42 -> Advogado Sênior | E53: hora | F53: ='Insumos '!H14 -> 0 | G53: 4 | H53: =ROUND((F53*G53),2) -> 0
D54: =D10 -> Arquiteto Pleno | E54: hora | F54: ='Insumos '!H12 -> 0 | G54: 8 | H54: =ROUND((F54*G54),2) -> 0
D55: =D16 -> Auxiliar de Serviços Gerais | E55: hora | F55: ='Insumos '!H15 -> 0 | G55: 5 | H55: =ROUND((F55*G55),2) -> 0
D56: =D49 -> Digitador | E56: hora | F56: ='Insumos '!H17 -> 0 | G56: 5 | H56: =ROUND((F56*G56),2) -> 0
C57: Produto 12: Estudo Técnico em Área de Risco | D57: ='Insumos '!B10 -> Coordenador Geral | E57: hora | F57: ='Insumos '!H10 -> 0 | G57: 1 | H57: =ROUND((F57*G57),2) -> 0 | I57: =SUM(H57:H61) -> 0 | J57: =I57 -> 0
D58: =D9 -> Arquiteto Sênior | E58: hora | F58: ='Insumos '!H11 -> 0 | G58: 5 | H58: =ROUND((F58*G58),2) -> 0
D59: =D10 -> Arquiteto Pleno | E59: hora | F59: ='Insumos '!H12 -> 0 | G59: 8 | H59: =ROUND((F59*G59),2) -> 0
D60: =D55 -> Auxiliar de Serviços Gerais | E60: hora | F60: ='Insumos '!H15 -> 0 | G60: 5 | H60: =ROUND((F60*G60),2) -> 0
D61: =D56 -> Digitador | E61: hora | F61: ='Insumos '!H17 -> 0 | G61: 7 | H61: =ROUND((F61*G61),2) -> 0
C62: Produto 13: Anteprojeto Urbanístico de Regularização Fundiária | D62: ='Insumos '!B10 -> Coordenador Geral | E62: hora | F62: ='Insumos '!H10 -> 0 | G62: 5 | H62: =ROUND((F62*G62),2) -> 0 | I62: =SUM(H62:H64) -> 0 | J62: =I62 -> 0
D63: =D9 -> Arquiteto Sênior | E63: hora | F63: ='Insumos '!H11 -> 0 | G63: 21 | H63: =ROUND((F63*G63),2) -> 0
D64: =D48 -> Desenhista Projetista | E64: hora | F64: ='Insumos '!H13 -> 0 | G64: 21 | H64: =ROUND((F64*G64),2) -> 0
C65: Produto 14: Projeto de Regularização Fundiária | D65: ='Insumos '!B10 -> Coordenador Geral | E65: hora | F65: ='Insumos '!H10 -> 0 | G65: 4 | H65: =ROUND((F65*G65),2) -> 0 | I65: =SUM(H65:H67) -> 0 | J65: =I65 -> 0
D66: =D9 -> Arquiteto Sênior | E66: hora | F66: ='Insumos '!H11 -> 0 | G66: 14 | H66: =ROUND((F66*G66),2) -> 0
D67: =D64 -> Desenhista Projetista | E67: hora | F67: ='Insumos '!H13 -> 0 | G67: 14 | H67: =ROUND((F67*G67),2) -> 0
C68: Produto 15: Memoriais Descritivos | D68: ='Insumos '!B10 -> Coordenador Geral | E68: hora | F68: ='Insumos '!H10 -> 0 | G68: 3 | H68: =ROUND((F68*G68),2) -> 0 | I68: =SUM(H68:H71) -> 0 | J68: =I68 -> 0
D69: =D9 -> Arquiteto Sênior | E69: hora | F69: ='Insumos '!H11 -> 0 | G69: 15 | H69: =ROUND((F69*G69),2) -> 0
D70: =D10 -> Arquiteto Pleno | E70: hora | F70: ='Insumos '!H12 -> 0 | G70: 33 | H70: =ROUND((F70*G70),2) -> 0
D71: =D61 -> Digitador | E71: hora | F71: ='Insumos '!H17 -> 0 | G71: 22 | H71: =ROUND((F71*G71),2) -> 0
C72: Produto 16: Lista Preliminar de Beneficiários | D72: ='Insumos '!B10 -> Coordenador Geral | E72: hora | F72: ='Insumos '!H10 -> 0 | G72: 3 | H72: =ROUND((F72*G72),2) -> 0 | I72: =SUM(H72:H76) -> 0 | J72: =I72 -> 0
D73: =D9 -> Arquiteto Sênior | E73: hora | F73: ='Insumos '!H11 -> 0 | G73: 13 | H73: =ROUND((F73*G73),2) -> 0
D74: =D53 -> Advogado Sênior | E74: hora | F74: ='Insumos '!H14 -> 0 | G74: 32 | H74: =ROUND((F74*G74),2) -> 0
D75: =D43 -> Assistente Social Pleno | E75: hora | F75: ='Insumos '!H16 -> 0 | G75: 32 | H75: =ROUND((F75*G75),2) -> 0
D76: =D71 -> Digitador | E76: hora | F76: ='Insumos '!H17 -> 0 | G76: 11 | H76: =ROUND((F76*G76),2) -> 0
C77: Produto 17: Lista Final de Beneficiários | D77: ='Insumos '!B10 -> Coordenador Geral | E77: hora | F77: ='Insumos '!H10 -> 0 | G77: 1 | H77: =ROUND((F77*G77),2) -> 0 | I77: =SUM(H77:H81) -> 0 | J77: =I77 -> 0
D78: =D9 -> Arquiteto Sênior | E78: hora | F78: ='Insumos '!H11 -> 0 | G78: 3 | H78: =ROUND((F78*G78),2) -> 0
D79: =D74 -> Advogado Sênior | E79: hora | F79: ='Insumos '!H14 -> 0 | G79: 5 | H79: =ROUND((F79*G79),2) -> 0
D80: =D75 -> Assistente Social Pleno | E80: hora | F80: ='Insumos '!H16 -> 0 | G80: 11 | H80: =ROUND((F80*G80),2) -> 0
D81: =D76 -> Digitador | E81: hora | F81: ='Insumos '!H17 -> 0 | G81: 11 | H81: =ROUND((F81*G81),2) -> 0
C82: Produto 18: Cronograma de Intervenções e Termos de Compromisso | D82: ='Insumos '!B10 -> Coordenador Geral | E82: hora | F82: ='Insumos '!H10 -> 0 | G82: 1 | H82: =ROUND((F82*G82),2) -> 0 | I82: =SUM(H82:H85) -> 0 | J82: =I82 -> 0
D83: =D9 -> Arquiteto Sênior | E83: hora | F83: ='Insumos '!H11 -> 0 | G83: 4 | H83: =ROUND((F83*G83),2) -> 0
D84: =D10 -> Arquiteto Pleno | E84: hora | F84: ='Insumos '!H12 -> 0 | G84: 12 | H84: =ROUND((F84*G84),2) -> 0
D85: =D81 -> Digitador | E85: hora | F85: ='Insumos '!H17 -> 0 | G85: 7 | H85: =ROUND((F85*G85),2) -> 0
C86: Subtotal Etapa II | I86: =SUM(I51:I85) -> 0
B87: ETAPA III: SUBSÍDIOS TÉCNICOS NECESSÁRIOS PARA O REGISTRO DA REGULARIZAÇÃO | C87: Produto 19: Dossiê de Documentos Necessários à Instrução do Pedido de Registro | D87: ='Insumos '!B10 -> Coordenador Geral | E87: hora | F87: ='Insumos '!H10 -> 0 | G87: 5 | H87: =ROUND((F87*G87),2) -> 0 | I87: =SUM(H87:H89) -> 0 | J87: =I87 -> 0
D88: =D9 -> Arquiteto Sênior | E88: hora | F88: ='Insumos '!H11 -> 0 | G88: 21 | H88: =ROUND((F88*G88),2) -> 0
D89: =D85 -> Digitador | E89: hora | F89: ='Insumos '!H17 -> 0 | G89: 21 | H89: =ROUND((F89*G89),2) -> 0
C90: Subtotal Etapa III | I90: =SUM(I87) -> 0
B91: ETAPA IV: SUBSÍDIOS COMPLEMENTARES À REGULARIZAÇÃO FUNDIÁRIA | C91: Produto 20: Laudo Geotécnico e/ou Hidrológico | D91: ='Insumos '!B10 -> Coordenador Geral | E91: hora | F91: ='Insumos '!H10 -> 0 | G91: 1 | H91: =ROUND((F91*G91),2) -> 0 | I91: =SUM(H91:H95) -> 0 | J91: =I91 -> 0
D92: =D9 -> Arquiteto Sênior | E92: hora | F92: ='Insumos '!H11 -> 0 | G92: 3 | H92: =ROUND((F92*G92),2) -> 0
D93: =D10 -> Arquiteto Pleno | E93: hora | F93: ='Insumos '!H12 -> 0 | G93: 4 | H93: =ROUND((F93*G93),2) -> 0
D94: =D60 -> Auxiliar de Serviços Gerais | E94: hora | F94: ='Insumos '!H15 -> 0 | G94: 3 | H94: =ROUND((F94*G94),2) -> 0
D95: =D89 -> Digitador | E95: hora | F95: ='Insumos '!H17 -> 0 | G95: 5 | H95: =ROUND((F95*G95),2) -> 0
C96: Produto 21: Relatório Consolidado para Obtenção das Licenças | D96: ='Insumos '!B10 -> Coordenador Geral | E96: hora | F96: ='Insumos '!H10 -> 0 | G96: 2 | H96: =ROUND((F96*G96),2) -> 0 | I96: =SUM(H96:H98) -> 0 | J96: =I96 -> 0
D97: =D9 -> Arquiteto Sênior | E97: hora | F97: ='Insumos '!H11 -> 0 | G97: 7 | H97: =ROUND((F97*G97),2) -> 0
D98: =D95 -> Digitador | E98: hora | F98: ='Insumos '!H17 -> 0 | G98: 6 | H98: =ROUND((F98*G98),2) -> 0
C99: Produto 22: Relatório Mensal de Atividades | D99: Coordenador Geral | E99: hora | F99: ='Insumos '!H10 -> 0 | G99: 13 | H99: =ROUND((F99*G99),2) -> 0 | I99: =SUM(H99:H104) -> 0
D100: Arquiteto Sênior | E100: hora | F100: ='Insumos '!H11 -> 0 | G100: 19 | H100: =ROUND((F100*G100),2) -> 0
...

Sheet AUGUSTO ÂNGELO CUSTODIO
B1: ANEXO VIII – Modelo de Planilha de Proposta
B2: EMPRESA:
B3: CNPJ:
B4: REGULARIZAÇÃO FUNDIÁRIA DE NÚCLEOS DIVERSOS (1.051 Matrículas)
B5: PLANILHA ORÇAMENTÁRIA POR NÚCLEOS
B6: AUGUSTO ÂNGELO CUSTODIO
B7: Etapa | C7: Produto | D7: Insumos | E7: Unid. | F7: Preço de Venda | G7: Quantidade | H7: Valor Parcial | I7: Subtotal por Produto
B8: ETAPA I: SUBSÍDIOS TÉCNICOS PARA A REGULARIZAÇÃO FUNDIÁRIA | C8: Produto 1: Relatório de Análise Técnica Preliminar de Núcleos Urbanos Informais | D8: ='Insumos '!B10 -> Coordenador Geral | E8: hora | F8: ='Insumos '!H10 -> 0 | G8: 8 | H8: =ROUND((F8*G8),2) -> 0 | I8: =SUM(H8:H11) -> 0 | J8: =I8 -> 0
D9: ='Insumos '!B11 -> Arquiteto Sênior | E9: hora | F9: ='Insumos '!H11 -> 0 | G9: 16 | H9: =ROUND((F9*G9),2) -> 0
D10: ='Insumos '!B12 -> Arquiteto Pleno | E10: hora | F10: ='Insumos '!H12 -> 0 | G10: 20 | H10: =ROUND((F10*G10),2) -> 0
D11: ='Insumos '!B17 -> Digitador | E11: hora | F11: ='Insumos '!H17 -> 0 | G11: 16 | H11: =ROUND((F11*G11),2) -> 0
C12: Produto 2: Vistoria, Busca Documental e Relatório Fotográfico | D12: ='Insumos '!B10 -> Coordenador Geral | E12: hora | F12: ='Insumos '!H10 -> 0 | G12: 1 | H12: =ROUND((F12*G12),2) -> 0 | I12: =SUM(H12:H16) -> 0 | J12: =I12 -> 0
D13: =D9 -> Arquiteto Sênior | E13: hora | F13: ='Insumos '!H11 -> 0 | G13: 2 | H13: =ROUND((F13*G13),2) -> 0
D14: ='Insumos '!B14 -> Advogado Sênior | E14: hora | F14: ='Insumos '!H14 -> 0 | G14: 4 | H14: =ROUND((F14*G14),2) -> 0
D15: =D10 -> Arquiteto Pleno | E15: hora | F15: ='Insumos '!H12 -> 0 | G15: 5 | H15: =ROUND((F15*G15),2) -> 0
D16: ='Insumos '!B15 -> Auxiliar de Serviços Gerais | E16: hora | F16: ='Insumos '!H15 -> 0 | G16: 5 | H16: =ROUND((F16*G16),2) -> 0
C17: Produto 3: Diagnóstico | D17: ='Insumos '!B10 -> Coordenador Geral | E17: hora | F17: ='Insumos '!H10 -> 0 | G17: 3 | H17: =ROUND((F17*G17),2) -> 0 | I17: =SUM(H17:H20) -> 0 | J17: =I17 -> 0
D18: =D9 -> Arquiteto Sênior | E18: hora | F18: ='Insumos '!H11 -> 0 | G18: 8 | H18: =ROUND((F18*G18),2) -> 0
D19: =D14 -> Advogado Sênior | E19: hora | F19: ='Insumos '!H14 -> 0 | G19: 15 | H19: =ROUND((F19*G19),2) -> 0
D20: =D11 -> Digitador | E20: hora | F20: ='Insumos '!H17 -> 0 | G20: 10 | H20: =ROUND((F20*G20),2) -> 0
C21: Produto 4: Relatório de Levantamentos Planialtimétricos e Cadastrais | D21: ='Insumos '!B20 -> Levantamento Planialtimétrico Cadastral | E21: m² | F21: ='Insumos '!H20 -> 0 | G21: 8583 | H21: =ROUND((F21*G21),2) -> 0 | I21: =SUM(H21) -> 0 | J21: =I21 -> 0
C22: Produto 5: Plano de Regularização | D22: ='Insumos '!B10 -> Coordenador Geral | E22: hora | F22: ='Insumos '!H10 -> 0 | G22: 2 | H22: =ROUND((F22*G22),2) -> 0 | I22: =SUM(H22:H25) -> 0 | J22: =I22 -> 0
D23: =D9 -> Arquiteto Sênior | E23: hora | F23: ='Insumos '!H11 -> 0 | G23: 10 | H23: =ROUND((F23*G23),2) -> 0
D24: =D14 -> Advogado Sênior | E24: hora | F24: ='Insumos '!H14 -> 0 | G24: 13 | H24: =ROUND((F24*G24),2) -> 0
D25: =D11 -> Digitador | E25: hora | F25: ='Insumos '!H17 -> 0 | G25: 10 | H25: =ROUND((F25*G25),2) -> 0
C26: Produto 6: Relatório Consolidado de Notificações | D26: ='Insumos '!B10 -> Coordenador Geral | E26: hora | F26: ='Insumos '!H10 -> 0 | G26: 1 | H26: =ROUND((F26*G26),2) -> 0 | I26: =SUM(H26:H30) -> 0 | J26: =I26 -> 0
D27: =D9 -> Arquiteto Sênior | E27: hora | F27: ='Insumos '!H11 -> 0 | G27: 2 | H27: =ROUND((F27*G27),2) -> 0
D28: =D24 -> Advogado Sênior | E28: hora | F28: ='Insumos '!H14 -> 0 | G28: 4 | H28: =ROUND((F28*G28),2) -> 0
D29: =D16 -> Auxiliar de Serviços Gerais | E29: hora | F29: ='Insumos '!H15 -> 0 | G29: 3 | H29: =ROUND((F29*G29),2) -> 0
D30: =D25 -> Digitador | E30: hora | F30: ='Insumos '!H17 -> 0 | G30: 5 | H30: =ROUND((F30*G30),2) -> 0
C31: Produto 7: Relatório de Registro de Reuniões de Entrada | D31: ='Insumos '!B10 -> Coordenador Geral | E31: hora | F31: ='Insumos '!H10 -> 0 | G31: 1 | H31: =ROUND((F31*G31),2) -> 0 | I31: =SUM(H31:H35) -> 0 | J31: =I31 -> 0
D32: =D9 -> Arquiteto Sênior | E32: hora | F32: ='Insumos '!H11 -> 0 | G32: 3 | H32: =ROUND((F32*G32),2) -> 0
D33: =D28 -> Advogado Sênior | E33: hora | F33: ='Insumos '!H14 -> 0 | G33: 8 | H33: =ROUND((F33*G33),2) -> 0
D34: ='Insumos '!B16 -> Assistente Social Pleno | E34: hora | F34: ='Insumos '!H16 -> 0 | G34: 14 | H34: =ROUND((F34*G34),2) -> 0
D35: =D30 -> Digitador | E35: hora | F35: ='Insumos '!H17 -> 0 | G35: 6 | H35: =ROUND((F35*G35),2) -> 0
C36: Produto 8: Planta de Selagem e Congelamento Georreferenciados | D36: ='Insumos '!B10 -> Coordenador Geral | E36: hora | F36: ='Insumos '!H10 -> 0 | G36: 4 | H36: =ROUND((F36*G36),2) -> 0 | I36: =SUM(H36:H39) -> 0 | J36: =I36 -> 0
D37: =D9 -> Arquiteto Sênior | E37: hora | F37: ='Insumos '!H11 -> 0 | G37: 13 | H37: =ROUND((F37*G37),2) -> 0
D38: ='Insumos '!B13 -> Desenhista Projetista | E38: hora | F38: ='Insumos '!H13 -> 0 | G38: 25 | H38: =ROUND((F38*G38),2) -> 0
D39: =D34 -> Assistente Social Pleno | E39: hora | F39: ='Insumos '!H16 -> 0 | G39: 50 | H39: =ROUND((F39*G39),2) -> 0
C40: Produto 9: Relatório de Cadastro de Beneficiários | D40: ='Insumos '!B10 -> Coordenador Geral | E40: hora | F40: ='Insumos '!H10 -> 0 | G40: 4 | H40: =ROUND((F40*G40),2) -> 0 | I40: =SUM(H40:H44) -> 0 | J40: =I40 -> 0
D41: =D9 -> Arquiteto Sênior | E41: hora | F41: ='Insumos '!H11 -> 0 | G41: 16 | H41: =ROUND((F41*G41),2) -> 0
D42: =D33 -> Advogado Sênior | E42: hora | F42: ='Insumos '!H14 -> 0 | G42: 30 | H42: =ROUND((F42*G42),2) -> 0
D43: =D39 -> Assistente Social Pleno | E43: hora | F43: ='Insumos '!H16 -> 0 | G43: 40 | H43: =ROUND((F43*G43),2) -> 0
D44: =D35 -> Digitador | E44: hora | F44: ='Insumos '!H17 -> 0 | G44: 50 | H44: =ROUND((F44*G44),2) -> 0
C45: Produto 10: Elaboração de Plantas e demais Instrumentais Técnicos | D45: ='Insumos '!B10 -> Coordenador Geral | E45: hora | F45: ='Insumos '!H10 -> 0 | G45: 3 | H45: =ROUND((F45*G45),2) -> 0 | I45: =SUM(H45:H49) -> 0 | J45: =I45 -> 0
D46: =D9 -> Arquiteto Sênior | E46: hora | F46: ='Insumos '!H11 -> 0 | G46: 15 | H46: =ROUND((F46*G46),2) -> 0
D47: =D10 -> Arquiteto Pleno | E47: hora | F47: ='Insumos '!H12 -> 0 | G47: 27 | H47: =ROUND((F47*G47),2) -> 0
D48: =D38 -> Desenhista Projetista | E48: hora | F48: ='Insumos '!H13 -> 0 | G48: 27 | H48: =ROUND((F48*G48),2) -> 0
D49: =D44 -> Digitador | E49: hora | F49: ='Insumos '!H17 -> 0 | G49: 15 | H49: =ROUND((F49*G49),2) -> 0
C50: Subtotal Etapa I | I50: =SUM(I8:I49) -> 0
B51: ETAPA II: SUBSÍDIOS TÉCNICOS DESTINADOS À APROVAÇÃO MUNICIPAL DA REGULARIZAÇÃO | C51: Produto 11: Estudo Técnico Ambiental | D51: ='Insumos '!B10 -> Coordenador Geral | E51: hora | F51: ='Insumos '!H10 -> 0 | G51: 1 | H51: =ROUND((F51*G51),2) -> 0 | I51: =SUM(H51:H56) -> 0 | J51: =I51 -> 0
D52: =D9 -> Arquiteto Sênior | E52: hora | F52: ='Insumos '!H11 -> 0 | G52: 5 | H52: =ROUND((F52*G52),2) -> 0
D53: =D42 -> Advogado Sênior | E53: hora | F53: ='Insumos '!H14 -> 0 | G53: 3 | H53: =ROUND((F53*G53),2) -> 0
D54: =D10 -> Arquiteto Pleno | E54: hora | F54: ='Insumos '!H12 -> 0 | G54: 7 | H54: =ROUND((F54*G54),2) -> 0
D55: =D16 -> Auxiliar de Serviços Gerais | E55: hora | F55: ='Insumos '!H15 -> 0 | G55: 5 | H55: =ROUND((F55*G55),2) -> 0
D56: =D49 -> Digitador | E56: hora | F56: ='Insumos '!H17 -> 0 | G56: 5 | H56: =ROUND((F56*G56),2) -> 0
C57: Produto 12: Estudo Técnico em Área de Risco | D57: ='Insumos '!B10 -> Coordenador Geral | E57: hora | F57: ='Insumos '!H10 -> 0 | G57: 1 | H57: =ROUND((F57*G57),2) -> 0 | I57: =SUM(H57:H61) -> 0 | J57: =I57 -> 0
D58: =D9 -> Arquiteto Sênior | E58: hora | F58: ='Insumos '!H11 -> 0 | G58: 5 | H58: =ROUND((F58*G58),2) -> 0
D59: =D10 -> Arquiteto Pleno | E59: hora | F59: ='Insumos '!H12 -> 0 | G59: 7 | H59: =ROUND((F59*G59),2) -> 0
D60: =D55 -> Auxiliar de Serviços Gerais | E60: hora | F60: ='Insumos '!H15 -> 0 | G60: 5 | H60: =ROUND((F60*G60),2) -> 0
D61: =D56 -> Digitador | E61: hora | F61: ='Insumos '!H17 -> 0 | G61: 6 | H61: =ROUND((F61*G61),2) -> 0
C62: Produto 13: Anteprojeto Urbanístico de Regularização Fundiária | D62: ='Insumos '!B10 -> Coordenador Geral | E62: hora | F62: ='Insumos '!H10 -> 0 | G62: 5 | H62: =ROUND((F62*G62),2) -> 0 | I62: =SUM(H62:H64) -> 0 | J62: =I62 -> 0
D63: =D9 -> Arquiteto Sênior | E63: hora | F63: ='Insumos '!H11 -> 0 | G63: 20 | H63: =ROUND((F63*G63),2) -> 0
D64: =D48 -> Desenhista Projetista | E64: hora | F64: ='Insumos '!H13 -> 0 | G64: 20 | H64: =ROUND((F64*G64),2) -> 0
C65: Produto 14: Projeto de Regularização Fundiária | D65: ='Insumos '!B10 -> Coordenador Geral | E65: hora | F65: ='Insumos '!H10 -> 0 | G65: 3 | H65: =ROUND((F65*G65),2) -> 0 | I65: =SUM(H65:H67) -> 0 | J65: =I65 -> 0
D66: =D9 -> Arquiteto Sênior | E66: hora | F66: ='Insumos '!H11 -> 0 | G66: 12 | H66: =ROUND((F66*G66),2) -> 0
D67: =D64 -> Desenhista Projetista | E67: hora | F67: ='Insumos '!H13 -> 0 | G67: 13 | H67: =ROUND((F67*G67),2) -> 0
C68: Produto 15: Memoriais Descritivos | D68: ='Insumos '!B10 -> Coordenador Geral | E68: hora | F68: ='Insumos '!H10 -> 0 | G68: 3 | H68: =ROUND((F68*G68),2) -> 0 | I68: =SUM(H68:H71) -> 0 | J68: =I68 -> 0
D69: =D9 -> Arquiteto Sênior | E69: hora | F69: ='Insumos '!H11 -> 0 | G69: 14 | H69: =ROUND((F69*G69),2) -> 0
D70: =D10 -> Arquiteto Pleno | E70: hora | F70: ='Insumos '!H12 -> 0 | G70: 32 | H70: =ROUND((F70*G70),2) -> 0
D71: =D61 -> Digitador | E71: hora | F71: ='Insumos '!H17 -> 0 | G71: 20 | H71: =ROUND((F71*G71),2) -> 0
C72: Produto 16: Lista Preliminar de Beneficiários | D72: ='Insumos '!B10 -> Coordenador Geral | E72: hora | F72: ='Insumos '!H10 -> 0 | G72: 3 | H72: =ROUND((F72*G72),2) -> 0 | I72: =SUM(H72:H76) -> 0 | J72: =I72 -> 0
D73: =D9 -> Arquiteto Sênior | E73: hora | F73: ='Insumos '!H11 -> 0 | G73: 13 | H73: =ROUND((F73*G73),2) -> 0
D74: =D53 -> Advogado Sênior | E74: hora | F74: ='Insumos '!H14 -> 0 | G74: 30 | H74: =ROUND((F74*G74),2) -> 0
D75: =D43 -> Assistente Social Pleno | E75: hora | F75: ='Insumos '!H16 -> 0 | G75: 30 | H75: =ROUND((F75*G75),2) -> 0
D76: =D71 -> Digitador | E76: hora | F76: ='Insumos '!H17 -> 0 | G76: 10 | H76: =ROUND((F76*G76),2) -> 0
C77: Produto 17: Lista Final de Beneficiários | D77: ='Insumos '!B10 -> Coordenador Geral | E77: hora | F77: ='Insumos '!H10 -> 0 | G77: 1 | H77: =ROUND((F77*G77),2) -> 0 | I77: =SUM(H77:H81) -> 0 | J77: =I77 -> 0
D78: =D9 -> Arquiteto Sênior | E78: hora | F78: ='Insumos '!H11 -> 0 | G78: 3 | H78: =ROUND((F78*G78),2) -> 0
D79: =D74 -> Advogado Sênior | E79: hora | F79: ='Insumos '!H14 -> 0 | G79: 5 | H79: =ROUND((F79*G79),2) -> 0
D80: =D75 -> Assistente Social Pleno | E80: hora | F80: ='Insumos '!H16 -> 0 | G80: 10 | H80: =ROUND((F80*G80),2) -> 0
D81: =D76 -> Digitador | E81: hora | F81: ='Insumos '!H17 -> 0 | G81: 10 | H81: =ROUND((F81*G81),2) -> 0
C82: Produto 18: Cronograma de Intervenções e Termos de Compromisso | D82: ='Insumos '!B10 -> Coordenador Geral | E82: hora | F82: ='Insumos '!H10 -> 0 | G82: 1 | H82: =ROUND((F82*G82),2) -> 0 | I82: =SUM(H82:H85) -> 0 | J82: =I82 -> 0
D83: =D9 -> Arquiteto Sênior | E83: hora | F83: ='Insumos '!H11 -> 0 | G83: 4 | H83: =ROUND((F83*G83),2) -> 0
D84: =D10 -> Arquiteto Pleno | E84: hora | F84: ='Insumos '!H12 -> 0 | G84: 11 | H84: =ROUND((F84*G84),2) -> 0
D85: =D81 -> Digitador | E85: hora | F85: ='Insumos '!H17 -> 0 | G85: 7 | H85: =ROUND((F85*G85),2) -> 0
C86: Subtotal Etapa II | I86: =SUM(I51:I85) -> 0
B87: ETAPA III: SUBSÍDIOS TÉCNICOS NECESSÁRIOS PARA O REGISTRO DA REGULARIZAÇÃO | C87: Produto 19: Dossiê de Documentos Necessários à Instrução do Pedido de Registro | D87: ='Insumos '!B10 -> Coordenador Geral | E87: hora | F87: ='Insumos '!H10 -> 0 | G87: 5 | H87: =ROUND((F87*G87),2) -> 0 | I87: =SUM(H87:H89) -> 0 | J87: =I87 -> 0
D88: =D9 -> Arquiteto Sênior | E88: hora | F88: ='Insumos '!H11 -> 0 | G88: 20 | H88: =ROUND((F88*G88),2) -> 0
D89: =D85 -> Digitador | E89: hora | F89: ='Insumos '!H17 -> 0 | G89: 20 | H89: =ROUND((F89*G89),2) -> 0
C90: Subtotal Etapa III | I90: =SUM(I87) -> 0
B91: ETAPA IV: SUBSÍDIOS COMPLEMENTARES À REGULARIZAÇÃO FUNDIÁRIA | C91: Produto 20: Laudo Geotécnico e/ou Hidrológico | D91: ='Insumos '!B10 -> Coordenador Geral | E91: hora | F91: ='Insumos '!H10 -> 0 | G91: 1 | H91: =ROUND((F91*G91),2) -> 0 | I91: =SUM(H91:H95) -> 0 | J91: =I91 -> 0
D92: =D9 -> Arquiteto Sênior | E92: hora | F92: ='Insumos '!H11 -> 0 | G92: 4 | H92: =ROUND((F92*G92),2) -> 0
D93: =D10 -> Arquiteto Pleno | E93: hora | F93: ='Insumos '!H12 -> 0 | G93: 3 | H93: =ROUND((F93*G93),2) -> 0
D94: =D60 -> Auxiliar de Serviços Gerais | E94: hora | F94: ='Insumos '!H15 -> 0 | G94: 3 | H94: =ROUND((F94*G94),2) -> 0
D95: =D89 -> Digitador | E95: hora | F95: ='Insumos '!H17 -> 0 | G95: 5 | H95: =ROUND((F95*G95),2) -> 0
C96: Produto 21: Relatório Consolidado para Obtenção das Licenças | D96: ='Insumos '!B10 -> Coordenador Geral | E96: hora | F96: ='Insumos '!H10 -> 0 | G96: 2 | H96: =ROUND((F96*G96),2) -> 0 | I96: =SUM(H96:H98) -> 0 | J96: =I96 -> 0
D97: =D9 -> Arquiteto Sênior | E97: hora | F97: ='Insumos '!H11 -> 0 | G97: 7 | H97: =ROUND((F97*G97),2) -> 0
D98: =D95 -> Digitador | E98: hora | F98: ='Insumos '!H17 -> 0 | G98: 6 | H98: =ROUND((F98*G98),2) -> 0
C99: Produto 22: Relatório Mensal de Atividades | D99: Coordenador Geral | E99: hora | F99: ='Insumos '!H10 -> 0 | G99: 12 | H99: =ROUND((F99*G99),2) -> 0 | I99: =SUM(H99:H104) -> 0
D100: Arquiteto Sênior | E100: hora | F100: ='Insumos '!H11 -> 0 | G100: 18 | H100: =ROUND((F100*G100),2) -> 0
...

Sheet AUGUSTO SCHIKANOWSKI FILHO
B1: ANEXO VIII – Modelo de Planilha de Proposta
B2: EMPRESA:
B3: CNPJ:
B4: REGULARIZAÇÃO FUNDIÁRIA DE NÚCLEOS DIVERSOS (1.051 Matrículas)
B5: PLANILHA ORÇAMENTÁRIA POR NÚCLEOS
B6: AUGUSTO SCHIKANOWSKI FILHO
B7: Etapa | C7: Produto | D7: Insumos | E7: Unid. | F7: Preço de Venda | G7: Quantidade | H7: Valor Parcial | I7: Subtotal por Produto
B8: ETAPA I: SUBSÍDIOS TÉCNICOS PARA A REGULARIZAÇÃO FUNDIÁRIA | C8: Produto 1: Relatório de Análise Técnica Preliminar de Núcleos Urbanos Informais | D8: ='Insumos '!B10 -> Coordenador Geral | E8: hora | F8: ='Insumos '!H10 -> 0 | G8: 11 | H8: =ROUND((F8*G8),2) -> 0 | I8: =SUM(H8:H11) -> 0 | J8: =I8 -> 0
D9: ='Insumos '!B11 -> Arquiteto Sênior | E9: hora | F9: ='Insumos '!H11 -> 0 | G9: 23 | H9: =ROUND((F9*G9),2) -> 0
D10: ='Insumos '!B12 -> Arquiteto Pleno | E10: hora | F10: ='Insumos '!H12 -> 0 | G10: 29 | H10: =ROUND((F10*G10),2) -> 0
D11: ='Insumos '!B17 -> Digitador | E11: hora | F11: ='Insumos '!H17 -> 0 | G11: 23 | H11: =ROUND((F11*G11),2) -> 0
C12: Produto 2: Vistoria, Busca Documental e Relatório Fotográfico | D12: ='Insumos '!B10 -> Coordenador Geral | E12: hora | F12: ='Insumos '!H10 -> 0 | G12: 2 | H12: =ROUND((F12*G12),2) -> 0 | I12: =SUM(H12:H16) -> 0 | J12: =I12 -> 0
D13: =D9 -> Arquiteto Sênior | E13: hora | F13: ='Insumos '!H11 -> 0 | G13: 4 | H13: =ROUND((F13*G13),2) -> 0
D14: ='Insumos '!B14 -> Advogado Sênior | E14: hora | F14: ='Insumos '!H14 -> 0 | G14: 7 | H14: =ROUND((F14*G14),2) -> 0
D15: =D10 -> Arquiteto Pleno | E15: hora | F15: ='Insumos '!H12 -> 0 | G15: 8 | H15: =ROUND((F15*G15),2) -> 0
D16: ='Insumos '!B15 -> Auxiliar de Serviços Gerais | E16: hora | F16: ='Insumos '!H15 -> 0 | G16: 8 | H16: =ROUND((F16*G16),2) -> 0
C17: Produto 3: Diagnóstico | D17: ='Insumos '!B10 -> Coordenador Geral | E17: hora | F17: ='Insumos '!H10 -> 0 | G17: 4 | H17: =ROUND((F17*G17),2) -> 0 | I17: =SUM(H17:H20) -> 0 | J17: =I17 -> 0
D18: =D9 -> Arquiteto Sênior | E18: hora | F18: ='Insumos '!H11 -> 0 | G18: 12 | H18: =ROUND((F18*G18),2) -> 0
D19: =D14 -> Advogado Sênior | E19: hora | F19: ='Insumos '!H14 -> 0 | G19: 22 | H19: =ROUND((F19*G19),2) -> 0
D20: =D11 -> Digitador | E20: hora | F20: ='Insumos '!H17 -> 0 | G20: 15 | H20: =ROUND((F20*G20),2) -> 0
C21: Produto 4: Relatório de Levantamentos Planialtimétricos e Cadastrais | D21: ='Insumos '!B20 -> Levantamento Planialtimétrico Cadastral | E21: m² | F21: ='Insumos '!H20 -> 0 | G21: 12729 | H21: =ROUND((F21*G21),2) -> 0 | I21: =SUM(H21) -> 0 | J21: =I21 -> 0
C22: Produto 5: Plano de Regularização | D22: ='Insumos '!B10 -> Coordenador Geral | E22: hora | F22: ='Insumos '!H10 -> 0 | G22: 3 | H22: =ROUND((F22*G22),2) -> 0 | I22: =SUM(H22:H25) -> 0 | J22: =I22 -> 0
D23: =D9 -> Arquiteto Sênior | E23: hora | F23: ='Insumos '!H11 -> 0 | G23: 15 | H23: =ROUND((F23*G23),2) -> 0
D24: =D14 -> Advogado Sênior | E24: hora | F24: ='Insumos '!H14 -> 0 | G24: 20 | H24: =ROUND((F24*G24),2) -> 0
D25: =D11 -> Digitador | E25: hora | F25: ='Insumos '!H17 -> 0 | G25: 15 | H25: =ROUND((F25*G25),2) -> 0
C26: Produto 6: Relatório Consolidado de Notificações | D26: ='Insumos '!B10 -> Coordenador Geral | E26: hora | F26: ='Insumos '!H10 -> 0 | G26: 1 | H26: =ROUND((F26*G26),2) -> 0 | I26: =SUM(H26:H30) -> 0 | J26: =I26 -> 0
D27: =D9 -> Arquiteto Sênior | E27: hora | F27: ='Insumos '!H11 -> 0 | G27: 4 | H27: =ROUND((F27*G27),2) -> 0
D28: =D24 -> Advogado Sênior | E28: hora | F28: ='Insumos '!H14 -> 0 | G28: 6 | H28: =ROUND((F28*G28),2) -> 0
D29: =D16 -> Auxiliar de Serviços Gerais | E29: hora | F29: ='Insumos '!H15 -> 0 | G29: 4 | H29: =ROUND((F29*G29),2) -> 0
D30: =D25 -> Digitador | E30: hora | F30: ='Insumos '!H17 -> 0 | G30: 8 | H30: =ROUND((F30*G30),2) -> 0
C31: Produto 7: Relatório de Registro de Reuniões de Entrada | D31: ='Insumos '!B10 -> Coordenador Geral | E31: hora | F31: ='Insumos '!H10 -> 0 | G31: 1 | H31: =ROUND((F31*G31),2) -> 0 | I31: =SUM(H31:H35) -> 0 | J31: =I31 -> 0
D32: =D9 -> Arquiteto Sênior | E32: hora | F32: ='Insumos '!H11 -> 0 | G32: 2 | H32: =ROUND((F32*G32),2) -> 0
D33: =D28 -> Advogado Sênior | E33: hora | F33: ='Insumos '!H14 -> 0 | G33: 6 | H33: =ROUND((F33*G33),2) -> 0
D34: ='Insumos '!B16 -> Assistente Social Pleno | E34: hora | F34: ='Insumos '!H16 -> 0 | G34: 11 | H34: =ROUND((F34*G34),2) -> 0
D35: =D30 -> Digitador | E35: hora | F35: ='Insumos '!H17 -> 0 | G35: 5 | H35: =ROUND((F35*G35),2) -> 0
C36: Produto 8: Planta de Selagem e Congelamento Georreferenciados | D36: ='Insumos '!B10 -> Coordenador Geral | E36: hora | F36: ='Insumos '!H10 -> 0 | G36: 3 | H36: =ROUND((F36*G36),2) -> 0 | I36: =SUM(H36:H39) -> 0 | J36: =I36 -> 0
D37: =D9 -> Arquiteto Sênior | E37: hora | F37: ='Insumos '!H11 -> 0 | G37: 10 | H37: =ROUND((F37*G37),2) -> 0
D38: ='Insumos '!B13 -> Desenhista Projetista | E38: hora | F38: ='Insumos '!H13 -> 0 | G38: 20 | H38: =ROUND((F38*G38),2) -> 0
D39: =D34 -> Assistente Social Pleno | E39: hora | F39: ='Insumos '!H16 -> 0 | G39: 40 | H39: =ROUND((F39*G39),2) -> 0
C40: Produto 9: Relatório de Cadastro de Beneficiários | D40: ='Insumos '!B10 -> Coordenador Geral | E40: hora | F40: ='Insumos '!H10 -> 0 | G40: 3 | H40: =ROUND((F40*G40),2) -> 0 | I40: =SUM(H40:H44) -> 0 | J40: =I40 -> 0
D41: =D9 -> Arquiteto Sênior | E41: hora | F41: ='Insumos '!H11 -> 0 | G41: 13 | H41: =ROUND((F41*G41),2) -> 0
D42: =D33 -> Advogado Sênior | E42: hora | F42: ='Insumos '!H14 -> 0 | G42: 24 | H42: =ROUND((F42*G42),2) -> 0
D43: =D39 -> Assistente Social Pleno | E43: hora | F43: ='Insumos '!H16 -> 0 | G43: 32 | H43: =ROUND((F43*G43),2) -> 0
D44: =D35 -> Digitador | E44: hora | F44: ='Insumos '!H17 -> 0 | G44: 40 | H44: =ROUND((F44*G44),2) -> 0
C45: Produto 10: Elaboração de Plantas e demais Instrumentais Técnicos | D45: ='Insumos '!B10 -> Coordenador Geral | E45: hora | F45: ='Insumos '!H10 -> 0 | G45: 5 | H45: =ROUND((F45*G45),2) -> 0 | I45: =SUM(H45:H49) -> 0 | J45: =I45 -> 0
D46: =D9 -> Arquiteto Sênior | E46: hora | F46: ='Insumos '!H11 -> 0 | G46: 22 | H46: =ROUND((F46*G46),2) -> 0
D47: =D10 -> Arquiteto Pleno | E47: hora | F47: ='Insumos '!H12 -> 0 | G47: 40 | H47: =ROUND((F47*G47),2) -> 0
D48: =D38 -> Desenhista Projetista | E48: hora | F48: ='Insumos '!H13 -> 0 | G48: 40 | H48: =ROUND((F48*G48),2) -> 0
D49: =D44 -> Digitador | E49: hora | F49: ='Insumos '!H17 -> 0 | G49: 22 | H49: =ROUND((F49*G49),2) -> 0
C50: Subtotal Etapa I | I50: =SUM(I8:I49) -> 0
B51: ETAPA II: SUBSÍDIOS TÉCNICOS DESTINADOS À APROVAÇÃO MUNICIPAL DA REGULARIZAÇÃO | C51: Produto 11: Estudo Técnico Ambiental | D51: ='Insumos '!B10 -> Coordenador Geral | E51: hora | F51: ='Insumos '!H10 -> 0 | G51: 2 | H51: =ROUND((F51*G51),2) -> 0 | I51: =SUM(H51:H56) -> 0 | J51: =I51 -> 0
D52: =D9 -> Arquiteto Sênior | E52: hora | F52: ='Insumos '!H11 -> 0 | G52: 7 | H52: =ROUND((F52*G52),2) -> 0
D53: =D42 -> Advogado Sênior | E53: hora | F53: ='Insumos '!H14 -> 0 | G53: 5 | H53: =ROUND((F53*G53),2) -> 0
D54: =D10 -> Arquiteto Pleno | E54: hora | F54: ='Insumos '!H12 -> 0 | G54: 11 | H54: =ROUND((F54*G54),2) -> 0
D55: =D16 -> Auxiliar de Serviços Gerais | E55: hora | F55: ='Insumos '!H15 -> 0 | G55: 7 | H55: =ROUND((F55*G55),2) -> 0
D56: =D49 -> Digitador | E56: hora | F56: ='Insumos '!H17 -> 0 | G56: 7 | H56: =ROUND((F56*G56),2) -> 0
C57: Produto 12: Estudo Técnico em Área de Risco | D57: ='Insumos '!B10 -> Coordenador Geral | E57: hora | F57: ='Insumos '!H10 -> 0 | G57: 2 | H57: =ROUND((F57*G57),2) -> 0 | I57: =SUM(H57:H61) -> 0 | J57: =I57 -> 0
D58: =D9 -> Arquiteto Sênior | E58: hora | F58: ='Insumos '!H11 -> 0 | G58: 7 | H58: =ROUND((F58*G58),2) -> 0
D59: =D10 -> Arquiteto Pleno | E59: hora | F59: ='Insumos '!H12 -> 0 | G59: 10 | H59: =ROUND((F59*G59),2) -> 0
D60: =D55 -> Auxiliar de Serviços Gerais | E60: hora | F60: ='Insumos '!H15 -> 0 | G60: 7 | H60: =ROUND((F60*G60),2) -> 0
D61: =D56 -> Digitador | E61: hora | F61: ='Insumos '!H17 -> 0 | G61: 9 | H61: =ROUND((F61*G61),2) -> 0
C62: Produto 13: Anteprojeto Urbanístico de Regularização Fundiária | D62: ='Insumos '!B10 -> Coordenador Geral | E62: hora | F62: ='Insumos '!H10 -> 0 | G62: 7 | H62: =ROUND((F62*G62),2) -> 0 | I62: =SUM(H62:H64) -> 0 | J62: =I62 -> 0
D63: =D9 -> Arquiteto Sênior | E63: hora | F63: ='Insumos '!H11 -> 0 | G63: 30 | H63: =ROUND((F63*G63),2) -> 0
D64: =D48 -> Desenhista Projetista | E64: hora | F64: ='Insumos '!H13 -> 0 | G64: 30 | H64: =ROUND((F64*G64),2) -> 0
C65: Produto 14: Projeto de Regularização Fundiária | D65: ='Insumos '!B10 -> Coordenador Geral | E65: hora | F65: ='Insumos '!H10 -> 0 | G65: 4 | H65: =ROUND((F65*G65),2) -> 0 | I65: =SUM(H65:H67) -> 0 | J65: =I65 -> 0
D66: =D9 -> Arquiteto Sênior | E66: hora | F66: ='Insumos '!H11 -> 0 | G66: 20 | H66: =ROUND((F66*G66),2) -> 0
D67: =D64 -> Desenhista Projetista | E67: hora | F67: ='Insumos '!H13 -> 0 | G67: 20 | H67: =ROUND((F67*G67),2) -> 0
C68: Produto 15: Memoriais Descritivos | D68: ='Insumos '!B10 -> Coordenador Geral | E68: hora | F68: ='Insumos '!H10 -> 0 | G68: 2 | H68: =ROUND((F68*G68),2) -> 0 | I68: =SUM(H68:H71) -> 0 | J68: =I68 -> 0
D69: =D9 -> Arquiteto Sênior | E69: hora | F69: ='Insumos '!H11 -> 0 | G69: 11 | H69: =ROUND((F69*G69),2) -> 0
D70: =D10 -> Arquiteto Pleno | E70: hora | F70: ='Insumos '!H12 -> 0 | G70: 25 | H70: =ROUND((F70*G70),2) -> 0
D71: =D61 -> Digitador | E71: hora | F71: ='Insumos '!H17 -> 0 | G71: 16 | H71: =ROUND((F71*G71),2) -> 0
C72: Produto 16: Lista Preliminar de Beneficiários | D72: ='Insumos '!B10 -> Coordenador Geral | E72: hora | F72: ='Insumos '!H10 -> 0 | G72: 2 | H72: =ROUND((F72*G72),2) -> 0 | I72: =SUM(H72:H76) -> 0 | J72: =I72 -> 0
D73: =D9 -> Arquiteto Sênior | E73: hora | F73: ='Insumos '!H11 -> 0 | G73: 10 | H73: =ROUND((F73*G73),2) -> 0
D74: =D53 -> Advogado Sênior | E74: hora | F74: ='Insumos '!H14 -> 0 | G74: 24 | H74: =ROUND((F74*G74),2) -> 0
D75: =D43 -> Assistente Social Pleno | E75: hora | F75: ='Insumos '!H16 -> 0 | G75: 24 | H75: =ROUND((F75*G75),2) -> 0
D76: =D71 -> Digitador | E76: hora | F76: ='Insumos '!H17 -> 0 | G76: 8 | H76: =ROUND((F76*G76),2) -> 0
C77: Produto 17: Lista Final de Beneficiários | D77: ='Insumos '!B10 -> Coordenador Geral | E77: hora | F77: ='Insumos '!H10 -> 0 | G77: 1 | H77: =ROUND((F77*G77),2) -> 0 | I77: =SUM(H77:H81) -> 0 | J77: =I77 -> 0
D78: =D9 -> Arquiteto Sênior | E78: hora | F78: ='Insumos '!H11 -> 0 | G78: 2 | H78: =ROUND((F78*G78),2) -> 0
D79: =D74 -> Advogado Sênior | E79: hora | F79: ='Insumos '!H14 -> 0 | G79: 4 | H79: =ROUND((F79*G79),2) -> 0
D80: =D75 -> Assistente Social Pleno | E80: hora | F80: ='Insumos '!H16 -> 0 | G80: 8 | H80: =ROUND((F80*G80),2) -> 0
D81: =D76 -> Digitador | E81: hora | F81: ='Insumos '!H17 -> 0 | G81: 8 | H81: =ROUND((F81*G81),2) -> 0
C82: Produto 18: Cronograma de Intervenções e Termos de Compromisso | D82: ='Insumos '!B10 -> Coordenador Geral | E82: hora | F82: ='Insumos '!H10 -> 0 | G82: 1 | H82: =ROUND((F82*G82),2) -> 0 | I82: =SUM(H82:H85) -> 0 | J82: =I82 -> 0
D83: =D9 -> Arquiteto Sênior | E83: hora | F83: ='Insumos '!H11 -> 0 | G83: 5 | H83: =ROUND((F83*G83),2) -> 0
D84: =D10 -> Arquiteto Pleno | E84: hora | F84: ='Insumos '!H12 -> 0 | G84: 16 | H84: =ROUND((F84*G84),2) -> 0
D85: =D81 -> Digitador | E85: hora | F85: ='Insumos '!H17 -> 0 | G85: 10 | H85: =ROUND((F85*G85),2) -> 0
C86: Subtotal Etapa II | I86: =SUM(I51:I85) -> 0
B87: ETAPA III: SUBSÍDIOS TÉCNICOS NECESSÁRIOS PARA O REGISTRO DA REGULARIZAÇÃO | C87: Produto 19: Dossiê de Documentos Necessários à Instrução do Pedido de Registro | D87: ='Insumos '!B10 -> Coordenador Geral | E87: hora | F87: ='Insumos '!H10 -> 0 | G87: 4 | H87: =ROUND((F87*G87),2) -> 0 | I87: =SUM(H87:H89) -> 0 | J87: =I87 -> 0
D88: =D9 -> Arquiteto Sênior | E88: hora | F88: ='Insumos '!H11 -> 0 | G88: 16 | H88: =ROUND((F88*G88),2) -> 0
D89: =D85 -> Digitador | E89: hora | F89: ='Insumos '!H17 -> 0 | G89: 16 | H89: =ROUND((F89*G89),2) -> 0
C90: Subtotal Etapa III | I90: =SUM(I87) -> 0
B91: ETAPA IV: SUBSÍDIOS COMPLEMENTARES À REGULARIZAÇÃO FUNDIÁRIA | C91: Produto 20: Laudo Geotécnico e/ou Hidrológico | D91: ='Insumos '!B10 -> Coordenador Geral | E91: hora | F91: ='Insumos '!H10 -> 0 | G91: 1 | H91: =ROUND((F91*G91),2) -> 0 | I91: =SUM(H91:H95) -> 0 | J91: =I91 -> 0
D92: =D9 -> Arquiteto Sênior | E92: hora | F92: ='Insumos '!H11 -> 0 | G92: 4 | H92: =ROUND((F92*G92),2) -> 0
D93: =D10 -> Arquiteto Pleno | E93: hora | F93: ='Insumos '!H12 -> 0 | G93: 5 | H93: =ROUND((F93*G93),2) -> 0
D94: =D60 -> Auxiliar de Serviços Gerais | E94: hora | F94: ='Insumos '!H15 -> 0 | G94: 4 | H94: =ROUND((F94*G94),2) -> 0
D95: =D89 -> Digitador | E95: hora | F95: ='Insumos '!H17 -> 0 | G95: 7 | H95: =ROUND((F95*G95),2) -> 0
C96: Produto 21: Relatório Consolidado para Obtenção das Licenças | D96: ='Insumos '!B10 -> Coordenador Geral | E96: hora | F96: ='Insumos '!H10 -> 0 | G96: 2 | H96: =ROUND((F96*G96),2) -> 0 | I96: =SUM(H96:H98) -> 0 | J96: =I96 -> 0
D97: =D9 -> Arquiteto Sênior | E97: hora | F97: ='Insumos '!H11 -> 0 | G97: 6 | H97: =ROUND((F97*G97),2) -> 0
D98: =D95 -> Digitador | E98: hora | F98: ='Insumos '!H17 -> 0 | G98: 5 | H98: =ROUND((F98*G98),2) -> 0
C99: Produto 22: Relatório Mensal de Atividades | D99: Coordenador Geral | E99: hora | F99: ='Insumos '!H10 -> 0 | G99: 9 | H99: =ROUND((F99*G99),2) -> 0 | I99: =SUM(H99:H104) -> 0
D100: Arquiteto Sênior | E100: hora | F100: ='Insumos '!H11 -> 0 | G100: 14 | H100: =ROUND((F100*G100),2) -> 0
...

Sheet BELINO BRANCALION
B1: ANEXO VIII – Modelo de Planilha de Proposta
B2: EMPRESA:
B3: CNPJ:
B4: REGULARIZAÇÃO FUNDIÁRIA DE NÚCLEOS DIVERSOS (1.051 Matrículas)
B5: PLANILHA ORÇAMENTÁRIA POR NÚCLEOS
B6: BELINO BRANCALION
B7: Etapa | C7: Produto | D7: Insumos | E7: Unid. | F7: Preço de Venda | G7: Quantidade | H7: Valor Parcial | I7: Subtotal por Produto
B8: ETAPA I: SUBSÍDIOS TÉCNICOS PARA A REGULARIZAÇÃO FUNDIÁRIA | C8: Produto 1: Relatório de Análise Técnica Preliminar de Núcleos Urbanos Informais | D8: ='Insumos '!B10 -> Coordenador Geral | E8: hora | F8: ='Insumos '!H10 -> 0 | G8: 4 | H8: =ROUND((F8*G8),2) -> 0 | I8: =SUM(H8:H11) -> 0 | J8: =I8 -> 0
D9: ='Insumos '!B11 -> Arquiteto Sênior | E9: hora | F9: ='Insumos '!H11 -> 0 | G9: 7 | H9: =ROUND((F9*G9),2) -> 0
D10: ='Insumos '!B12 -> Arquiteto Pleno | E10: hora | F10: ='Insumos '!H12 -> 0 | G10: 9 | H10: =ROUND((F10*G10),2) -> 0
D11: ='Insumos '!B17 -> Digitador | E11: hora | F11: ='Insumos '!H17 -> 0 | G11: 7 | H11: =ROUND((F11*G11),2) -> 0
C12: Produto 2: Vistoria, Busca Documental e Relatório Fotográfico | D12: ='Insumos '!B10 -> Coordenador Geral | E12: hora | F12: ='Insumos '!H10 -> 0 | G12: 1 | H12: =ROUND((F12*G12),2) -> 0 | I12: =SUM(H12:H16) -> 0 | J12: =I12 -> 0
D13: =D9 -> Arquiteto Sênior | E13: hora | F13: ='Insumos '!H11 -> 0 | G13: 1 | H13: =ROUND((F13*G13),2) -> 0
D14: ='Insumos '!B14 -> Advogado Sênior | E14: hora | F14: ='Insumos '!H14 -> 0 | G14: 2 | H14: =ROUND((F14*G14),2) -> 0
D15: =D10 -> Arquiteto Pleno | E15: hora | F15: ='Insumos '!H12 -> 0 | G15: 3 | H15: =ROUND((F15*G15),2) -> 0
D16: ='Insumos '!B15 -> Auxiliar de Serviços Gerais | E16: hora | F16: ='Insumos '!H15 -> 0 | G16: 3 | H16: =ROUND((F16*G16),2) -> 0
C17: Produto 3: Diagnóstico | D17: ='Insumos '!B10 -> Coordenador Geral | E17: hora | F17: ='Insumos '!H10 -> 0 | G17: 1 | H17: =ROUND((F17*G17),2) -> 0 | I17: =SUM(H17:H20) -> 0 | J17: =I17 -> 0
D18: =D9 -> Arquiteto Sênior | E18: hora | F18: ='Insumos '!H11 -> 0 | G18: 4 | H18: =ROUND((F18*G18),2) -> 0
D19: =D14 -> Advogado Sênior | E19: hora | F19: ='Insumos '!H14 -> 0 | G19: 7 | H19: =ROUND((F19*G19),2) -> 0
D20: =D11 -> Digitador | E20: hora | F20: ='Insumos '!H17 -> 0 | G20: 5 | H20: =ROUND((F20*G20),2) -> 0
C21: Produto 4: Relatório de Levantamentos Planialtimétricos e Cadastrais | D21: ='Insumos '!B20 -> Levantamento Planialtimétrico Cadastral | E21: m² | F21: ='Insumos '!H20 -> 0 | G21: 4076 | H21: =ROUND((F21*G21),2) -> 0 | I21: =SUM(H21) -> 0 | J21: =I21 -> 0
C22: Produto 5: Plano de Regularização | D22: ='Insumos '!B10 -> Coordenador Geral | E22: hora | F22: ='Insumos '!H10 -> 0 | G22: 1 | H22: =ROUND((F22*G22),2) -> 0 | I22: =SUM(H22:H25) -> 0 | J22: =I22 -> 0
D23: =D9 -> Arquiteto Sênior | E23: hora | F23: ='Insumos '!H11 -> 0 | G23: 5 | H23: =ROUND((F23*G23),2) -> 0
D24: =D14 -> Advogado Sênior | E24: hora | F24: ='Insumos '!H14 -> 0 | G24: 6 | H24: =ROUND((F24*G24),2) -> 0
D25: =D11 -> Digitador | E25: hora | F25: ='Insumos '!H17 -> 0 | G25: 5 | H25: =ROUND((F25*G25),2) -> 0
C26: Produto 6: Relatório Consolidado de Notificações | D26: ='Insumos '!B10 -> Coordenador Geral | E26: hora | F26: ='Insumos '!H10 -> 0 | G26: 1 | H26: =ROUND((F26*G26),2) -> 0 | I26: =SUM(H26:H30) -> 0 | J26: =I26 -> 0
D27: =D9 -> Arquiteto Sênior | E27: hora | F27: ='Insumos '!H11 -> 0 | G27: 1 | H27: =ROUND((F27*G27),2) -> 0
D28: =D24 -> Advogado Sênior | E28: hora | F28: ='Insumos '!H14 -> 0 | G28: 2 | H28: =ROUND((F28*G28),2) -> 0
D29: =D16 -> Auxiliar de Serviços Gerais | E29: hora | F29: ='Insumos '!H15 -> 0 | G29: 1 | H29: =ROUND((F29*G29),2) -> 0
D30: =D25 -> Digitador | E30: hora | F30: ='Insumos '!H17 -> 0 | G30: 2 | H30: =ROUND((F30*G30),2) -> 0
C31: Produto 7: Relatório de Registro de Reuniões de Entrada | D31: ='Insumos '!B10 -> Coordenador Geral | E31: hora | F31: ='Insumos '!H10 -> 0 | G31: 1 | H31: =ROUND((F31*G31),2) -> 0 | I31: =SUM(H31:H35) -> 0 | J31: =I31 -> 0
D32: =D9 -> Arquiteto Sênior | E32: hora | F32: ='Insumos '!H11 -> 0 | G32: 1 | H32: =ROUND((F32*G32),2) -> 0
D33: =D28 -> Advogado Sênior | E33: hora | F33: ='Insumos '!H14 -> 0 | G33: 4 | H33: =ROUND((F33*G33),2) -> 0
D34: ='Insumos '!B16 -> Assistente Social Pleno | E34: hora | F34: ='Insumos '!H16 -> 0 | G34: 8 | H34: =ROUND((F34*G34),2) -> 0
D35: =D30 -> Digitador | E35: hora | F35: ='Insumos '!H17 -> 0 | G35: 4 | H35: =ROUND((F35*G35),2) -> 0
C36: Produto 8: Planta de Selagem e Congelamento Georreferenciados | D36: ='Insumos '!B10 -> Coordenador Geral | E36: hora | F36: ='Insumos '!H10 -> 0 | G36: 2 | H36: =ROUND((F36*G36),2) -> 0 | I36: =SUM(H36:H39) -> 0 | J36: =I36 -> 0
D37: =D9 -> Arquiteto Sênior | E37: hora | F37: ='Insumos '!H11 -> 0 | G37: 7 | H37: =ROUND((F37*G37),2) -> 0
D38: ='Insumos '!B13 -> Desenhista Projetista | E38: hora | F38: ='Insumos '!H13 -> 0 | G38: 15 | H38: =ROUND((F38*G38),2) -> 0
D39: =D34 -> Assistente Social Pleno | E39: hora | F39: ='Insumos '!H16 -> 0 | G39: 30 | H39: =ROUND((F39*G39),2) -> 0
C40: Produto 9: Relatório de Cadastro de Beneficiários | D40: ='Insumos '!B10 -> Coordenador Geral | E40: hora | F40: ='Insumos '!H10 -> 0 | G40: 2 | H40: =ROUND((F40*G40),2) -> 0 | I40: =SUM(H40:H44) -> 0 | J40: =I40 -> 0
D41: =D9 -> Arquiteto Sênior | E41: hora | F41: ='Insumos '!H11 -> 0 | G41: 9 | H41: =ROUND((F41*G41),2) -> 0
D42: =D33 -> Advogado Sênior | E42: hora | F42: ='Insumos '!H14 -> 0 | G42: 18 | H42: =ROUND((F42*G42),2) -> 0
D43: =D39 -> Assistente Social Pleno | E43: hora | F43: ='Insumos '!H16 -> 0 | G43: 24 | H43: =ROUND((F43*G43),2) -> 0
D44: =D35 -> Digitador | E44: hora | F44: ='Insumos '!H17 -> 0 | G44: 30 | H44: =ROUND((F44*G44),2) -> 0
C45: Produto 10: Elaboração de Plantas e demais Instrumentais Técnicos | D45: ='Insumos '!B10 -> Coordenador Geral | E45: hora | F45: ='Insumos '!H10 -> 0 | G45: 2 | H45: =ROUND((F45*G45),2) -> 0 | I45: =SUM(H45:H49) -> 0 | J45: =I45 -> 0
D46: =D9 -> Arquiteto Sênior | E46: hora | F46: ='Insumos '!H11 -> 0 | G46: 7 | H46: =ROUND((F46*G46),2) -> 0
D47: =D10 -> Arquiteto Pleno | E47: hora | F47: ='Insumos '!H12 -> 0 | G47: 13 | H47: =ROUND((F47*G47),2) -> 0
D48: =D38 -> Desenhista Projetista | E48: hora | F48: ='Insumos '!H13 -> 0 | G48: 13 | H48: =ROUND((F48*G48),2) -> 0
D49: =D44 -> Digitador | E49: hora | F49: ='Insumos '!H17 -> 0 | G49: 7 | H49: =ROUND((F49*G49),2) -> 0
C50: Subtotal Etapa I | I50: =SUM(I8:I49) -> 0
B51: ETAPA II: SUBSÍDIOS TÉCNICOS DESTINADOS À APROVAÇÃO MUNICIPAL DA REGULARIZAÇÃO | C51: Produto 11: Estudo Técnico Ambiental | D51: ='Insumos '!B10 -> Coordenador Geral | E51: hora | F51: ='Insumos '!H10 -> 0 | G51: 1 | H51: =ROUND((F51*G51),2) -> 0 | I51: =SUM(H51:H56) -> 0 | J51: =I51 -> 0
D52: =D9 -> Arquiteto Sênior | E52: hora | F52: ='Insumos '!H11 -> 0 | G52: 2 | H52: =ROUND((F52*G52),2) -> 0
D53: =D42 -> Advogado Sênior | E53: hora | F53: ='Insumos '!H14 -> 0 | G53: 2 | H53: =ROUND((F53*G53),2) -> 0
D54: =D10 -> Arquiteto Pleno | E54: hora | F54: ='Insumos '!H12 -> 0 | G54: 4 | H54: =ROUND((F54*G54),2) -> 0
D55: =D16 -> Auxiliar de Serviços Gerais | E55: hora | F55: ='Insumos '!H15 -> 0 | G55: 2 | H55: =ROUND((F55*G55),2) -> 0
D56: =D49 -> Digitador | E56: hora | F56: ='Insumos '!H17 -> 0 | G56: 2 | H56: =ROUND((F56*G56),2) -> 0
C57: Produto 12: Estudo Técnico em Área de Risco | D57: ='Insumos '!B10 -> Coordenador Geral | E57: hora | F57: ='Insumos '!H10 -> 0 | G57: 1 | H57: =ROUND((F57*G57),2) -> 0 | I57: =SUM(H57:H61) -> 0 | J57: =I57 -> 0
D58: =D9 -> Arquiteto Sênior | E58: hora | F58: ='Insumos '!H11 -> 0 | G58: 2 | H58: =ROUND((F58*G58),2) -> 0
D59: =D10 -> Arquiteto Pleno | E59: hora | F59: ='Insumos '!H12 -> 0 | G59: 4 | H59: =ROUND((F59*G59),2) -> 0
D60: =D55 -> Auxiliar de Serviços Gerais | E60: hora | F60: ='Insumos '!H15 -> 0 | G60: 2 | H60: =ROUND((F60*G60),2) -> 0
D61: =D56 -> Digitador | E61: hora | F61: ='Insumos '!H17 -> 0 | G61: 3 | H61: =ROUND((F61*G61),2) -> 0
C62: Produto 13: Anteprojeto Urbanístico de Regularização Fundiária | D62: ='Insumos '!B10 -> Coordenador Geral | E62: hora | F62: ='Insumos '!H10 -> 0 | G62: 2 | H62: =ROUND((F62*G62),2) -> 0 | I62: =SUM(H62:H64) -> 0 | J62: =I62 -> 0
D63: =D9 -> Arquiteto Sênior | E63: hora | F63: ='Insumos '!H11 -> 0 | G63: 9 | H63: =ROUND((F63*G63),2) -> 0
D64: =D48 -> Desenhista Projetista | E64: hora | F64: ='Insumos '!H13 -> 0 | G64: 10 | H64: =ROUND((F64*G64),2) -> 0
C65: Produto 14: Projeto de Regularização Fundiária | D65: ='Insumos '!B10 -> Coordenador Geral | E65: hora | F65: ='Insumos '!H10 -> 0 | G65: 2 | H65: =ROUND((F65*G65),2) -> 0 | I65: =SUM(H65:H67) -> 0 | J65: =I65 -> 0
D66: =D9 -> Arquiteto Sênior | E66: hora | F66: ='Insumos '!H11 -> 0 | G66: 6 | H66: =ROUND((F66*G66),2) -> 0
D67: =D64 -> Desenhista Projetista | E67: hora | F67: ='Insumos '!H13 -> 0 | G67: 6 | H67: =ROUND((F67*G67),2) -> 0
C68: Produto 15: Memoriais Descritivos | D68: ='Insumos '!B10 -> Coordenador Geral | E68: hora | F68: ='Insumos '!H10 -> 0 | G68: 2 | H68: =ROUND((F68*G68),2) -> 0 | I68: =SUM(H68:H71) -> 0 | J68: =I68 -> 0
D69: =D9 -> Arquiteto Sênior | E69: hora | F69: ='Insumos '!H11 -> 0 | G69: 8 | H69: =ROUND((F69*G69),2) -> 0
D70: =D10 -> Arquiteto Pleno | E70: hora | F70: ='Insumos '!H12 -> 0 | G70: 19 | H70: =ROUND((F70*G70),2) -> 0
D71: =D61 -> Digitador | E71: hora | F71: ='Insumos '!H17 -> 0 | G71: 12 | H71: =ROUND((F71*G71),2) -> 0
C72: Produto 16: Lista Preliminar de Beneficiários | D72: ='Insumos '!B10 -> Coordenador Geral | E72: hora | F72: ='Insumos '!H10 -> 0 | G72: 1 | H72: =ROUND((F72*G72),2) -> 0 | I72: =SUM(H72:H76) -> 0 | J72: =I72 -> 0
D73: =D9 -> Arquiteto Sênior | E73: hora | F73: ='Insumos '!H11 -> 0 | G73: 7 | H73: =ROUND((F73*G73),2) -> 0
D74: =D53 -> Advogado Sênior | E74: hora | F74: ='Insumos '!H14 -> 0 | G74: 18 | H74: =ROUND((F74*G74),2) -> 0
D75: =D43 -> Assistente Social Pleno | E75: hora | F75: ='Insumos '!H16 -> 0 | G75: 18 | H75: =ROUND((F75*G75),2) -> 0
D76: =D71 -> Digitador | E76: hora | F76: ='Insumos '!H17 -> 0 | G76: 6 | H76: =ROUND((F76*G76),2) -> 0
C77: Produto 17: Lista Final de Beneficiários | D77: ='Insumos '!B10 -> Coordenador Geral | E77: hora | F77: ='Insumos '!H10 -> 0 | G77: 1 | H77: =ROUND((F77*G77),2) -> 0 | I77: =SUM(H77:H81) -> 0 | J77: =I77 -> 0
D78: =D9 -> Arquiteto Sênior | E78: hora | F78: ='Insumos '!H11 -> 0 | G78: 1 | H78: =ROUND((F78*G78),2) -> 0
D79: =D74 -> Advogado Sênior | E79: hora | F79: ='Insumos '!H14 -> 0 | G79: 3 | H79: =ROUND((F79*G79),2) -> 0
D80: =D75 -> Assistente Social Pleno | E80: hora | F80: ='Insumos '!H16 -> 0 | G80: 6 | H80: =ROUND((F80*G80),2) -> 0
D81: =D76 -> Digitador | E81: hora | F81: ='Insumos '!H17 -> 0 | G81: 6 | H81: =ROUND((F81*G81),2) -> 0
C82: Produto 18: Cronograma de Intervenções e Termos de Compromisso | D82: ='Insumos '!B10 -> Coordenador Geral | E82: hora | F82: ='Insumos '!H10 -> 0 | G82: 1 | H82: =ROUND((F82*G82),2) -> 0 | I82: =SUM(H82:H85) -> 0 | J82: =I82 -> 0
D83: =D9 -> Arquiteto Sênior | E83: hora | F83: ='Insumos '!H11 -> 0 | G83: 2 | H83: =ROUND((F83*G83),2) -> 0
D84: =D10 -> Arquiteto Pleno | E84: hora | F84: ='Insumos '!H12 -> 0 | G84: 5 | H84: =ROUND((F84*G84),2) -> 0
D85: =D81 -> Digitador | E85: hora | F85: ='Insumos '!H17 -> 0 | G85: 3 | H85: =ROUND((F85*G85),2) -> 0
C86: Subtotal Etapa II | I86: =SUM(I51:I85) -> 0
B87: ETAPA III: SUBSÍDIOS TÉCNICOS NECESSÁRIOS PARA O REGISTRO DA REGULARIZAÇÃO | C87: Produto 19: Dossiê de Documentos Necessários à Instrução do Pedido de Registro | D87: ='Insumos '!B10 -> Coordenador Geral | E87: hora | F87: ='Insumos '!H10 -> 0 | G87: 3 | H87: =ROUND((F87*G87),2) -> 0 | I87: =SUM(H87:H89) -> 0 | J87: =I87 -> 0
D88: =D9 -> Arquiteto Sênior | E88: hora | F88: ='Insumos '!H11 -> 0 | G88: 12 | H88: =ROUND((F88*G88),2) -> 0
D89: =D85 -> Digitador | E89: hora | F89: ='Insumos '!H17 -> 0 | G89: 12 | H89: =ROUND((F89*G89),2) -> 0
C90: Subtotal Etapa III | I90: =SUM(I87) -> 0
B91: ETAPA IV: SUBSÍDIOS COMPLEMENTARES À REGULARIZAÇÃO FUNDIÁRIA | C91: Produto 20: Laudo Geotécnico e/ou Hidrológico | D91: ='Insumos '!B10 -> Coordenador Geral | E91: hora | F91: ='Insumos '!H10 -> 0 | G91: 1 | H91: =ROUND((F91*G91),2) -> 0 | I91: =SUM(H91:H95) -> 0 | J91: =I91 -> 0
D92: =D9 -> Arquiteto Sênior | E92: hora | F92: ='Insumos '!H11 -> 0 | G92: 1 | H92: =ROUND((F92*G92),2) -> 0
D93: =D10 -> Arquiteto Pleno | E93: hora | F93: ='Insumos '!H12 -> 0 | G93: 2 | H93: =ROUND((F93*G93),2) -> 0
D94: =D60 -> Auxiliar de Serviços Gerais | E94: hora | F94: ='Insumos '!H15 -> 0 | G94: 1 | H94: =ROUND((F94*G94),2) -> 0
D95: =D89 -> Digitador | E95: hora | F95: ='Insumos '!H17 -> 0 | G95: 2 | H95: =ROUND((F95*G95),2) -> 0
C96: Produto 21: Relatório Consolidado para Obtenção das Licenças | D96: ='Insumos '!B10 -> Coordenador Geral | E96: hora | F96: ='Insumos '!H10 -> 0 | G96: 1 | H96: =ROUND((F96*G96),2) -> 0 | I96: =SUM(H96:H98) -> 0 | J96: =I96 -> 0
D97: =D9 -> Arquiteto Sênior | E97: hora | F97: ='Insumos '!H11 -> 0 | G97: 4 | H97: =ROUND((F97*G97),2) -> 0
D98: =D95 -> Digitador | E98: hora | F98: ='Insumos '!H17 -> 0 | G98: 4 | H98: =ROUND((F98*G98),2) -> 0
C99: Produto 22: Relatório Mensal de Atividades | D99: Coordenador Geral | E99: hora | F99: ='Insumos '!H10 -> 0 | G99: 7 | H99: =ROUND((F99*G99),2) -> 0 | I99: =SUM(H99:H104) -> 0
D100: Arquiteto Sênior | E100: hora | F100: ='Insumos '!H11 -> 0 | G100: 11 | H100: =ROUND((F100*G100),2) -> 0
...

Sheet CALIFÓRNIA 
B1: ANEXO VIII – Modelo de Planilha de Proposta
B2: EMPRESA:
B3: CNPJ:
B4: REGULARIZAÇÃO FUNDIÁRIA DE NÚCLEOS DIVERSOS (1.051 Matrículas)
B5: PLANILHA ORÇAMENTÁRIA POR NÚCLEOS
B6: CALIFÓRNIA
B7: Etapa | C7: Produto | D7: Insumos | E7: Unid. | F7: Preço de Venda | G7: Quantidade | H7: Valor Parcial | I7: Subtotal por Produto
B8: ETAPA I: SUBSÍDIOS TÉCNICOS PARA A REGULARIZAÇÃO FUNDIÁRIA | C8: Produto 1: Relatório de Análise Técnica Preliminar de Núcleos Urbanos Informais | D8: ='Insumos '!B10 -> Coordenador Geral | E8: hora | F8: ='Insumos '!H10 -> 0 | G8: 15 | H8: =ROUND((F8*G8),2) -> 0 | I8: =SUM(H8:H11) -> 0 | J8: =I8 -> 0
D9: ='Insumos '!B11 -> Arquiteto Sênior | E9: hora | F9: ='Insumos '!H11 -> 0 | G9: 33 | H9: =ROUND((F9*G9),2) -> 0
D10: ='Insumos '!B12 -> Arquiteto Pleno | E10: hora | F10: ='Insumos '!H12 -> 0 | G10: 43 | H10: =ROUND((F10*G10),2) -> 0
D11: ='Insumos '!B17 -> Digitador | E11: hora | F11: ='Insumos '!H17 -> 0 | G11: 33 | H11: =ROUND((F11*G11),2) -> 0
C12: Produto 2: Vistoria, Busca Documental e Relatório Fotográfico | D12: ='Insumos '!B10 -> Coordenador Geral | E12: hora | F12: ='Insumos '!H10 -> 0 | G12: 2 | H12: =ROUND((F12*G12),2) -> 0 | I12: =SUM(H12:H16) -> 0 | J12: =I12 -> 0
D13: =D9 -> Arquiteto Sênior | E13: hora | F13: ='Insumos '!H11 -> 0 | G13: 4 | H13: =ROUND((F13*G13),2) -> 0
D14: ='Insumos '!B14 -> Advogado Sênior | E14: hora | F14: ='Insumos '!H14 -> 0 | G14: 8 | H14: =ROUND((F14*G14),2) -> 0
D15: =D10 -> Arquiteto Pleno | E15: hora | F15: ='Insumos '!H12 -> 0 | G15: 12 | H15: =ROUND((F15*G15),2) -> 0
D16: ='Insumos '!B15 -> Auxiliar de Serviços Gerais | E16: hora | F16: ='Insumos '!H15 -> 0 | G16: 12 | H16: =ROUND((F16*G16),2) -> 0
C17: Produto 3: Diagnóstico | D17: ='Insumos '!B10 -> Coordenador Geral | E17: hora | F17: ='Insumos '!H10 -> 0 | G17: 7 | H17: =ROUND((F17*G17),2) -> 0 | I17: =SUM(H17:H20) -> 0 | J17: =I17 -> 0
D18: =D9 -> Arquiteto Sênior | E18: hora | F18: ='Insumos '!H11 -> 0 | G18: 18 | H18: =ROUND((F18*G18),2) -> 0
D19: =D14 -> Advogado Sênior | E19: hora | F19: ='Insumos '!H14 -> 0 | G19: 30 | H19: =ROUND((F19*G19),2) -> 0
D20: =D11 -> Digitador | E20: hora | F20: ='Insumos '!H17 -> 0 | G20: 19 | H20: =ROUND((F20*G20),2) -> 0
C21: Produto 4: Relatório de Levantamentos Planialtimétricos e Cadastrais | D21: ='Insumos '!B20 -> Levantamento Planialtimétrico Cadastral | E21: m² | F21: ='Insumos '!H20 -> 0 | G21: 18198 | H21: =ROUND((F21*G21),2) -> 0 | I21: =SUM(H21) -> 0 | J21: =I21 -> 0
C22: Produto 5: Plano de Regularização | D22: ='Insumos '!B10 -> Coordenador Geral | E22: hora | F22: ='Insumos '!H10 -> 0 | G22: 6 | H22: =ROUND((F22*G22),2) -> 0 | I22: =SUM(H22:H25) -> 0 | J22: =I22 -> 0
D23: =D9 -> Arquiteto Sênior | E23: hora | F23: ='Insumos '!H11 -> 0 | G23: 19 | H23: =ROUND((F23*G23),2) -> 0
D24: =D14 -> Advogado Sênior | E24: hora | F24: ='Insumos '!H14 -> 0 | G24: 30 | H24: =ROUND((F24*G24),2) -> 0
D25: =D11 -> Digitador | E25: hora | F25: ='Insumos '!H17 -> 0 | G25: 19 | H25: =ROUND((F25*G25),2) -> 0
C26: Produto 6: Relatório Consolidado de Notificações | D26: ='Insumos '!B10 -> Coordenador Geral | E26: hora | F26: ='Insumos '!H10 -> 0 | G26: 1 | H26: =ROUND((F26*G26),2) -> 0 | I26: =SUM(H26:H30) -> 0 | J26: =I26 -> 0
D27: =D9 -> Arquiteto Sênior | E27: hora | F27: ='Insumos '!H11 -> 0 | G27: 6 | H27: =ROUND((F27*G27),2) -> 0
D28: =D24 -> Advogado Sênior | E28: hora | F28: ='Insumos '!H14 -> 0 | G28: 9 | H28: =ROUND((F28*G28),2) -> 0
D29: =D16 -> Auxiliar de Serviços Gerais | E29: hora | F29: ='Insumos '!H15 -> 0 | G29: 5 | H29: =ROUND((F29*G29),2) -> 0
D30: =D25 -> Digitador | E30: hora | F30: ='Insumos '!H17 -> 0 | G30: 12 | H30: =ROUND((F30*G30),2) -> 0
C31: Produto 7: Relatório de Registro de Reuniões de Entrada | D31: ='Insumos '!B10 -> Coordenador Geral | E31: hora | F31: ='Insumos '!H10 -> 0 | G31: 1 | H31: =ROUND((F31*G31),2) -> 0 | I31: =SUM(H31:H35) -> 0 | J31: =I31 -> 0
D32: =D9 -> Arquiteto Sênior | E32: hora | F32: ='Insumos '!H11 -> 0 | G32: 4 | H32: =ROUND((F32*G32),2) -> 0
D33: =D28 -> Advogado Sênior | E33: hora | F33: ='Insumos '!H14 -> 0 | G33: 13 | H33: =ROUND((F33*G33),2) -> 0
D34: ='Insumos '!B16 -> Assistente Social Pleno | E34: hora | F34: ='Insumos '!H16 -> 0 | G34: 28 | H34: =ROUND((F34*G34),2) -> 0
D35: =D30 -> Digitador | E35: hora | F35: ='Insumos '!H17 -> 0 | G35: 12 | H35: =ROUND((F35*G35),2) -> 0
C36: Produto 8: Planta de Selagem e Congelamento Georreferenciados | D36: ='Insumos '!B10 -> Coordenador Geral | E36: hora | F36: ='Insumos '!H10 -> 0 | G36: 5 | H36: =ROUND((F36*G36),2) -> 0 | I36: =SUM(H36:H39) -> 0 | J36: =I36 -> 0
D37: =D9 -> Arquiteto Sênior | E37: hora | F37: ='Insumos '!H11 -> 0 | G37: 25 | H37: =ROUND((F37*G37),2) -> 0
D38: ='Insumos '!B13 -> Desenhista Projetista | E38: hora | F38: ='Insumos '!H13 -> 0 | G38: 50 | H38: =ROUND((F38*G38),2) -> 0
D39: =D34 -> Assistente Social Pleno | E39: hora | F39: ='Insumos '!H16 -> 0 | G39: 99 | H39: =ROUND((F39*G39),2) -> 0
C40: Produto 9: Relatório de Cadastro de Beneficiários | D40: ='Insumos '!B10 -> Coordenador Geral | E40: hora | F40: ='Insumos '!H10 -> 0 | G40: 8 | H40: =ROUND((F40*G40),2) -> 0 | I40: =SUM(H40:H44) -> 0 | J40: =I40 -> 0
D41: =D9 -> Arquiteto Sênior | E41: hora | F41: ='Insumos '!H11 -> 0 | G41: 32 | H41: =ROUND((F41*G41),2) -> 0
D42: =D33 -> Advogado Sênior | E42: hora | F42: ='Insumos '!H14 -> 0 | G42: 60 | H42: =ROUND((F42*G42),2) -> 0
D43: =D39 -> Assistente Social Pleno | E43: hora | F43: ='Insumos '!H16 -> 0 | G43: 79 | H43: =ROUND((F43*G43),2) -> 0
D44: =D35 -> Digitador | E44: hora | F44: ='Insumos '!H17 -> 0 | G44: 100 | H44: =ROUND((F44*G44),2) -> 0
C45: Produto 10: Elaboração de Plantas e demais Instrumentais Técnicos | D45: ='Insumos '!B10 -> Coordenador Geral | E45: hora | F45: ='Insumos '!H10 -> 0 | G45: 6 | H45: =ROUND((F45*G45),2) -> 0 | I45: =SUM(H45:H49) -> 0 | J45: =I45 -> 0
D46: =D9 -> Arquiteto Sênior | E46: hora | F46: ='Insumos '!H11 -> 0 | G46: 30 | H46: =ROUND((F46*G46),2) -> 0
D47: =D10 -> Arquiteto Pleno | E47: hora | F47: ='Insumos '!H12 -> 0 | G47: 58 | H47: =ROUND((F47*G47),2) -> 0
D48: =D38 -> Desenhista Projetista | E48: hora | F48: ='Insumos '!H13 -> 0 | G48: 58 | H48: =ROUND((F48*G48),2) -> 0
D49: =D44 -> Digitador | E49: hora | F49: ='Insumos '!H17 -> 0 | G49: 30 | H49: =ROUND((F49*G49),2) -> 0
C50: Subtotal Etapa I | I50: =SUM(I8:I49) -> 0
B51: ETAPA II: SUBSÍDIOS TÉCNICOS DESTINADOS À APROVAÇÃO MUNICIPAL DA REGULARIZAÇÃO | C51: Produto 11: Estudo Técnico Ambiental | D51: ='Insumos '!B10 -> Coordenador Geral | E51: hora | F51: ='Insumos '!H10 -> 0 | G51: 2 | H51: =ROUND((F51*G51),2) -> 0 | I51: =SUM(H51:H56) -> 0 | J51: =I51 -> 0
D52: =D9 -> Arquiteto Sênior | E52: hora | F52: ='Insumos '!H11 -> 0 | G52: 10 | H52: =ROUND((F52*G52),2) -> 0
D53: =D42 -> Advogado Sênior | E53: hora | F53: ='Insumos '!H14 -> 0 | G53: 6 | H53: =ROUND((F53*G53),2) -> 0
D54: =D10 -> Arquiteto Pleno | E54: hora | F54: ='Insumos '!H12 -> 0 | G54: 14 | H54: =ROUND((F54*G54),2) -> 0
D55: =D16 -> Auxiliar de Serviços Gerais | E55: hora | F55: ='Insumos '!H15 -> 0 | G55: 10 | H55: =ROUND((F55*G55),2) -> 0
D56: =D49 -> Digitador | E56: hora | F56: ='Insumos '!H17 -> 0 | G56: 10 | H56: =ROUND((F56*G56),2) -> 0
C57: Produto 12: Estudo Técnico em Área de Risco | D57: ='Insumos '!B10 -> Coordenador Geral | E57: hora | F57: ='Insumos '!H10 -> 0 | G57: 2 | H57: =ROUND((F57*G57),2) -> 0 | I57: =SUM(H57:H61) -> 0 | J57: =I57 -> 0
D58: =D9 -> Arquiteto Sênior | E58: hora | F58: ='Insumos '!H11 -> 0 | G58: 10 | H58: =ROUND((F58*G58),2) -> 0
D59: =D10 -> Arquiteto Pleno | E59: hora | F59: ='Insumos '!H12 -> 0 | G59: 14 | H59: =ROUND((F59*G59),2) -> 0
D60: =D55 -> Auxiliar de Serviços Gerais | E60: hora | F60: ='Insumos '!H15 -> 0 | G60: 10 | H60: =ROUND((F60*G60),2) -> 0
D61: =D56 -> Digitador | E61: hora | F61: ='Insumos '!H17 -> 0 | G61: 13 | H61: =ROUND((F61*G61),2) -> 0
C62: Produto 13: Anteprojeto Urbanístico de Regularização Fundiária | D62: ='Insumos '!B10 -> Coordenador Geral | E62: hora | F62: ='Insumos '!H10 -> 0 | G62: 11 | H62: =ROUND((F62*G62),2) -> 0 | I62: =SUM(H62:H64) -> 0 | J62: =I62 -> 0
D63: =D9 -> Arquiteto Sênior | E63: hora | F63: ='Insumos '!H11 -> 0 | G63: 42 | H63: =ROUND((F63*G63),2) -> 0
D64: =D48 -> Desenhista Projetista | E64: hora | F64: ='Insumos '!H13 -> 0 | G64: 43 | H64: =ROUND((F64*G64),2) -> 0
C65: Produto 14: Projeto de Regularização Fundiária | D65: ='Insumos '!B10 -> Coordenador Geral | E65: hora | F65: ='Insumos '!H10 -> 0 | G65: 6 | H65: =ROUND((F65*G65),2) -> 0 | I65: =SUM(H65:H67) -> 0 | J65: =I65 -> 0
D66: =D9 -> Arquiteto Sênior | E66: hora | F66: ='Insumos '!H11 -> 0 | G66: 30 | H66: =ROUND((F66*G66),2) -> 0
D67: =D64 -> Desenhista Projetista | E67: hora | F67: ='Insumos '!H13 -> 0 | G67: 29 | H67: =ROUND((F67*G67),2) -> 0
C68: Produto 15: Memoriais Descritivos | D68: ='Insumos '!B10 -> Coordenador Geral | E68: hora | F68: ='Insumos '!H10 -> 0 | G68: 6 | H68: =ROUND((F68*G68),2) -> 0 | I68: =SUM(H68:H71) -> 0 | J68: =I68 -> 0
D69: =D9 -> Arquiteto Sênior | E69: hora | F69: ='Insumos '!H11 -> 0 | G69: 27 | H69: =ROUND((F69*G69),2) -> 0
D70: =D10 -> Arquiteto Pleno | E70: hora | F70: ='Insumos '!H12 -> 0 | G70: 62 | H70: =ROUND((F70*G70),2) -> 0
D71: =D61 -> Digitador | E71: hora | F71: ='Insumos '!H17 -> 0 | G71: 41 | H71: =ROUND((F71*G71),2) -> 0
C72: Produto 16: Lista Preliminar de Beneficiários | D72: ='Insumos '!B10 -> Coordenador Geral | E72: hora | F72: ='Insumos '!H10 -> 0 | G72: 4 | H72: =ROUND((F72*G72),2) -> 0 | I72: =SUM(H72:H76) -> 0 | J72: =I72 -> 0
D73: =D9 -> Arquiteto Sênior | E73: hora | F73: ='Insumos '!H11 -> 0 | G73: 25 | H73: =ROUND((F73*G73),2) -> 0
D74: =D53 -> Advogado Sênior | E74: hora | F74: ='Insumos '!H14 -> 0 | G74: 60 | H74: =ROUND((F74*G74),2) -> 0
D75: =D43 -> Assistente Social Pleno | E75: hora | F75: ='Insumos '!H16 -> 0 | G75: 60 | H75: =ROUND((F75*G75),2) -> 0
D76: =D71 -> Digitador | E76: hora | F76: ='Insumos '!H17 -> 0 | G76: 20 | H76: =ROUND((F76*G76),2) -> 0
C77: Produto 17: Lista Final de Beneficiários | D77: ='Insumos '!B10 -> Coordenador Geral | E77: hora | F77: ='Insumos '!H10 -> 0 | G77: 1 | H77: =ROUND((F77*G77),2) -> 0 | I77: =SUM(H77:H81) -> 0 | J77: =I77 -> 0
D78: =D9 -> Arquiteto Sênior | E78: hora | F78: ='Insumos '!H11 -> 0 | G78: 4 | H78: =ROUND((F78*G78),2) -> 0
D79: =D74 -> Advogado Sênior | E79: hora | F79: ='Insumos '!H14 -> 0 | G79: 10 | H79: =ROUND((F79*G79),2) -> 0
D80: =D75 -> Assistente Social Pleno | E80: hora | F80: ='Insumos '!H16 -> 0 | G80: 20 | H80: =ROUND((F80*G80),2) -> 0
D81: =D76 -> Digitador | E81: hora | F81: ='Insumos '!H17 -> 0 | G81: 20 | H81: =ROUND((F81*G81),2) -> 0
C82: Produto 18: Cronograma de Intervenções e Termos de Compromisso | D82: ='Insumos '!B10 -> Coordenador Geral | E82: hora | F82: ='Insumos '!H10 -> 0 | G82: 1 | H82: =ROUND((F82*G82),2) -> 0 | I82: =SUM(H82:H85) -> 0 | J82: =I82 -> 0
D83: =D9 -> Arquiteto Sênior | E83: hora | F83: ='Insumos '!H11 -> 0 | G83: 8 | H83: =ROUND((F83*G83),2) -> 0
D84: =D10 -> Arquiteto Pleno | E84: hora | F84: ='Insumos '!H12 -> 0 | G84: 24 | H84: =ROUND((F84*G84),2) -> 0
D85: =D81 -> Digitador | E85: hora | F85: ='Insumos '!H17 -> 0 | G85: 14 | H85: =ROUND((F85*G85),2) -> 0
C86: Subtotal Etapa II | I86: =SUM(I51:I85) -> 0
B87: ETAPA III: SUBSÍDIOS TÉCNICOS NECESSÁRIOS PARA O REGISTRO DA REGULARIZAÇÃO | C87: Produto 19: Dossiê de Documentos Necessários à Instrução do Pedido de Registro | D87: ='Insumos '!B10 -> Coordenador Geral | E87: hora | F87: ='Insumos '!H10 -> 0 | G87: 9 | H87: =ROUND((F87*G87),2) -> 0 | I87: =SUM(H87:H89) -> 0 | J87: =I87 -> 0
D88: =D9 -> Arquiteto Sênior | E88: hora | F88: ='Insumos '!H11 -> 0 | G88: 40 | H88: =ROUND((F88*G88),2) -> 0
D89: =D85 -> Digitador | E89: hora | F89: ='Insumos '!H17 -> 0 | G89: 40 | H89: =ROUND((F89*G89),2) -> 0
C90: Subtotal Etapa III | I90: =SUM(I87) -> 0
B91: ETAPA IV: SUBSÍDIOS COMPLEMENTARES À REGULARIZAÇÃO FUNDIÁRIA | C91: Produto 20: Laudo Geotécnico e/ou Hidrológico | D91: ='Insumos '!B10 -> Coordenador Geral | E91: hora | F91: ='Insumos '!H10 -> 0 | G91: 1 | H91: =ROUND((F91*G91),2) -> 0 | I91: =SUM(H91:H95) -> 0 | J91: =I91 -> 0
D92: =D9 -> Arquiteto Sênior | E92: hora | F92: ='Insumos '!H11 -> 0 | G92: 6 | H92: =ROUND((F92*G92),2) -> 0
D93: =D10 -> Arquiteto Pleno | E93: hora | F93: ='Insumos '!H12 -> 0 | G93: 6 | H93: =ROUND((F93*G93),2) -> 0
D94: =D60 -> Auxiliar de Serviços Gerais | E94: hora | F94: ='Insumos '!H15 -> 0 | G94: 6 | H94: =ROUND((F94*G94),2) -> 0
D95: =D89 -> Digitador | E95: hora | F95: ='Insumos '!H17 -> 0 | G95: 10 | H95: =ROUND((F95*G95),2) -> 0
C96: Produto 21: Relatório Consolidado para Obtenção das Licenças | D96: ='Insumos '!B10 -> Coordenador Geral | E96: hora | F96: ='Insumos '!H10 -> 0 | G96: 3 | H96: =ROUND((F96*G96),2) -> 0 | I96: =SUM(H96:H98) -> 0 | J96: =I96 -> 0
D97: =D9 -> Arquiteto Sênior | E97: hora | F97: ='Insumos '!H11 -> 0 | G97: 14 | H97: =ROUND((F97*G97),2) -> 0
D98: =D95 -> Digitador | E98: hora | F98: ='Insumos '!H17 -> 0 | G98: 12 | H98: =ROUND((F98*G98),2) -> 0
C99: Produto 22: Relatório Mensal de Atividades | D99: Coordenador Geral | E99: hora | F99: ='Insumos '!H10 -> 0 | G99: 18 | H99: =ROUND((F99*G99),2) -> 0 | I99: =SUM(H99:H104) -> 0
D100: Arquiteto Sênior | E100: hora | F100: ='Insumos '!H11 -> 0 | G100: 36 | H100: =ROUND((F100*G100),2) -> 0
...

Sheet CARLOS DRUMMOND DE ANDRADE
B1: ANEXO VIII– Modelo de Planilha de Proposta
B2: EMPRESA:
B3: CNPJ:
B4: REGULARIZAÇÃO FUNDIÁRIA DE NÚCLEOS DIVERSOS (1.051 Matrículas)
B5: PLANILHA ORÇAMENTÁRIA POR NÚCLEOS
B6: CARLOS DRUMMOND DE ANDRADE
B7: Etapa | C7: Produto | D7: Insumos | E7: Unid. | F7: Preço de Venda | G7: Quantidade | H7: Valor Parcial | I7: Subtotal por Produto
B8: ETAPA I: SUBSÍDIOS TÉCNICOS PARA A REGULARIZAÇÃO FUNDIÁRIA | C8: Produto 1: Relatório de Análise Técnica Preliminar de Núcleos Urbanos Informais | D8: ='Insumos '!B10 -> Coordenador Geral | E8: hora | F8: ='Insumos '!H10 -> 0 | G8: 10 | H8: =ROUND((F8*G8),2) -> 0 | I8: =SUM(H8:H11) -> 0 | J8: =I8 -> 0
D9: ='Insumos '!B11 -> Arquiteto Sênior | E9: hora | F9: ='Insumos '!H11 -> 0 | G9: 21 | H9: =ROUND((F9*G9),2) -> 0
D10: ='Insumos '!B12 -> Arquiteto Pleno | E10: hora | F10: ='Insumos '!H12 -> 0 | G10: 26 | H10: =ROUND((F10*G10),2) -> 0
D11: ='Insumos '!B17 -> Digitador | E11: hora | F11: ='Insumos '!H17 -> 0 | G11: 21 | H11: =ROUND((F11*G11),2) -> 0
C12: Produto 2: Vistoria, Busca Documental e Relatório Fotográfico | D12: ='Insumos '!B10 -> Coordenador Geral | E12: hora | F12: ='Insumos '!H10 -> 0 | G12: 2 | H12: =ROUND((F12*G12),2) -> 0 | I12: =SUM(H12:H16) -> 0 | J12: =I12 -> 0
D13: =D9 -> Arquiteto Sênior | E13: hora | F13: ='Insumos '!H11 -> 0 | G13: 3 | H13: =ROUND((F13*G13),2) -> 0
D14: ='Insumos '!B14 -> Advogado Sênior | E14: hora | F14: ='Insumos '!H14 -> 0 | G14: 6 | H14: =ROUND((F14*G14),2) -> 0
D15: =D10 -> Arquiteto Pleno | E15: hora | F15: ='Insumos '!H12 -> 0 | G15: 7 | H15: =ROUND((F15*G15),2) -> 0
D16: ='Insumos '!B15 -> Auxiliar de Serviços Gerais | E16: hora | F16: ='Insumos '!H15 -> 0 | G16: 7 | H16: =ROUND((F16*G16),2) -> 0
C17: Produto 3: Diagnóstico | D17: ='Insumos '!B10 -> Coordenador Geral | E17: hora | F17: ='Insumos '!H10 -> 0 | G17: 5 | H17: =ROUND((F17*G17),2) -> 0 | I17: =SUM(H17:H20) -> 0 | J17: =I17 -> 0
D18: =D9 -> Arquiteto Sênior | E18: hora | F18: ='Insumos '!H11 -> 0 | G18: 11 | H18: =ROUND((F18*G18),2) -> 0
D19: =D14 -> Advogado Sênior | E19: hora | F19: ='Insumos '!H14 -> 0 | G19: 20 | H19: =ROUND((F19*G19),2) -> 0
D20: =D11 -> Digitador | E20: hora | F20: ='Insumos '!H17 -> 0 | G20: 13 | H20: =ROUND((F20*G20),2) -> 0
C21: Produto 4: Relatório de Levantamentos Planialtimétricos e Cadastrais | D21: ='Insumos '!B20 -> Levantamento Planialtimétrico Cadastral | E21: m² | F21: ='Insumos '!H20 -> 0 | G21: 11531 | H21: =ROUND((F21*G21),2) -> 0 | I21: =SUM(H21) -> 0 | J21: =I21 -> 0
C22: Produto 5: Plano de Regularização | D22: ='Insumos '!B10 -> Coordenador Geral | E22: hora | F22: ='Insumos '!H10 -> 0 | G22: 3 | H22: =ROUND((F22*G22),2) -> 0 | I22: =SUM(H22:H25) -> 0 | J22: =I22 -> 0
D23: =D9 -> Arquiteto Sênior | E23: hora | F23: ='Insumos '!H11 -> 0 | G23: 13 | H23: =ROUND((F23*G23),2) -> 0
D24: =D14 -> Advogado Sênior | E24: hora | F24: ='Insumos '!H14 -> 0 | G24: 18 | H24: =ROUND((F24*G24),2) -> 0
D25: =D11 -> Digitador | E25: hora | F25: ='Insumos '!H17 -> 0 | G25: 13 | H25: =ROUND((F25*G25),2) -> 0
C26: Produto 6: Relatório Consolidado de Notificações | D26: ='Insumos '!B10 -> Coordenador Geral | E26: hora | F26: ='Insumos '!H10 -> 0 | G26: 1 | H26: =ROUND((F26*G26),2) -> 0 | I26: =SUM(H26:H30) -> 0 | J26: =I26 -> 0
D27: =D9 -> Arquiteto Sênior | E27: hora | F27: ='Insumos '!H11 -> 0 | G27: 3 | H27: =ROUND((F27*G27),2) -> 0
D28: =D24 -> Advogado Sênior | E28: hora | F28: ='Insumos '!H14 -> 0 | G28: 5 | H28: =ROUND((F28*G28),2) -> 0
D29: =D16 -> Auxiliar de Serviços Gerais | E29: hora | F29: ='Insumos '!H15 -> 0 | G29: 4 | H29: =ROUND((F29*G29),2) -> 0
D30: =D25 -> Digitador | E30: hora | F30: ='Insumos '!H17 -> 0 | G30: 7 | H30: =ROUND((F30*G30),2) -> 0
C31: Produto 7: Relatório de Registro de Reuniões de Entrada | D31: ='Insumos '!B10 -> Coordenador Geral | E31: hora | F31: ='Insumos '!H10 -> 0 | G31: 1 | H31: =ROUND((F31*G31),2) -> 0 | I31: =SUM(H31:H35) -> 0 | J31: =I31 -> 0
D32: =D9 -> Arquiteto Sênior | E32: hora | F32: ='Insumos '!H11 -> 0 | G32: 4 | H32: =ROUND((F32*G32),2) -> 0
D33: =D28 -> Advogado Sênior | E33: hora | F33: ='Insumos '!H14 -> 0 | G33: 11 | H33: =ROUND((F33*G33),2) -> 0
D34: ='Insumos '!B16 -> Assistente Social Pleno | E34: hora | F34: ='Insumos '!H16 -> 0 | G34: 19 | H34: =ROUND((F34*G34),2) -> 0
D35: =D30 -> Digitador | E35: hora | F35: ='Insumos '!H17 -> 0 | G35: 9 | H35: =ROUND((F35*G35),2) -> 0
C36: Produto 8: Planta de Selagem e Congelamento Georreferenciados | D36: ='Insumos '!B10 -> Coordenador Geral | E36: hora | F36: ='Insumos '!H10 -> 0 | G36: 5 | H36: =ROUND((F36*G36),2) -> 0 | I36: =SUM(H36:H39) -> 0 | J36: =I36 -> 0
D37: =D9 -> Arquiteto Sênior | E37: hora | F37: ='Insumos '!H11 -> 0 | G37: 18 | H37: =ROUND((F37*G37),2) -> 0
D38: ='Insumos '!B13 -> Desenhista Projetista | E38: hora | F38: ='Insumos '!H13 -> 0 | G38: 35 | H38: =ROUND((F38*G38),2) -> 0
D39: =D34 -> Assistente Social Pleno | E39: hora | F39: ='Insumos '!H16 -> 0 | G39: 71 | H39: =ROUND((F39*G39),2) -> 0
C40: Produto 9: Relatório de Cadastro de Beneficiários | D40: ='Insumos '!B10 -> Coordenador Geral | E40: hora | F40: ='Insumos '!H10 -> 0 | G40: 6 | H40: =ROUND((F40*G40),2) -> 0 | I40: =SUM(H40:H44) -> 0 | J40: =I40 -> 0
D41: =D9 -> Arquiteto Sênior | E41: hora | F41: ='Insumos '!H11 -> 0 | G41: 22 | H41: =ROUND((F41*G41),2) -> 0
D42: =D33 -> Advogado Sênior | E42: hora | F42: ='Insumos '!H14 -> 0 | G42: 42 | H42: =ROUND((F42*G42),2) -> 0
D43: =D39 -> Assistente Social Pleno | E43: hora | F43: ='Insumos '!H16 -> 0 | G43: 57 | H43: =ROUND((F43*G43),2) -> 0
D44: =D35 -> Digitador | E44: hora | F44: ='Insumos '!H17 -> 0 | G44: 71 | H44: =ROUND((F44*G44),2) -> 0
C45: Produto 10: Elaboração de Plantas e demais Instrumentais Técnicos | D45: ='Insumos '!B10 -> Coordenador Geral | E45: hora | F45: ='Insumos '!H10 -> 0 | G45: 5 | H45: =ROUND((F45*G45),2) -> 0 | I45: =SUM(H45:H49) -> 0 | J45: =I45 -> 0
D46: =D9 -> Arquiteto Sênior | E46: hora | F46: ='Insumos '!H11 -> 0 | G46: 20 | H46: =ROUND((F46*G46),2) -> 0
D47: =D10 -> Arquiteto Pleno | E47: hora | F47: ='Insumos '!H12 -> 0 | G47: 36 | H47: =ROUND((F47*G47),2) -> 0
D48: =D38 -> Desenhista Projetista | E48: hora | F48: ='Insumos '!H13 -> 0 | G48: 36 | H48: =ROUND((F48*G48),2) -> 0
D49: =D44 -> Digitador | E49: hora | F49: ='Insumos '!H17 -> 0 | G49: 20 | H49: =ROUND((F49*G49),2) -> 0
C50: Subtotal Etapa I | I50: =SUM(I8:I49) -> 0
B51: ETAPA II: SUBSÍDIOS TÉCNICOS DESTINADOS À APROVAÇÃO MUNICIPAL DA REGULARIZAÇÃO | C51: Produto 11: Estudo Técnico Ambiental | D51: ='Insumos '!B10 -> Coordenador Geral | E51: hora | F51: ='Insumos '!H10 -> 0 | G51: 1 | H51: =ROUND((F51*G51),2) -> 0 | I51: =SUM(H51:H56) -> 0 | J51: =I51 -> 0
D52: =D9 -> Arquiteto Sênior | E52: hora | F52: ='Insumos '!H11 -> 0 | G52: 8 | H52: =ROUND((F52*G52),2) -> 0
D53: =D42 -> Advogado Sênior | E53: hora | F53: ='Insumos '!H14 -> 0 | G53: 4 | H53: =ROUND((F53*G53),2) -> 0
D54: =D10 -> Arquiteto Pleno | E54: hora | F54: ='Insumos '!H12 -> 0 | G54: 10 | H54: =ROUND((F54*G54),2) -> 0
D55: =D16 -> Auxiliar de Serviços Gerais | E55: hora | F55: ='Insumos '!H15 -> 0 | G55: 8 | H55: =ROUND((F55*G55),2) -> 0
D56: =D49 -> Digitador | E56: hora | F56: ='Insumos '!H17 -> 0 | G56: 8 | H56: =ROUND((F56*G56),2) -> 0
C57: Produto 12: Estudo Técnico em Área de Risco | D57: ='Insumos '!B10 -> Coordenador Geral | E57: hora | F57: ='Insumos '!H10 -> 0 | G57: 1 | H57: =ROUND((F57*G57),2) -> 0 | I57: =SUM(H57:H61) -> 0 | J57: =I57 -> 0
D58: =D9 -> Arquiteto Sênior | E58: hora | F58: ='Insumos '!H11 -> 0 | G58: 8 | H58: =ROUND((F58*G58),2) -> 0
D59: =D10 -> Arquiteto Pleno | E59: hora | F59: ='Insumos '!H12 -> 0 | G59: 10 | H59: =ROUND((F59*G59),2) -> 0
D60: =D55 -> Auxiliar de Serviços Gerais | E60: hora | F60: ='Insumos '!H15 -> 0 | G60: 8 | H60: =ROUND((F60*G60),2) -> 0
D61: =D56 -> Digitador | E61: hora | F61: ='Insumos '!H17 -> 0 | G61: 8 | H61: =ROUND((F61*G61),2) -> 0
C62: Produto 13: Anteprojeto Urbanístico de Regularização Fundiária | D62: ='Insumos '!B10 -> Coordenador Geral | E62: hora | F62: ='Insumos '!H10 -> 0 | G62: 6 | H62: =ROUND((F62*G62),2) -> 0 | I62: =SUM(H62:H64) -> 0 | J62: =I62 -> 0
D63: =D9 -> Arquiteto Sênior | E63: hora | F63: ='Insumos '!H11 -> 0 | G63: 28 | H63: =ROUND((F63*G63),2) -> 0
D64: =D48 -> Desenhista Projetista | E64: hora | F64: ='Insumos '!H13 -> 0 | G64: 27 | H64: =ROUND((F64*G64),2) -> 0
C65: Produto 14: Projeto de Regularização Fundiária | D65: ='Insumos '!B10 -> Coordenador Geral | E65: hora | F65: ='Insumos '!H10 -> 0 | G65: 4 | H65: =ROUND((F65*G65),2) -> 0 | I65: =SUM(H65:H67) -> 0 | J65: =I65 -> 0
D66: =D9 -> Arquiteto Sênior | E66: hora | F66: ='Insumos '!H11 -> 0 | G66: 18 | H66: =ROUND((F66*G66),2) -> 0
D67: =D64 -> Desenhista Projetista | E67: hora | F67: ='Insumos '!H13 -> 0 | G67: 18 | H67: =ROUND((F67*G67),2) -> 0
C68: Produto 15: Memoriais Descritivos | D68: ='Insumos '!B10 -> Coordenador Geral | E68: hora | F68: ='Insumos '!H10 -> 0 | G68: 4 | H68: =ROUND((F68*G68),2) -> 0 | I68: =SUM(H68:H71) -> 0 | J68: =I68 -> 0
D69: =D9 -> Arquiteto Sênior | E69: hora | F69: ='Insumos '!H11 -> 0 | G69: 19 | H69: =ROUND((F69*G69),2) -> 0
D70: =D10 -> Arquiteto Pleno | E70: hora | F70: ='Insumos '!H12 -> 0 | G70: 44 | H70: =ROUND((F70*G70),2) -> 0
D71: =D61 -> Digitador | E71: hora | F71: ='Insumos '!H17 -> 0 | G71: 28 | H71: =ROUND((F71*G71),2) -> 0
C72: Produto 16: Lista Preliminar de Beneficiários | D72: ='Insumos '!B10 -> Coordenador Geral | E72: hora | F72: ='Insumos '!H10 -> 0 | G72: 4 | H72: =ROUND((F72*G72),2) -> 0 | I72: =SUM(H72:H76) -> 0 | J72: =I72 -> 0
D73: =D9 -> Arquiteto Sênior | E73: hora | F73: ='Insumos '!H11 -> 0 | G73: 18 | H73: =ROUND((F73*G73),2) -> 0
D74: =D53 -> Advogado Sênior | E74: hora | F74: ='Insumos '!H14 -> 0 | G74: 42 | H74: =ROUND((F74*G74),2) -> 0
D75: =D43 -> Assistente Social Pleno | E75: hora | F75: ='Insumos '!H16 -> 0 | G75: 42 | H75: =ROUND((F75*G75),2) -> 0
D76: =D71 -> Digitador | E76: hora | F76: ='Insumos '!H17 -> 0 | G76: 14 | H76: =ROUND((F76*G76),2) -> 0
C77: Produto 17: Lista Final de Beneficiários | D77: ='Insumos '!B10 -> Coordenador Geral | E77: hora | F77: ='Insumos '!H10 -> 0 | G77: 1 | H77: =ROUND((F77*G77),2) -> 0 | I77: =SUM(H77:H81) -> 0 | J77: =I77 -> 0
D78: =D9 -> Arquiteto Sênior | E78: hora | F78: ='Insumos '!H11 -> 0 | G78: 4 | H78: =ROUND((F78*G78),2) -> 0
D79: =D74 -> Advogado Sênior | E79: hora | F79: ='Insumos '!H14 -> 0 | G79: 8 | H79: =ROUND((F79*G79),2) -> 0
D80: =D75 -> Assistente Social Pleno | E80: hora | F80: ='Insumos '!H16 -> 0 | G80: 14 | H80: =ROUND((F80*G80),2) -> 0
D81: =D76 -> Digitador | E81: hora | F81: ='Insumos '!H17 -> 0 | G81: 14 | H81: =ROUND((F81*G81),2) -> 0
C82: Produto 18: Cronograma de Intervenções e Termos de Compromisso | D82: ='Insumos '!B10 -> Coordenador Geral | E82: hora | F82: ='Insumos '!H10 -> 0 | G82: 1 | H82: =ROUND((F82*G82),2) -> 0 | I82: =SUM(H82:H85) -> 0 | J82: =I82 -> 0
D83: =D9 -> Arquiteto Sênior | E83: hora | F83: ='Insumos '!H11 -> 0 | G83: 5 | H83: =ROUND((F83*G83),2) -> 0
D84: =D10 -> Arquiteto Pleno | E84: hora | F84: ='Insumos '!H12 -> 0 | G84: 15 | H84: =ROUND((F84*G84),2) -> 0
D85: =D81 -> Digitador | E85: hora | F85: ='Insumos '!H17 -> 0 | G85: 10 | H85: =ROUND((F85*G85),2) -> 0
C86: Subtotal Etapa II | I86: =SUM(I51:I85) -> 0
B87: ETAPA III: SUBSÍDIOS TÉCNICOS NECESSÁRIOS PARA O REGISTRO DA REGULARIZAÇÃO | C87: Produto 19: Dossiê de Documentos Necessários à Instrução do Pedido de Registro | D87: ='Insumos '!B10 -> Coordenador Geral | E87: hora | F87: ='Insumos '!H10 -> 0 | G87: 6 | H87: =ROUND((F87*G87),2) -> 0 | I87: =SUM(H87:H89) -> 0 | J87: =I87 -> 0
D88: =D9 -> Arquiteto Sênior | E88: hora | F88: ='Insumos '!H11 -> 0 | G88: 28 | H88: =ROUND((F88*G88),2) -> 0
D89: =D85 -> Digitador | E89: hora | F89: ='Insumos '!H17 -> 0 | G89: 28 | H89: =ROUND((F89*G89),2) -> 0
C90: Subtotal Etapa III | I90: =SUM(I87) -> 0
B91: ETAPA IV: SUBSÍDIOS COMPLEMENTARES À REGULARIZAÇÃO FUNDIÁRIA | C91: Produto 20: Laudo Geotécnico e/ou Hidrológico | D91: ='Insumos '!B10 -> Coordenador Geral | E91: hora | F91: ='Insumos '!H10 -> 0 | G91: 1 | H91: =ROUND((F91*G91),2) -> 0 | I91: =SUM(H91:H95) -> 0 | J91: =I91 -> 0
D92: =D9 -> Arquiteto Sênior | E92: hora | F92: ='Insumos '!H11 -> 0 | G92: 4 | H92: =ROUND((F92*G92),2) -> 0
D93: =D10 -> Arquiteto Pleno | E93: hora | F93: ='Insumos '!H12 -> 0 | G93: 4 | H93: =ROUND((F93*G93),2) -> 0
D94: =D60 -> Auxiliar de Serviços Gerais | E94: hora | F94: ='Insumos '!H15 -> 0 | G94: 4 | H94: =ROUND((F94*G94),2) -> 0
D95: =D89 -> Digitador | E95: hora | F95: ='Insumos '!H17 -> 0 | G95: 8 | H95: =ROUND((F95*G95),2) -> 0
C96: Produto 21: Relatório Consolidado para Obtenção das Licenças | D96: ='Insumos '!B10 -> Coordenador Geral | E96: hora | F96: ='Insumos '!H10 -> 0 | G96: 3 | H96: =ROUND((F96*G96),2) -> 0 | I96: =SUM(H96:H98) -> 0 | J96: =I96 -> 0
D97: =D9 -> Arquiteto Sênior | E97: hora | F97: ='Insumos '!H11 -> 0 | G97: 10 | H97: =ROUND((F97*G97),2) -> 0
D98: =D95 -> Digitador | E98: hora | F98: ='Insumos '!H17 -> 0 | G98: 8 | H98: =ROUND((F98*G98),2) -> 0
C99: Produto 22: Relatório Mensal de Atividades | D99: Coordenador Geral | E99: hora | F99: ='Insumos '!H10 -> 0 | G99: 15 | H99: =ROUND((F99*G99),2) -> 0 | I99: =SUM(H99:H104) -> 0
D100: Arquiteto Sênior | E100: hora | F100: ='Insumos '!H11 -> 0 | G100: 26 | H100: =ROUND((F100*G100),2) -> 0
...

Sheet IMBUÍA
B1: ANEXO VIII – Modelo de Planilha de Proposta
B2: EMPRESA:
B3: CNPJ:
B4: REGULARIZAÇÃO FUNDIÁRIA DE NÚCLEOS DIVERSOS (1.051 Matrículas)
B5: PLANILHA ORÇAMENTÁRIA POR NÚCLEOS
B6: IMBUÍA
B7: Etapa | C7: Produto | D7: Insumos | E7: Unid. | F7: Preço de Venda | G7: Quantidade | H7: Valor Parcial | I7: Subtotal por Produto
B8: ETAPA I: SUBSÍDIOS TÉCNICOS PARA A REGULARIZAÇÃO FUNDIÁRIA | C8: Produto 1: Relatório de Análise Técnica Preliminar de Núcleos Urbanos Informais | D8: ='Insumos '!B10 -> Coordenador Geral | E8: hora | F8: ='Insumos '!H10 -> 0 | G8: 7 | H8: =ROUND((F8*G8),2) -> 0 | I8: =SUM(H8:H11) -> 0
D9: ='Insumos '!B11 -> Arquiteto Sênior | E9: hora | F9: ='Insumos '!H11 -> 0 | G9: 14 | H9: =ROUND((F9*G9),2) -> 0
D10: ='Insumos '!B12 -> Arquiteto Pleno | E10: hora | F10: ='Insumos '!H12 -> 0 | G10: 18 | H10: =ROUND((F10*G10),2) -> 0
D11: ='Insumos '!B17 -> Digitador | E11: hora | F11: ='Insumos '!H17 -> 0 | G11: 14 | H11: =ROUND((F11*G11),2) -> 0
C12: Produto 2: Vistoria, Busca Documental e Relatório Fotográfico | D12: ='Insumos '!B10 -> Coordenador Geral | E12: hora | F12: ='Insumos '!H10 -> 0 | G12: 1 | H12: =ROUND((F12*G12),2) -> 0 | I12: =SUM(H12:H16) -> 0
D13: =D9 -> Arquiteto Sênior | E13: hora | F13: ='Insumos '!H11 -> 0 | G13: 2 | H13: =ROUND((F13*G13),2) -> 0
D14: ='Insumos '!B14 -> Advogado Sênior | E14: hora | F14: ='Insumos '!H14 -> 0 | G14: 4 | H14: =ROUND((F14*G14),2) -> 0
D15: =D10 -> Arquiteto Pleno | E15: hora | F15: ='Insumos '!H12 -> 0 | G15: 5 | H15: =ROUND((F15*G15),2) -> 0
D16: ='Insumos '!B15 -> Auxiliar de Serviços Gerais | E16: hora | F16: ='Insumos '!H15 -> 0 | G16: 5 | H16: =ROUND((F16*G16),2) -> 0
C17: Produto 3: Diagnóstico | D17: ='Insumos '!B10 -> Coordenador Geral | E17: hora | F17: ='Insumos '!H10 -> 0 | G17: 3 | H17: =ROUND((F17*G17),2) -> 0 | I17: =SUM(H17:H20) -> 0
D18: =D9 -> Arquiteto Sênior | E18: hora | F18: ='Insumos '!H11 -> 0 | G18: 7 | H18: =ROUND((F18*G18),2) -> 0
D19: =D14 -> Advogado Sênior | E19: hora | F19: ='Insumos '!H14 -> 0 | G19: 13 | H19: =ROUND((F19*G19),2) -> 0
D20: =D11 -> Digitador | E20: hora | F20: ='Insumos '!H17 -> 0 | G20: 9 | H20: =ROUND((F20*G20),2) -> 0
C21: Produto 4: Relatório de Levantamentos Planialtimétricos e Cadastrais | D21: ='Insumos '!B20 -> Levantamento Planialtimétrico Cadastral | E21: m² | F21: ='Insumos '!H20 -> 0 | G21: 7658 | H21: =ROUND((F21*G21),2) -> 0 | I21: =SUM(H21) -> 0
C22: Produto 5: Plano de Regularização | D22: ='Insumos '!B10 -> Coordenador Geral | E22: hora | F22: ='Insumos '!H10 -> 0 | G22: 2 | H22: =ROUND((F22*G22),2) -> 0 | I22: =SUM(H22:H25) -> 0
D23: =D9 -> Arquiteto Sênior | E23: hora | F23: ='Insumos '!H11 -> 0 | G23: 9 | H23: =ROUND((F23*G23),2) -> 0
D24: =D14 -> Advogado Sênior | E24: hora | F24: ='Insumos '!H14 -> 0 | G24: 12 | H24: =ROUND((F24*G24),2) -> 0
D25: =D11 -> Digitador | E25: hora | F25: ='Insumos '!H17 -> 0 | G25: 9 | H25: =ROUND((F25*G25),2) -> 0
C26: Produto 6: Relatório Consolidado de Notificações | D26: ='Insumos '!B10 -> Coordenador Geral | E26: hora | F26: ='Insumos '!H10 -> 0 | G26: 1 | H26: =ROUND((F26*G26),2) -> 0 | I26: =SUM(H26:H30) -> 0
D27: =D9 -> Arquiteto Sênior | E27: hora | F27: ='Insumos '!H11 -> 0 | G27: 2 | H27: =ROUND((F27*G27),2) -> 0
D28: =D24 -> Advogado Sênior | E28: hora | F28: ='Insumos '!H14 -> 0 | G28: 4 | H28: =ROUND((F28*G28),2) -> 0
D29: =D16 -> Auxiliar de Serviços Gerais | E29: hora | F29: ='Insumos '!H15 -> 0 | G29: 2 | H29: =ROUND((F29*G29),2) -> 0
D30: =D25 -> Digitador | E30: hora | F30: ='Insumos '!H17 -> 0 | G30: 5 | H30: =ROUND((F30*G30),2) -> 0
C31: Produto 7: Relatório de Registro de Reuniões de Entrada | D31: ='Insumos '!B10 -> Coordenador Geral | E31: hora | F31: ='Insumos '!H10 -> 0 | G31: 1 | H31: =ROUND((F31*G31),2) -> 0 | I31: =SUM(H31:H35) -> 0
D32: =D9 -> Arquiteto Sênior | E32: hora | F32: ='Insumos '!H11 -> 0 | G32: 4 | H32: =ROUND((F32*G32),2) -> 0
D33: =D28 -> Advogado Sênior | E33: hora | F33: ='Insumos '!H14 -> 0 | G33: 11 | H33: =ROUND((F33*G33),2) -> 0
D34: ='Insumos '!B16 -> Assistente Social Pleno | E34: hora | F34: ='Insumos '!H16 -> 0 | G34: 20 | H34: =ROUND((F34*G34),2) -> 0
D35: =D30 -> Digitador | E35: hora | F35: ='Insumos '!H17 -> 0 | G35: 9 | H35: =ROUND((F35*G35),2) -> 0
C36: Produto 8: Planta de Selagem e Congelamento Georreferenciados | D36: ='Insumos '!B10 -> Coordenador Geral | E36: hora | F36: ='Insumos '!H10 -> 0 | G36: 5 | H36: =ROUND((F36*G36),2) -> 0 | I36: =SUM(H36:H39) -> 0
D37: =D9 -> Arquiteto Sênior | E37: hora | F37: ='Insumos '!H11 -> 0 | G37: 18 | H37: =ROUND((F37*G37),2) -> 0
D38: ='Insumos '!B13 -> Desenhista Projetista | E38: hora | F38: ='Insumos '!H13 -> 0 | G38: 36 | H38: =ROUND((F38*G38),2) -> 0
D39: =D34 -> Assistente Social Pleno | E39: hora | F39: ='Insumos '!H16 -> 0 | G39: 72 | H39: =ROUND((F39*G39),2) -> 0
C40: Produto 9: Relatório de Cadastro de Beneficiários | D40: ='Insumos '!B10 -> Coordenador Geral | E40: hora | F40: ='Insumos '!H10 -> 0 | G40: 6 | H40: =ROUND((F40*G40),2) -> 0 | I40: =SUM(H40:H44) -> 0
D41: =D9 -> Arquiteto Sênior | E41: hora | F41: ='Insumos '!H11 -> 0 | G41: 22 | H41: =ROUND((F41*G41),2) -> 0
D42: =D33 -> Advogado Sênior | E42: hora | F42: ='Insumos '!H14 -> 0 | G42: 43 | H42: =ROUND((F42*G42),2) -> 0
D43: =D39 -> Assistente Social Pleno | E43: hora | F43: ='Insumos '!H16 -> 0 | G43: 58 | H43: =ROUND((F43*G43),2) -> 0
D44: =D35 -> Digitador | E44: hora | F44: ='Insumos '!H17 -> 0 | G44: 72 | H44: =ROUND((F44*G44),2) -> 0
C45: Produto 10: Elaboração de Plantas e demais Instrumentais Técnicos | D45: ='Insumos '!B10 -> Coordenador Geral | E45: hora | F45: ='Insumos '!H10 -> 0 | G45: 3 | H45: =ROUND((F45*G45),2) -> 0 | I45: =SUM(H45:H49) -> 0
D46: =D9 -> Arquiteto Sênior | E46: hora | F46: ='Insumos '!H11 -> 0 | G46: 13 | H46: =ROUND((F46*G46),2) -> 0
D47: =D10 -> Arquiteto Pleno | E47: hora | F47: ='Insumos '!H12 -> 0 | G47: 24 | H47: =ROUND((F47*G47),2) -> 0
D48: =D38 -> Desenhista Projetista | E48: hora | F48: ='Insumos '!H13 -> 0 | G48: 24 | H48: =ROUND((F48*G48),2) -> 0
D49: =D44 -> Digitador | E49: hora | F49: ='Insumos '!H17 -> 0 | G49: 13 | H49: =ROUND((F49*G49),2) -> 0
C50: Subtotal Etapa I | I50: =SUM(I8:I49) -> 0
B51: ETAPA II: SUBSÍDIOS TÉCNICOS DESTINADOS À APROVAÇÃO MUNICIPAL DA REGULARIZAÇÃO | C51: Produto 11: Estudo Técnico Ambiental | D51: ='Insumos '!B10 -> Coordenador Geral | E51: hora | F51: ='Insumos '!H10 -> 0 | G51: 1 | H51: =ROUND((F51*G51),2) -> 0 | I51: =SUM(H51:H56) -> 0
D52: =D9 -> Arquiteto Sênior | E52: hora | F52: ='Insumos '!H11 -> 0 | G52: 4 | H52: =ROUND((F52*G52),2) -> 0
D53: =D42 -> Advogado Sênior | E53: hora | F53: ='Insumos '!H14 -> 0 | G53: 3 | H53: =ROUND((F53*G53),2) -> 0
D54: =D10 -> Arquiteto Pleno | E54: hora | F54: ='Insumos '!H12 -> 0 | G54: 7 | H54: =ROUND((F54*G54),2) -> 0
D55: =D16 -> Auxiliar de Serviços Gerais | E55: hora | F55: ='Insumos '!H15 -> 0 | G55: 4 | H55: =ROUND((F55*G55),2) -> 0
D56: =D49 -> Digitador | E56: hora | F56: ='Insumos '!H17 -> 0 | G56: 4 | H56: =ROUND((F56*G56),2) -> 0
C57: Produto 12: Estudo Técnico em Área de Risco | D57: ='Insumos '!B10 -> Coordenador Geral | E57: hora | F57: ='Insumos '!H10 -> 0 | G57: 1 | H57: =ROUND((F57*G57),2) -> 0 | I57: =SUM(H57:H61) -> 0
D58: =D9 -> Arquiteto Sênior | E58: hora | F58: ='Insumos '!H11 -> 0 | G58: 4 | H58: =ROUND((F58*G58),2) -> 0
D59: =D10 -> Arquiteto Pleno | E59: hora | F59: ='Insumos '!H12 -> 0 | G59: 8 | H59: =ROUND((F59*G59),2) -> 0
D60: =D55 -> Auxiliar de Serviços Gerais | E60: hora | F60: ='Insumos '!H15 -> 0 | G60: 4 | H60: =ROUND((F60*G60),2) -> 0
D61: =D56 -> Digitador | E61: hora | F61: ='Insumos '!H17 -> 0 | G61: 5 | H61: =ROUND((F61*G61),2) -> 0
C62: Produto 13: Anteprojeto Urbanístico de Regularização Fundiária | D62: ='Insumos '!B10 -> Coordenador Geral | E62: hora | F62: ='Insumos '!H10 -> 0 | G62: 4 | H62: =ROUND((F62*G62),2) -> 0 | I62: =SUM(H62:H64) -> 0
D63: =D9 -> Arquiteto Sênior | E63: hora | F63: ='Insumos '!H11 -> 0 | G63: 18 | H63: =ROUND((F63*G63),2) -> 0
D64: =D48 -> Desenhista Projetista | E64: hora | F64: ='Insumos '!H13 -> 0 | G64: 18 | H64: =ROUND((F64*G64),2) -> 0
C65: Produto 14: Projeto de Regularização Fundiária | D65: ='Insumos '!B10 -> Coordenador Geral | E65: hora | F65: ='Insumos '!H10 -> 0 | G65: 3 | H65: =ROUND((F65*G65),2) -> 0 | I65: =SUM(H65:H67) -> 0
D66: =D9 -> Arquiteto Sênior | E66: hora | F66: ='Insumos '!H11 -> 0 | G66: 12 | H66: =ROUND((F66*G66),2) -> 0
D67: =D64 -> Desenhista Projetista | E67: hora | F67: ='Insumos '!H13 -> 0 | G67: 12 | H67: =ROUND((F67*G67),2) -> 0
C68: Produto 15: Memoriais Descritivos | D68: ='Insumos '!B10 -> Coordenador Geral | E68: hora | F68: ='Insumos '!H10 -> 0 | G68: 5 | H68: =ROUND((F68*G68),2) -> 0 | I68: =SUM(H68:H71) -> 0
D69: =D9 -> Arquiteto Sênior | E69: hora | F69: ='Insumos '!H11 -> 0 | G69: 20 | H69: =ROUND((F69*G69),2) -> 0
D70: =D10 -> Arquiteto Pleno | E70: hora | F70: ='Insumos '!H12 -> 0 | G70: 44 | H70: =ROUND((F70*G70),2) -> 0
D71: =D61 -> Digitador | E71: hora | F71: ='Insumos '!H17 -> 0 | G71: 30 | H71: =ROUND((F71*G71),2) -> 0
C72: Produto 16: Lista Preliminar de Beneficiários | D72: ='Insumos '!B10 -> Coordenador Geral | E72: hora | F72: ='Insumos '!H10 -> 0 | G72: 4 | H72: =ROUND((F72*G72),2) -> 0 | I72: =SUM(H72:H76) -> 0
D73: =D9 -> Arquiteto Sênior | E73: hora | F73: ='Insumos '!H11 -> 0 | G73: 18 | H73: =ROUND((F73*G73),2) -> 0
D74: =D53 -> Advogado Sênior | E74: hora | F74: ='Insumos '!H14 -> 0 | G74: 44 | H74: =ROUND((F74*G74),2) -> 0
D75: =D43 -> Assistente Social Pleno | E75: hora | F75: ='Insumos '!H16 -> 0 | G75: 44 | H75: =ROUND((F75*G75),2) -> 0
D76: =D71 -> Digitador | E76: hora | F76: ='Insumos '!H17 -> 0 | G76: 16 | H76: =ROUND((F76*G76),2) -> 0
C77: Produto 17: Lista Final de Beneficiários | D77: ='Insumos '!B10 -> Coordenador Geral | E77: hora | F77: ='Insumos '!H10 -> 0 | G77: 1 | H77: =ROUND((F77*G77),2) -> 0 | I77: =SUM(H77:H81) -> 0
D78: =D9 -> Arquiteto Sênior | E78: hora | F78: ='Insumos '!H11 -> 0 | G78: 4 | H78: =ROUND((F78*G78),2) -> 0
D79: =D74 -> Advogado Sênior | E79: hora | F79: ='Insumos '!H14 -> 0 | G79: 7 | H79: =ROUND((F79*G79),2) -> 0
D80: =D75 -> Assistente Social Pleno | E80: hora | F80: ='Insumos '!H16 -> 0 | G80: 14 | H80: =ROUND((F80*G80),2) -> 0
D81: =D76 -> Digitador | E81: hora | F81: ='Insumos '!H17 -> 0 | G81: 14 | H81: =ROUND((F81*G81),2) -> 0
C82: Produto 18: Cronograma de Intervenções e Termos de Compromisso | D82: ='Insumos '!B10 -> Coordenador Geral | E82: hora | F82: ='Insumos '!H10 -> 0 | G82: 1 | H82: =ROUND((F82*G82),2) -> 0 | I82: =SUM(H82:H85) -> 0
D83: =D9 -> Arquiteto Sênior | E83: hora | F83: ='Insumos '!H11 -> 0 | G83: 3 | H83: =ROUND((F83*G83),2) -> 0
D84: =D10 -> Arquiteto Pleno | E84: hora | F84: ='Insumos '!H12 -> 0 | G84: 10 | H84: =ROUND((F84*G84),2) -> 0
D85: =D81 -> Digitador | E85: hora | F85: ='Insumos '!H17 -> 0 | G85: 6 | H85: =ROUND((F85*G85),2) -> 0
C86: Subtotal Etapa II | I86: =SUM(I51:I85) -> 0
B87: ETAPA III: SUBSÍDIOS TÉCNICOS NECESSÁRIOS PARA O REGISTRO DA REGULARIZAÇÃO | C87: Produto 19: Dossiê de Documentos Necessários à Instrução do Pedido de Registro | D87: ='Insumos '!B10 -> Coordenador Geral | E87: hora | F87: ='Insumos '!H10 -> 0 | G87: 7 | H87: =ROUND((F87*G87),2) -> 0 | I87: =SUM(H87:H89) -> 0
D88: =D9 -> Arquiteto Sênior | E88: hora | F88: ='Insumos '!H11 -> 0 | G88: 29 | H88: =ROUND((F88*G88),2) -> 0
D89: =D85 -> Digitador | E89: hora | F89: ='Insumos '!H17 -> 0 | G89: 29 | H89: =ROUND((F89*G89),2) -> 0
C90: Subtotal Etapa III | I90: =SUM(I87) -> 0
B91: ETAPA IV: SUBSÍDIOS COMPLEMENTARES À REGULARIZAÇÃO FUNDIÁRIA | C91: Produto 20: Laudo Geotécnico e/ou Hidrológico | D91: ='Insumos '!B10 -> Coordenador Geral | E91: hora | F91: ='Insumos '!H10 -> 0 | G91: 1 | H91: =ROUND((F91*G91),2) -> 0 | I91: =SUM(H91:H95) -> 0
D92: =D9 -> Arquiteto Sênior | E92: hora | F92: ='Insumos '!H11 -> 0 | G92: 4 | H92: =ROUND((F92*G92),2) -> 0
D93: =D10 -> Arquiteto Pleno | E93: hora | F93: ='Insumos '!H12 -> 0 | G93: 3 | H93: =ROUND((F93*G93),2) -> 0
D94: =D60 -> Auxiliar de Serviços Gerais | E94: hora | F94: ='Insumos '!H15 -> 0 | G94: 3 | H94: =ROUND((F94*G94),2) -> 0
D95: =D89 -> Digitador | E95: hora | F95: ='Insumos '!H17 -> 0 | G95: 4 | H95: =ROUND((F95*G95),2) -> 0
C96: Produto 21: Relatório Consolidado para Obtenção das Licenças | D96: ='Insumos '!B10 -> Coordenador Geral | E96: hora | F96: ='Insumos '!H10 -> 0 | G96: 2 | H96: =ROUND((F96*G96),2) -> 0 | I96: =SUM(H96:H98) -> 0
D97: =D9 -> Arquiteto Sênior | E97: hora | F97: ='Insumos '!H11 -> 0 | G97: 10 | H97: =ROUND((F97*G97),2) -> 0
D98: =D95 -> Digitador | E98: hora | F98: ='Insumos '!H17 -> 0 | G98: 9 | H98: =ROUND((F98*G98),2) -> 0
C99: Produto 22: Relatório Mensal de Atividades | D99: Coordenador Geral | E99: hora | F99: ='Insumos '!H10 -> 0 | G99: 16 | H99: =ROUND((F99*G99),2) -> 0 | I99: =SUM(H99:H104) -> 0
D100: Arquiteto Sênior | E100: hora | F100: ='Insumos '!H11 -> 0 | G100: 26 | H100: =ROUND((F100*G100),2) -> 0
...

Sheet LOURIVAL DE ALMEIDA
B1: ANEXO VIII – Modelo de Planilha de Proposta
B2: EMPRESA:
B3: CNPJ:
B4: REGULARIZAÇÃO FUNDIÁRIA DE NÚCLEOS DIVERSOS (1.051 Matrículas)
B5: PLANILHA ORÇAMENTÁRIA POR NÚCLEOS
B6: LOURIVAL DE ALMEIDA
B7: Etapa | C7: Produto | D7: Insumos | E7: Unid. | F7: Preço de Venda | G7: Quantidade | H7: Valor Parcial | I7: Subtotal por Produto
B8: ETAPA I: SUBSÍDIOS TÉCNICOS PARA A REGULARIZAÇÃO FUNDIÁRIA | C8: Produto 1: Relatório de Análise Técnica Preliminar de Núcleos Urbanos Informais | D8: ='Insumos '!B10 -> Coordenador Geral | E8: hora | F8: ='Insumos '!H10 -> 0 | G8: 3 | H8: =ROUND((F8*G8),2) -> 0 | I8: =SUM(H8:H11) -> 0
D9: ='Insumos '!B11 -> Arquiteto Sênior | E9: hora | F9: ='Insumos '!H11 -> 0 | G9: 6 | H9: =ROUND((F9*G9),2) -> 0
D10: ='Insumos '!B12 -> Arquiteto Pleno | E10: hora | F10: ='Insumos '!H12 -> 0 | G10: 7 | H10: =ROUND((F10*G10),2) -> 0
D11: ='Insumos '!B17 -> Digitador | E11: hora | F11: ='Insumos '!H17 -> 0 | G11: 6 | H11: =ROUND((F11*G11),2) -> 0
C12: Produto 2: Vistoria, Busca Documental e Relatório Fotográfico | D12: ='Insumos '!B10 -> Coordenador Geral | E12: hora | F12: ='Insumos '!H10 -> 0 | G12: 1 | H12: =ROUND((F12*G12),2) -> 0 | I12: =SUM(H12:H16) -> 0
D13: =D9 -> Arquiteto Sênior | E13: hora | F13: ='Insumos '!H11 -> 0 | G13: 1 | H13: =ROUND((F13*G13),2) -> 0
D14: ='Insumos '!B14 -> Advogado Sênior | E14: hora | F14: ='Insumos '!H14 -> 0 | G14: 2 | H14: =ROUND((F14*G14),2) -> 0
D15: =D10 -> Arquiteto Pleno | E15: hora | F15: ='Insumos '!H12 -> 0 | G15: 2 | H15: =ROUND((F15*G15),2) -> 0
D16: ='Insumos '!B15 -> Auxiliar de Serviços Gerais | E16: hora | F16: ='Insumos '!H15 -> 0 | G16: 2 | H16: =ROUND((F16*G16),2) -> 0
C17: Produto 3: Diagnóstico | D17: ='Insumos '!B10 -> Coordenador Geral | E17: hora | F17: ='Insumos '!H10 -> 0 | G17: 1 | H17: =ROUND((F17*G17),2) -> 0 | I17: =SUM(H17:H20) -> 0
D18: =D9 -> Arquiteto Sênior | E18: hora | F18: ='Insumos '!H11 -> 0 | G18: 3 | H18: =ROUND((F18*G18),2) -> 0
D19: =D14 -> Advogado Sênior | E19: hora | F19: ='Insumos '!H14 -> 0 | G19: 5 | H19: =ROUND((F19*G19),2) -> 0
D20: =D11 -> Digitador | E20: hora | F20: ='Insumos '!H17 -> 0 | G20: 4 | H20: =ROUND((F20*G20),2) -> 0
C21: Produto 4: Relatório de Levantamentos Planialtimétricos e Cadastrais | D21: ='Insumos '!B20 -> Levantamento Planialtimétrico Cadastral | E21: m² | F21: ='Insumos '!H20 -> 0 | G21: 3072 | H21: =ROUND((F21*G21),2) -> 0 | I21: =SUM(H21) -> 0
C22: Produto 5: Plano de Regularização | D22: ='Insumos '!B10 -> Coordenador Geral | E22: hora | F22: ='Insumos '!H10 -> 0 | G22: 1 | H22: =ROUND((F22*G22),2) -> 0 | I22: =SUM(H22:H25) -> 0
D23: =D9 -> Arquiteto Sênior | E23: hora | F23: ='Insumos '!H11 -> 0 | G23: 4 | H23: =ROUND((F23*G23),2) -> 0
D24: =D14 -> Advogado Sênior | E24: hora | F24: ='Insumos '!H14 -> 0 | G24: 5 | H24: =ROUND((F24*G24),2) -> 0
D25: =D11 -> Digitador | E25: hora | F25: ='Insumos '!H17 -> 0 | G25: 4 | H25: =ROUND((F25*G25),2) -> 0
C26: Produto 6: Relatório Consolidado de Notificações | D26: ='Insumos '!B10 -> Coordenador Geral | E26: hora | F26: ='Insumos '!H10 -> 0 | G26: 1 | H26: =ROUND((F26*G26),2) -> 0 | I26: =SUM(H26:H30) -> 0
D27: =D9 -> Arquiteto Sênior | E27: hora | F27: ='Insumos '!H11 -> 0 | G27: 1 | H27: =ROUND((F27*G27),2) -> 0
D28: =D24 -> Advogado Sênior | E28: hora | F28: ='Insumos '!H14 -> 0 | G28: 1 | H28: =ROUND((F28*G28),2) -> 0
D29: =D16 -> Auxiliar de Serviços Gerais | E29: hora | F29: ='Insumos '!H15 -> 0 | G29: 1 | H29: =ROUND((F29*G29),2) -> 0
D30: =D25 -> Digitador | E30: hora | F30: ='Insumos '!H17 -> 0 | G30: 2 | H30: =ROUND((F30*G30),2) -> 0
C31: Produto 7: Relatório de Registro de Reuniões de Entrada | D31: ='Insumos '!B10 -> Coordenador Geral | E31: hora | F31: ='Insumos '!H10 -> 0 | G31: 1 | H31: =ROUND((F31*G31),2) -> 0 | I31: =SUM(H31:H35) -> 0
D32: =D9 -> Arquiteto Sênior | E32: hora | F32: ='Insumos '!H11 -> 0 | G32: 1 | H32: =ROUND((F32*G32),2) -> 0
D33: =D28 -> Advogado Sênior | E33: hora | F33: ='Insumos '!H14 -> 0 | G33: 4 | H33: =ROUND((F33*G33),2) -> 0
D34: ='Insumos '!B16 -> Assistente Social Pleno | E34: hora | F34: ='Insumos '!H16 -> 0 | G34: 6 | H34: =ROUND((F34*G34),2) -> 0
D35: =D30 -> Digitador | E35: hora | F35: ='Insumos '!H17 -> 0 | G35: 3 | H35: =ROUND((F35*G35),2) -> 0
C36: Produto 8: Planta de Selagem e Congelamento Georreferenciados | D36: ='Insumos '!B10 -> Coordenador Geral | E36: hora | F36: ='Insumos '!H10 -> 0 | G36: 2 | H36: =ROUND((F36*G36),2) -> 0 | I36: =SUM(H36:H39) -> 0
D37: =D9 -> Arquiteto Sênior | E37: hora | F37: ='Insumos '!H11 -> 0 | G37: 6 | H37: =ROUND((F37*G37),2) -> 0
D38: ='Insumos '!B13 -> Desenhista Projetista | E38: hora | F38: ='Insumos '!H13 -> 0 | G38: 12 | H38: =ROUND((F38*G38),2) -> 0
D39: =D34 -> Assistente Social Pleno | E39: hora | F39: ='Insumos '!H16 -> 0 | G39: 24 | H39: =ROUND((F39*G39),2) -> 0
C40: Produto 9: Relatório de Cadastro de Beneficiários | D40: ='Insumos '!B10 -> Coordenador Geral | E40: hora | F40: ='Insumos '!H10 -> 0 | G40: 2 | H40: =ROUND((F40*G40),2) -> 0 | I40: =SUM(H40:H44) -> 0
D41: =D9 -> Arquiteto Sênior | E41: hora | F41: ='Insumos '!H11 -> 0 | G41: 7 | H41: =ROUND((F41*G41),2) -> 0
D42: =D33 -> Advogado Sênior | E42: hora | F42: ='Insumos '!H14 -> 0 | G42: 14 | H42: =ROUND((F42*G42),2) -> 0
D43: =D39 -> Assistente Social Pleno | E43: hora | F43: ='Insumos '!H16 -> 0 | G43: 19 | H43: =ROUND((F43*G43),2) -> 0
D44: =D35 -> Digitador | E44: hora | F44: ='Insumos '!H17 -> 0 | G44: 24 | H44: =ROUND((F44*G44),2) -> 0
C45: Produto 10: Elaboração de Plantas e demais Instrumentais Técnicos | D45: ='Insumos '!B10 -> Coordenador Geral | E45: hora | F45: ='Insumos '!H10 -> 0 | G45: 1 | H45: =ROUND((F45*G45),2) -> 0 | I45: =SUM(H45:H49) -> 0
D46: =D9 -> Arquiteto Sênior | E46: hora | F46: ='Insumos '!H11 -> 0 | G46: 5 | H46: =ROUND((F46*G46),2) -> 0
D47: =D10 -> Arquiteto Pleno | E47: hora | F47: ='Insumos '!H12 -> 0 | G47: 10 | H47: =ROUND((F47*G47),2) -> 0
D48: =D38 -> Desenhista Projetista | E48: hora | F48: ='Insumos '!H13 -> 0 | G48: 10 | H48: =ROUND((F48*G48),2) -> 0
D49: =D44 -> Digitador | E49: hora | F49: ='Insumos '!H17 -> 0 | G49: 5 | H49: =ROUND((F49*G49),2) -> 0
C50: Subtotal Etapa I | I50: =SUM(I8:I49) -> 0
B51: ETAPA II: SUBSÍDIOS TÉCNICOS DESTINADOS À APROVAÇÃO MUNICIPAL DA REGULARIZAÇÃO | C51: Produto 11: Estudo Técnico Ambiental | D51: ='Insumos '!B10 -> Coordenador Geral | E51: hora | F51: ='Insumos '!H10 -> 0 | G51: 1 | H51: =ROUND((F51*G51),2) -> 0 | I51: =SUM(H51:H56) -> 0
D52: =D9 -> Arquiteto Sênior | E52: hora | F52: ='Insumos '!H11 -> 0 | G52: 2 | H52: =ROUND((F52*G52),2) -> 0
D53: =D42 -> Advogado Sênior | E53: hora | F53: ='Insumos '!H14 -> 0 | G53: 1 | H53: =ROUND((F53*G53),2) -> 0
D54: =D10 -> Arquiteto Pleno | E54: hora | F54: ='Insumos '!H12 -> 0 | G54: 3 | H54: =ROUND((F54*G54),2) -> 0
D55: =D16 -> Auxiliar de Serviços Gerais | E55: hora | F55: ='Insumos '!H15 -> 0 | G55: 2 | H55: =ROUND((F55*G55),2) -> 0
D56: =D49 -> Digitador | E56: hora | F56: ='Insumos '!H17 -> 0 | G56: 2 | H56: =ROUND((F56*G56),2) -> 0
C57: Produto 12: Estudo Técnico em Área de Risco | D57: ='Insumos '!B10 -> Coordenador Geral | E57: hora | F57: ='Insumos '!H10 -> 0 | G57: 1 | H57: =ROUND((F57*G57),2) -> 0 | I57: =SUM(H57:H61) -> 0
D58: =D9 -> Arquiteto Sênior | E58: hora | F58: ='Insumos '!H11 -> 0 | G58: 2 | H58: =ROUND((F58*G58),2) -> 0
D59: =D10 -> Arquiteto Pleno | E59: hora | F59: ='Insumos '!H12 -> 0 | G59: 3 | H59: =ROUND((F59*G59),2) -> 0
D60: =D55 -> Auxiliar de Serviços Gerais | E60: hora | F60: ='Insumos '!H15 -> 0 | G60: 2 | H60: =ROUND((F60*G60),2) -> 0
D61: =D56 -> Digitador | E61: hora | F61: ='Insumos '!H17 -> 0 | G61: 2 | H61: =ROUND((F61*G61),2) -> 0
C62: Produto 13: Anteprojeto Urbanístico de Regularização Fundiária | D62: ='Insumos '!B10 -> Coordenador Geral | E62: hora | F62: ='Insumos '!H10 -> 0 | G62: 2 | H62: =ROUND((F62*G62),2) -> 0 | I62: =SUM(H62:H64) -> 0
D63: =D9 -> Arquiteto Sênior | E63: hora | F63: ='Insumos '!H11 -> 0 | G63: 7 | H63: =ROUND((F63*G63),2) -> 0
D64: =D48 -> Desenhista Projetista | E64: hora | F64: ='Insumos '!H13 -> 0 | G64: 7 | H64: =ROUND((F64*G64),2) -> 0
C65: Produto 14: Projeto de Regularização Fundiária | D65: ='Insumos '!B10 -> Coordenador Geral | E65: hora | F65: ='Insumos '!H10 -> 0 | G65: 1 | H65: =ROUND((F65*G65),2) -> 0 | I65: =SUM(H65:H67) -> 0
D66: =D9 -> Arquiteto Sênior | E66: hora | F66: ='Insumos '!H11 -> 0 | G66: 5 | H66: =ROUND((F66*G66),2) -> 0
D67: =D64 -> Desenhista Projetista | E67: hora | F67: ='Insumos '!H13 -> 0 | G67: 5 | H67: =ROUND((F67*G67),2) -> 0
C68: Produto 15: Memoriais Descritivos | D68: ='Insumos '!B10 -> Coordenador Geral | E68: hora | F68: ='Insumos '!H10 -> 0 | G68: 2 | H68: =ROUND((F68*G68),2) -> 0 | I68: =SUM(H68:H71) -> 0
D69: =D9 -> Arquiteto Sênior | E69: hora | F69: ='Insumos '!H11 -> 0 | G69: 8 | H69: =ROUND((F69*G69),2) -> 0
D70: =D10 -> Arquiteto Pleno | E70: hora | F70: ='Insumos '!H12 -> 0 | G70: 15 | H70: =ROUND((F70*G70),2) -> 0
D71: =D61 -> Digitador | E71: hora | F71: ='Insumos '!H17 -> 0 | G71: 10 | H71: =ROUND((F71*G71),2) -> 0
C72: Produto 16: Lista Preliminar de Beneficiários | D72: ='Insumos '!B10 -> Coordenador Geral | E72: hora | F72: ='Insumos '!H10 -> 0 | G72: 1 | H72: =ROUND((F72*G72),2) -> 0 | I72: =SUM(H72:H76) -> 0
D73: =D9 -> Arquiteto Sênior | E73: hora | F73: ='Insumos '!H11 -> 0 | G73: 6 | H73: =ROUND((F73*G73),2) -> 0
D74: =D53 -> Advogado Sênior | E74: hora | F74: ='Insumos '!H14 -> 0 | G74: 14 | H74: =ROUND((F74*G74),2) -> 0
D75: =D43 -> Assistente Social Pleno | E75: hora | F75: ='Insumos '!H16 -> 0 | G75: 14 | H75: =ROUND((F75*G75),2) -> 0
D76: =D71 -> Digitador | E76: hora | F76: ='Insumos '!H17 -> 0 | G76: 5 | H76: =ROUND((F76*G76),2) -> 0
C77: Produto 17: Lista Final de Beneficiários | D77: ='Insumos '!B10 -> Coordenador Geral | E77: hora | F77: ='Insumos '!H10 -> 0 | G77: 1 | H77: =ROUND((F77*G77),2) -> 0 | I77: =SUM(H77:H81) -> 0
D78: =D9 -> Arquiteto Sênior | E78: hora | F78: ='Insumos '!H11 -> 0 | G78: 1 | H78: =ROUND((F78*G78),2) -> 0
D79: =D74 -> Advogado Sênior | E79: hora | F79: ='Insumos '!H14 -> 0 | G79: 2 | H79: =ROUND((F79*G79),2) -> 0
D80: =D75 -> Assistente Social Pleno | E80: hora | F80: ='Insumos '!H16 -> 0 | G80: 6 | H80: =ROUND((F80*G80),2) -> 0
D81: =D76 -> Digitador | E81: hora | F81: ='Insumos '!H17 -> 0 | G81: 6 | H81: =ROUND((F81*G81),2) -> 0
C82: Produto 18: Cronograma de Intervenções e Termos de Compromisso | D82: ='Insumos '!B10 -> Coordenador Geral | E82: hora | F82: ='Insumos '!H10 -> 0 | G82: 1 | H82: =ROUND((F82*G82),2) -> 0 | I82: =SUM(H82:H85) -> 0
D83: =D9 -> Arquiteto Sênior | E83: hora | F83: ='Insumos '!H11 -> 0 | G83: 1 | H83: =ROUND((F83*G83),2) -> 0
D84: =D10 -> Arquiteto Pleno | E84: hora | F84: ='Insumos '!H12 -> 0 | G84: 4 | H84: =ROUND((F84*G84),2) -> 0
D85: =D81 -> Digitador | E85: hora | F85: ='Insumos '!H17 -> 0 | G85: 2 | H85: =ROUND((F85*G85),2) -> 0
C86: Subtotal Etapa II | I86: =SUM(I51:I85) -> 0
B87: ETAPA III: SUBSÍDIOS TÉCNICOS NECESSÁRIOS PARA O REGISTRO DA REGULARIZAÇÃO | C87: Produto 19: Dossiê de Documentos Necessários à Instrução do Pedido de Registro | D87: ='Insumos '!B10 -> Coordenador Geral | E87: hora | F87: ='Insumos '!H10 -> 0 | G87: 2 | H87: =ROUND((F87*G87),2) -> 0 | I87: =SUM(H87:H89) -> 0
D88: =D9 -> Arquiteto Sênior | E88: hora | F88: ='Insumos '!H11 -> 0 | G88: 9 | H88: =ROUND((F88*G88),2) -> 0
D89: =D85 -> Digitador | E89: hora | F89: ='Insumos '!H17 -> 0 | G89: 9 | H89: =ROUND((F89*G89),2) -> 0
C90: Subtotal Etapa III | I90: =SUM(I87) -> 0
B91: ETAPA IV: SUBSÍDIOS COMPLEMENTARES À REGULARIZAÇÃO FUNDIÁRIA | C91: Produto 20: Laudo Geotécnico e/ou Hidrológico | D91: ='Insumos '!B10 -> Coordenador Geral | E91: hora | F91: ='Insumos '!H10 -> 0 | G91: 1 | H91: =ROUND((F91*G91),2) -> 0 | I91: =SUM(H91:H95) -> 0
D92: =D9 -> Arquiteto Sênior | E92: hora | F92: ='Insumos '!H11 -> 0 | G92: 1 | H92: =ROUND((F92*G92),2) -> 0
D93: =D10 -> Arquiteto Pleno | E93: hora | F93: ='Insumos '!H12 -> 0 | G93: 1 | H93: =ROUND((F93*G93),2) -> 0
D94: =D60 -> Auxiliar de Serviços Gerais | E94: hora | F94: ='Insumos '!H15 -> 0 | G94: 2 | H94: =ROUND((F94*G94),2) -> 0
D95: =D89 -> Digitador | E95: hora | F95: ='Insumos '!H17 -> 0 | G95: 2 | H95: =ROUND((F95*G95),2) -> 0
C96: Produto 21: Relatório Consolidado para Obtenção das Licenças | D96: ='Insumos '!B10 -> Coordenador Geral | E96: hora | F96: ='Insumos '!H10 -> 0 | G96: 1 | H96: =ROUND((F96*G96),2) -> 0 | I96: =SUM(H96:H98) -> 0
D97: =D9 -> Arquiteto Sênior | E97: hora | F97: ='Insumos '!H11 -> 0 | G97: 3 | H97: =ROUND((F97*G97),2) -> 0
D98: =D95 -> Digitador | E98: hora | F98: ='Insumos '!H17 -> 0 | G98: 3 | H98: =ROUND((F98*G98),2) -> 0
C99: Produto 22: Relatório Mensal de Atividades | D99: Coordenador Geral | E99: hora | F99: ='Insumos '!H10 -> 0 | G99: 6 | H99: =ROUND((F99*G99),2) -> 0 | I99: =SUM(H99:H104) -> 0
D100: Arquiteto Sênior | E100: hora | F100: ='Insumos '!H11 -> 0 | G100: 8 | H100: =ROUND((F100*G100),2) -> 0
...

Sheet CONQUISTA (IV CENTENÁRIO)
B1: ANEXO VIII – Modelo de Planilha de Proposta
B2: EMPRESA:
B3: CNPJ:
B4: REGULARIZAÇÃO FUNDIÁRIA DE NÚCLEOS DIVERSOS (1.051 Matrículas)
B5: PLANILHA ORÇAMENTÁRIA POR NÚCLEOS
B6: CONQUISTA (IV CENTENÁRIO)
B7: Etapa | C7: Produto | D7: Insumos | E7: Unid. | F7: Preço de Venda | G7: Quantidade | H7: Valor Parcial | I7: Subtotal por Produto
B8: ETAPA I: SUBSÍDIOS TÉCNICOS PARA A REGULARIZAÇÃO FUNDIÁRIA | C8: Produto 1: Relatório de Análise Técnica Preliminar de Núcleos Urbanos Informais | D8: ='Insumos '!B10 -> Coordenador Geral | E8: hora | F8: ='Insumos '!H10 -> 0 | G8: 11 | H8: =ROUND((F8*G8),2) -> 0 | I8: =SUM(H8:H11) -> 0
D9: ='Insumos '!B11 -> Arquiteto Sênior | E9: hora | F9: ='Insumos '!H11 -> 0 | G9: 22 | H9: =ROUND((F9*G9),2) -> 0
D10: ='Insumos '!B12 -> Arquiteto Pleno | E10: hora | F10: ='Insumos '!H12 -> 0 | G10: 27 | H10: =ROUND((F10*G10),2) -> 0
D11: ='Insumos '!B17 -> Digitador | E11: hora | F11: ='Insumos '!H17 -> 0 | G11: 22 | H11: =ROUND((F11*G11),2) -> 0
C12: Produto 2: Vistoria, Busca Documental e Relatório Fotográfico | D12: ='Insumos '!B10 -> Coordenador Geral | E12: hora | F12: ='Insumos '!H10 -> 0 | G12: 2 | H12: =ROUND((F12*G12),2) -> 0 | I12: =SUM(H12:H16) -> 0
D13: =D9 -> Arquiteto Sênior | E13: hora | F13: ='Insumos '!H11 -> 0 | G13: 3 | H13: =ROUND((F13*G13),2) -> 0
D14: ='Insumos '!B14 -> Advogado Sênior | E14: hora | F14: ='Insumos '!H14 -> 0 | G14: 6 | H14: =ROUND((F14*G14),2) -> 0
D15: =D10 -> Arquiteto Pleno | E15: hora | F15: ='Insumos '!H12 -> 0 | G15: 7 | H15: =ROUND((F15*G15),2) -> 0
D16: ='Insumos '!B15 -> Auxiliar de Serviços Gerais | E16: hora | F16: ='Insumos '!H15 -> 0 | G16: 7 | H16: =ROUND((F16*G16),2) -> 0
C17: Produto 3: Diagnóstico | D17: ='Insumos '!B10 -> Coordenador Geral | E17: hora | F17: ='Insumos '!H10 -> 0 | G17: 4 | H17: =ROUND((F17*G17),2) -> 0 | I17: =SUM(H17:H20) -> 0
D18: =D9 -> Arquiteto Sênior | E18: hora | F18: ='Insumos '!H11 -> 0 | G18: 11 | H18: =ROUND((F18*G18),2) -> 0
D19: =D14 -> Advogado Sênior | E19: hora | F19: ='Insumos '!H14 -> 0 | G19: 20 | H19: =ROUND((F19*G19),2) -> 0
D20: =D11 -> Digitador | E20: hora | F20: ='Insumos '!H17 -> 0 | G20: 14 | H20: =ROUND((F20*G20),2) -> 0
C21: Produto 4: Relatório de Levantamentos Planialtimétricos e Cadastrais | D21: ='Insumos '!B20 -> Levantamento Planialtimétrico Cadastral | E21: m² | F21: ='Insumos '!H20 -> 0 | G21: 11784 | H21: =ROUND((F21*G21),2) -> 0 | I21: =SUM(H21) -> 0
C22: Produto 5: Plano de Regularização | D22: ='Insumos '!B10 -> Coordenador Geral | E22: hora | F22: ='Insumos '!H10 -> 0 | G22: 3 | H22: =ROUND((F22*G22),2) -> 0 | I22: =SUM(H22:H25) -> 0
D23: =D9 -> Arquiteto Sênior | E23: hora | F23: ='Insumos '!H11 -> 0 | G23: 14 | H23: =ROUND((F23*G23),2) -> 0
D24: =D14 -> Advogado Sênior | E24: hora | F24: ='Insumos '!H14 -> 0 | G24: 19 | H24: =ROUND((F24*G24),2) -> 0
D25: =D11 -> Digitador | E25: hora | F25: ='Insumos '!H17 -> 0 | G25: 14 | H25: =ROUND((F25*G25),2) -> 0
C26: Produto 6: Relatório Consolidado de Notificações | D26: ='Insumos '!B10 -> Coordenador Geral | E26: hora | F26: ='Insumos '!H10 -> 0 | G26: 1 | H26: =ROUND((F26*G26),2) -> 0 | I26: =SUM(H26:H30) -> 0
D27: =D9 -> Arquiteto Sênior | E27: hora | F27: ='Insumos '!H11 -> 0 | G27: 3 | H27: =ROUND((F27*G27),2) -> 0
D28: =D24 -> Advogado Sênior | E28: hora | F28: ='Insumos '!H14 -> 0 | G28: 5 | H28: =ROUND((F28*G28),2) -> 0
D29: =D16 -> Auxiliar de Serviços Gerais | E29: hora | F29: ='Insumos '!H15 -> 0 | G29: 4 | H29: =ROUND((F29*G29),2) -> 0
D30: =D25 -> Digitador | E30: hora | F30: ='Insumos '!H17 -> 0 | G30: 7 | H30: =ROUND((F30*G30),2) -> 0
C31: Produto 7: Relatório de Registro de Reuniões de Entrada | D31: ='Insumos '!B10 -> Coordenador Geral | E31: hora | F31: ='Insumos '!H10 -> 0 | G31: 1 | H31: =ROUND((F31*G31),2) -> 0 | I31: =SUM(H31:H35) -> 0
D32: =D9 -> Arquiteto Sênior | E32: hora | F32: ='Insumos '!H11 -> 0 | G32: 3 | H32: =ROUND((F32*G32),2) -> 0
D33: =D28 -> Advogado Sênior | E33: hora | F33: ='Insumos '!H14 -> 0 | G33: 10 | H33: =ROUND((F33*G33),2) -> 0
D34: ='Insumos '!B16 -> Assistente Social Pleno | E34: hora | F34: ='Insumos '!H16 -> 0 | G34: 18 | H34: =ROUND((F34*G34),2) -> 0
D35: =D30 -> Digitador | E35: hora | F35: ='Insumos '!H17 -> 0 | G35: 8 | H35: =ROUND((F35*G35),2) -> 0
C36: Produto 8: Planta de Selagem e Congelamento Georreferenciados | D36: ='Insumos '!B10 -> Coordenador Geral | E36: hora | F36: ='Insumos '!H10 -> 0 | G36: 5 | H36: =ROUND((F36*G36),2) -> 0 | I36: =SUM(H36:H39) -> 0
D37: =D9 -> Arquiteto Sênior | E37: hora | F37: ='Insumos '!H11 -> 0 | G37: 16 | H37: =ROUND((F37*G37),2) -> 0
D38: ='Insumos '!B13 -> Desenhista Projetista | E38: hora | F38: ='Insumos '!H13 -> 0 | G38: 32 | H38: =ROUND((F38*G38),2) -> 0
D39: =D34 -> Assistente Social Pleno | E39: hora | F39: ='Insumos '!H16 -> 0 | G39: 65 | H39: =ROUND((F39*G39),2) -> 0
C40: Produto 9: Relatório de Cadastro de Beneficiários | D40: ='Insumos '!B10 -> Coordenador Geral | E40: hora | F40: ='Insumos '!H10 -> 0 | G40: 5 | H40: =ROUND((F40*G40),2) -> 0 | I40: =SUM(H40:H44) -> 0
D41: =D9 -> Arquiteto Sênior | E41: hora | F41: ='Insumos '!H11 -> 0 | G41: 20 | H41: =ROUND((F41*G41),2) -> 0
D42: =D33 -> Advogado Sênior | E42: hora | F42: ='Insumos '!H14 -> 0 | G42: 40 | H42: =ROUND((F42*G42),2) -> 0
D43: =D39 -> Assistente Social Pleno | E43: hora | F43: ='Insumos '!H16 -> 0 | G43: 52 | H43: =ROUND((F43*G43),2) -> 0
D44: =D35 -> Digitador | E44: hora | F44: ='Insumos '!H17 -> 0 | G44: 65 | H44: =ROUND((F44*G44),2) -> 0
C45: Produto 10: Elaboração de Plantas e demais Instrumentais Técnicos | D45: ='Insumos '!B10 -> Coordenador Geral | E45: hora | F45: ='Insumos '!H10 -> 0 | G45: 4 | H45: =ROUND((F45*G45),2) -> 0 | I45: =SUM(H45:H49) -> 0
D46: =D9 -> Arquiteto Sênior | E46: hora | F46: ='Insumos '!H11 -> 0 | G46: 20 | H46: =ROUND((F46*G46),2) -> 0
D47: =D10 -> Arquiteto Pleno | E47: hora | F47: ='Insumos '!H12 -> 0 | G47: 37 | H47: =ROUND((F47*G47),2) -> 0
D48: =D38 -> Desenhista Projetista | E48: hora | F48: ='Insumos '!H13 -> 0 | G48: 37 | H48: =ROUND((F48*G48),2) -> 0
D49: =D44 -> Digitador | E49: hora | F49: ='Insumos '!H17 -> 0 | G49: 20 | H49: =ROUND((F49*G49),2) -> 0
C50: Subtotal Etapa I | I50: =SUM(I8:I49) -> 0
B51: ETAPA II: SUBSÍDIOS TÉCNICOS DESTINADOS À APROVAÇÃO MUNICIPAL DA REGULARIZAÇÃO | C51: Produto 11: Estudo Técnico Ambiental | D51: ='Insumos '!B10 -> Coordenador Geral | E51: hora | F51: ='Insumos '!H10 -> 0 | G51: 2 | H51: =ROUND((F51*G51),2) -> 0 | I51: =SUM(H51:H56) -> 0
D52: =D9 -> Arquiteto Sênior | E52: hora | F52: ='Insumos '!H11 -> 0 | G52: 7 | H52: =ROUND((F52*G52),2) -> 0
D53: =D42 -> Advogado Sênior | E53: hora | F53: ='Insumos '!H14 -> 0 | G53: 5 | H53: =ROUND((F53*G53),2) -> 0
D54: =D10 -> Arquiteto Pleno | E54: hora | F54: ='Insumos '!H12 -> 0 | G54: 10 | H54: =ROUND((F54*G54),2) -> 0
D55: =D16 -> Auxiliar de Serviços Gerais | E55: hora | F55: ='Insumos '!H15 -> 0 | G55: 7 | H55: =ROUND((F55*G55),2) -> 0
D56: =D49 -> Digitador | E56: hora | F56: ='Insumos '!H17 -> 0 | G56: 7 | H56: =ROUND((F56*G56),2) -> 0
C57: Produto 12: Estudo Técnico em Área de Risco | D57: ='Insumos '!B10 -> Coordenador Geral | E57: hora | F57: ='Insumos '!H10 -> 0 | G57: 2 | H57: =ROUND((F57*G57),2) -> 0 | I57: =SUM(H57:H61) -> 0
D58: =D9 -> Arquiteto Sênior | E58: hora | F58: ='Insumos '!H11 -> 0 | G58: 7 | H58: =ROUND((F58*G58),2) -> 0
D59: =D10 -> Arquiteto Pleno | E59: hora | F59: ='Insumos '!H12 -> 0 | G59: 10 | H59: =ROUND((F59*G59),2) -> 0
D60: =D55 -> Auxiliar de Serviços Gerais | E60: hora | F60: ='Insumos '!H15 -> 0 | G60: 7 | H60: =ROUND((F60*G60),2) -> 0
D61: =D56 -> Digitador | E61: hora | F61: ='Insumos '!H17 -> 0 | G61: 8 | H61: =ROUND((F61*G61),2) -> 0
C62: Produto 13: Anteprojeto Urbanístico de Regularização Fundiária | D62: ='Insumos '!B10 -> Coordenador Geral | E62: hora | F62: ='Insumos '!H10 -> 0 | G62: 7 | H62: =ROUND((F62*G62),2) -> 0 | I62: =SUM(H62:H64) -> 0
D63: =D9 -> Arquiteto Sênior | E63: hora | F63: ='Insumos '!H11 -> 0 | G63: 27 | H63: =ROUND((F63*G63),2) -> 0
D64: =D48 -> Desenhista Projetista | E64: hora | F64: ='Insumos '!H13 -> 0 | G64: 28 | H64: =ROUND((F64*G64),2) -> 0
C65: Produto 14: Projeto de Regularização Fundiária | D65: ='Insumos '!B10 -> Coordenador Geral | E65: hora | F65: ='Insumos '!H10 -> 0 | G65: 5 | H65: =ROUND((F65*G65),2) -> 0 | I65: =SUM(H65:H67) -> 0
D66: =D9 -> Arquiteto Sênior | E66: hora | F66: ='Insumos '!H11 -> 0 | G66: 20 | H66: =ROUND((F66*G66),2) -> 0
D67: =D64 -> Desenhista Projetista | E67: hora | F67: ='Insumos '!H13 -> 0 | G67: 20 | H67: =ROUND((F67*G67),2) -> 0
C68: Produto 15: Memoriais Descritivos | D68: ='Insumos '!B10 -> Coordenador Geral | E68: hora | F68: ='Insumos '!H10 -> 0 | G68: 4 | H68: =ROUND((F68*G68),2) -> 0 | I68: =SUM(H68:H71) -> 0
D69: =D9 -> Arquiteto Sênior | E69: hora | F69: ='Insumos '!H11 -> 0 | G69: 17 | H69: =ROUND((F69*G69),2) -> 0
D70: =D10 -> Arquiteto Pleno | E70: hora | F70: ='Insumos '!H12 -> 0 | G70: 40 | H70: =ROUND((F70*G70),2) -> 0
D71: =D61 -> Digitador | E71: hora | F71: ='Insumos '!H17 -> 0 | G71: 27 | H71: =ROUND((F71*G71),2) -> 0
C72: Produto 16: Lista Preliminar de Beneficiários | D72: ='Insumos '!B10 -> Coordenador Geral | E72: hora | F72: ='Insumos '!H10 -> 0 | G72: 3 | H72: =ROUND((F72*G72),2) -> 0 | I72: =SUM(H72:H76) -> 0
D73: =D9 -> Arquiteto Sênior | E73: hora | F73: ='Insumos '!H11 -> 0 | G73: 16 | H73: =ROUND((F73*G73),2) -> 0
D74: =D53 -> Advogado Sênior | E74: hora | F74: ='Insumos '!H14 -> 0 | G74: 39 | H74: =ROUND((F74*G74),2) -> 0
D75: =D43 -> Assistente Social Pleno | E75: hora | F75: ='Insumos '!H16 -> 0 | G75: 39 | H75: =ROUND((F75*G75),2) -> 0
D76: =D71 -> Digitador | E76: hora | F76: ='Insumos '!H17 -> 0 | G76: 13 | H76: =ROUND((F76*G76),2) -> 0
C77: Produto 17: Lista Final de Beneficiários | D77: ='Insumos '!B10 -> Coordenador Geral | E77: hora | F77: ='Insumos '!H10 -> 0 | G77: 1 | H77: =ROUND((F77*G77),2) -> 0 | I77: =SUM(H77:H81) -> 0
D78: =D9 -> Arquiteto Sênior | E78: hora | F78: ='Insumos '!H11 -> 0 | G78: 3 | H78: =ROUND((F78*G78),2) -> 0
D79: =D74 -> Advogado Sênior | E79: hora | F79: ='Insumos '!H14 -> 0 | G79: 6 | H79: =ROUND((F79*G79),2) -> 0
D80: =D75 -> Assistente Social Pleno | E80: hora | F80: ='Insumos '!H16 -> 0 | G80: 13 | H80: =ROUND((F80*G80),2) -> 0
D81: =D76 -> Digitador | E81: hora | F81: ='Insumos '!H17 -> 0 | G81: 13 | H81: =ROUND((F81*G81),2) -> 0
C82: Produto 18: Cronograma de Intervenções e Termos de Compromisso | D82: ='Insumos '!B10 -> Coordenador Geral | E82: hora | F82: ='Insumos '!H10 -> 0 | G82: 1 | H82: =ROUND((F82*G82),2) -> 0 | I82: =SUM(H82:H85) -> 0
D83: =D9 -> Arquiteto Sênior | E83: hora | F83: ='Insumos '!H11 -> 0 | G83: 5 | H83: =ROUND((F83*G83),2) -> 0
D84: =D10 -> Arquiteto Pleno | E84: hora | F84: ='Insumos '!H12 -> 0 | G84: 15 | H84: =ROUND((F84*G84),2) -> 0
D85: =D81 -> Digitador | E85: hora | F85: ='Insumos '!H17 -> 0 | G85: 9 | H85: =ROUND((F85*G85),2) -> 0
C86: Subtotal Etapa II | I86: =SUM(I51:I85) -> 0
B87: ETAPA III: SUBSÍDIOS TÉCNICOS NECESSÁRIOS PARA O REGISTRO DA REGULARIZAÇÃO | C87: Produto 19: Dossiê de Documentos Necessários à Instrução do Pedido de Registro | D87: ='Insumos '!B10 -> Coordenador Geral | E87: hora | F87: ='Insumos '!H10 -> 0 | G87: 7 | H87: =ROUND((F87*G87),2) -> 0 | I87: =SUM(H87:H89) -> 0
D88: =D9 -> Arquiteto Sênior | E88: hora | F88: ='Insumos '!H11 -> 0 | G88: 26 | H88: =ROUND((F88*G88),2) -> 0
D89: =D85 -> Digitador | E89: hora | F89: ='Insumos '!H17 -> 0 | G89: 26 | H89: =ROUND((F89*G89),2) -> 0
C90: Subtotal Etapa III | I90: =SUM(I87) -> 0
B91: ETAPA IV: SUBSÍDIOS COMPLEMENTARES À REGULARIZAÇÃO FUNDIÁRIA | C91: Produto 20: Laudo Geotécnico e/ou Hidrológico | D91: ='Insumos '!B10 -> Coordenador Geral | E91: hora | F91: ='Insumos '!H10 -> 0 | G91: 1 | H91: =ROUND((F91*G91),2) -> 0 | I91: =SUM(H91:H95) -> 0
D92: =D9 -> Arquiteto Sênior | E92: hora | F92: ='Insumos '!H11 -> 0 | G92: 4 | H92: =ROUND((F92*G92),2) -> 0
D93: =D10 -> Arquiteto Pleno | E93: hora | F93: ='Insumos '!H12 -> 0 | G93: 5 | H93: =ROUND((F93*G93),2) -> 0
D94: =D60 -> Auxiliar de Serviços Gerais | E94: hora | F94: ='Insumos '!H15 -> 0 | G94: 4 | H94: =ROUND((F94*G94),2) -> 0
D95: =D89 -> Digitador | E95: hora | F95: ='Insumos '!H17 -> 0 | G95: 7 | H95: =ROUND((F95*G95),2) -> 0
C96: Produto 21: Relatório Consolidado para Obtenção das Licenças | D96: ='Insumos '!B10 -> Coordenador Geral | E96: hora | F96: ='Insumos '!H10 -> 0 | G96: 3 | H96: =ROUND((F96*G96),2) -> 0 | I96: =SUM(H96:H98) -> 0
D97: =D9 -> Arquiteto Sênior | E97: hora | F97: ='Insumos '!H11 -> 0 | G97: 9 | H97: =ROUND((F97*G97),2) -> 0
D98: =D95 -> Digitador | E98: hora | F98: ='Insumos '!H17 -> 0 | G98: 8 | H98: =ROUND((F98*G98),2) -> 0
C99: Produto 22: Relatório Mensal de Atividades | D99: Coordenador Geral | E99: hora | F99: ='Insumos '!H10 -> 0 | G99: 15 | H99: =ROUND((F99*G99),2) -> 0 | I99: =SUM(H99:H104) -> 0
D100: Arquiteto Sênior | E100: hora | F100: ='Insumos '!H11 -> 0 | G100: 23 | H100: =ROUND((F100*G100),2) -> 0
...

Sheet FRANCISCA DE OLIVEIRA QUINQUIO
B1: ANEXO VIII– Modelo de Planilha de Proposta
B2: EMPRESA:
B3: CNPJ:
B4: REGULARIZAÇÃO FUNDIÁRIA DE NÚCLEOS DIVERSOS (1.051 Matrículas)
B5: PLANILHA ORÇAMENTÁRIA POR NÚCLEOS
B6: FRANCISCA DE OLIVEIRA QUINQUIO
B7: Etapa | C7: Produto | D7: Insumos | E7: Unid. | F7: Preço de Venda | G7: Quantidade | H7: Valor Parcial | I7: Subtotal por Produto
B8: ETAPA I: SUBSÍDIOS TÉCNICOS PARA A REGULARIZAÇÃO FUNDIÁRIA | C8: Produto 1: Relatório de Análise Técnica Preliminar de Núcleos Urbanos Informais | D8: ='Insumos '!B10 -> Coordenador Geral | E8: hora | F8: ='Insumos '!H10 -> 0 | G8: 7 | H8: =ROUND((F8*G8),2) -> 0 | I8: =SUM(H8:H11) -> 0
D9: ='Insumos '!B11 -> Arquiteto Sênior | E9: hora | F9: ='Insumos '!H11 -> 0 | G9: 15 | H9: =ROUND((F9*G9),2) -> 0
D10: ='Insumos '!B12 -> Arquiteto Pleno | E10: hora | F10: ='Insumos '!H12 -> 0 | G10: 18 | H10: =ROUND((F10*G10),2) -> 0
D11: ='Insumos '!B17 -> Digitador | E11: hora | F11: ='Insumos '!H17 -> 0 | G11: 15 | H11: =ROUND((F11*G11),2) -> 0
C12: Produto 2: Vistoria, Busca Documental e Relatório Fotográfico | D12: ='Insumos '!B10 -> Coordenador Geral | E12: hora | F12: ='Insumos '!H10 -> 0 | G12: 1 | H12: =ROUND((F12*G12),2) -> 0 | I12: =SUM(H12:H16) -> 0
D13: =D9 -> Arquiteto Sênior | E13: hora | F13: ='Insumos '!H11 -> 0 | G13: 2 | H13: =ROUND((F13*G13),2) -> 0
D14: ='Insumos '!B14 -> Advogado Sênior | E14: hora | F14: ='Insumos '!H14 -> 0 | G14: 4 | H14: =ROUND((F14*G14),2) -> 0
D15: =D10 -> Arquiteto Pleno | E15: hora | F15: ='Insumos '!H12 -> 0 | G15: 5 | H15: =ROUND((F15*G15),2) -> 0
D16: ='Insumos '!B15 -> Auxiliar de Serviços Gerais | E16: hora | F16: ='Insumos '!H15 -> 0 | G16: 5 | H16: =ROUND((F16*G16),2) -> 0
C17: Produto 3: Diagnóstico | D17: ='Insumos '!B10 -> Coordenador Geral | E17: hora | F17: ='Insumos '!H10 -> 0 | G17: 3 | H17: =ROUND((F17*G17),2) -> 0 | I17: =SUM(H17:H20) -> 0
D18: =D9 -> Arquiteto Sênior | E18: hora | F18: ='Insumos '!H11 -> 0 | G18: 8 | H18: =ROUND((F18*G18),2) -> 0
D19: =D14 -> Advogado Sênior | E19: hora | F19: ='Insumos '!H14 -> 0 | G19: 14 | H19: =ROUND((F19*G19),2) -> 0
D20: =D11 -> Digitador | E20: hora | F20: ='Insumos '!H17 -> 0 | G20: 9 | H20: =ROUND((F20*G20),2) -> 0
C21: Produto 4: Relatório de Levantamentos Planialtimétricos e Cadastrais | D21: ='Insumos '!B20 -> Levantamento Planialtimétrico Cadastral | E21: m² | F21: ='Insumos '!H20 -> 0 | G21: 7947 | H21: =ROUND((F21*G21),2) -> 0 | I21: =SUM(H21) -> 0
C22: Produto 5: Plano de Regularização | D22: ='Insumos '!B10 -> Coordenador Geral | E22: hora | F22: ='Insumos '!H10 -> 0 | G22: 2 | H22: =ROUND((F22*G22),2) -> 0 | I22: =SUM(H22:H25) -> 0
D23: =D9 -> Arquiteto Sênior | E23: hora | F23: ='Insumos '!H11 -> 0 | G23: 9 | H23: =ROUND((F23*G23),2) -> 0
D24: =D14 -> Advogado Sênior | E24: hora | F24: ='Insumos '!H14 -> 0 | G24: 13 | H24: =ROUND((F24*G24),2) -> 0
D25: =D11 -> Digitador | E25: hora | F25: ='Insumos '!H17 -> 0 | G25: 9 | H25: =ROUND((F25*G25),2) -> 0
C26: Produto 6: Relatório Consolidado de Notificações | D26: ='Insumos '!B10 -> Coordenador Geral | E26: hora | F26: ='Insumos '!H10 -> 0 | G26: 1 | H26: =ROUND((F26*G26),2) -> 0 | I26: =SUM(H26:H30) -> 0
D27: =D9 -> Arquiteto Sênior | E27: hora | F27: ='Insumos '!H11 -> 0 | G27: 2 | H27: =ROUND((F27*G27),2) -> 0
D28: =D24 -> Advogado Sênior | E28: hora | F28: ='Insumos '!H14 -> 0 | G28: 4 | H28: =ROUND((F28*G28),2) -> 0
D29: =D16 -> Auxiliar de Serviços Gerais | E29: hora | F29: ='Insumos '!H15 -> 0 | G29: 3 | H29: =ROUND((F29*G29),2) -> 0
D30: =D25 -> Digitador | E30: hora | F30: ='Insumos '!H17 -> 0 | G30: 5 | H30: =ROUND((F30*G30),2) -> 0
C31: Produto 7: Relatório de Registro de Reuniões de Entrada | D31: ='Insumos '!B10 -> Coordenador Geral | E31: hora | F31: ='Insumos '!H10 -> 0 | G31: 1 | H31: =ROUND((F31*G31),2) -> 0 | I31: =SUM(H31:H35) -> 0
D32: =D9 -> Arquiteto Sênior | E32: hora | F32: ='Insumos '!H11 -> 0 | G32: 2 | H32: =ROUND((F32*G32),2) -> 0
D33: =D28 -> Advogado Sênior | E33: hora | F33: ='Insumos '!H14 -> 0 | G33: 6 | H33: =ROUND((F33*G33),2) -> 0
D34: ='Insumos '!B16 -> Assistente Social Pleno | E34: hora | F34: ='Insumos '!H16 -> 0 | G34: 11 | H34: =ROUND((F34*G34),2) -> 0
D35: =D30 -> Digitador | E35: hora | F35: ='Insumos '!H17 -> 0 | G35: 5 | H35: =ROUND((F35*G35),2) -> 0
C36: Produto 8: Planta de Selagem e Congelamento Georreferenciados | D36: ='Insumos '!B10 -> Coordenador Geral | E36: hora | F36: ='Insumos '!H10 -> 0 | G36: 3 | H36: =ROUND((F36*G36),2) -> 0 | I36: =SUM(H36:H39) -> 0
D37: =D9 -> Arquiteto Sênior | E37: hora | F37: ='Insumos '!H11 -> 0 | G37: 10 | H37: =ROUND((F37*G37),2) -> 0
D38: ='Insumos '!B13 -> Desenhista Projetista | E38: hora | F38: ='Insumos '!H13 -> 0 | G38: 20 | H38: =ROUND((F38*G38),2) -> 0
D39: =D34 -> Assistente Social Pleno | E39: hora | F39: ='Insumos '!H16 -> 0 | G39: 40 | H39: =ROUND((F39*G39),2) -> 0
C40: Produto 9: Relatório de Cadastro de Beneficiários | D40: ='Insumos '!B10 -> Coordenador Geral | E40: hora | F40: ='Insumos '!H10 -> 0 | G40: 3 | H40: =ROUND((F40*G40),2) -> 0 | I40: =SUM(H40:H44) -> 0
D41: =D9 -> Arquiteto Sênior | E41: hora | F41: ='Insumos '!H11 -> 0 | G41: 12 | H41: =ROUND((F41*G41),2) -> 0
D42: =D33 -> Advogado Sênior | E42: hora | F42: ='Insumos '!H14 -> 0 | G42: 24 | H42: =ROUND((F42*G42),2) -> 0
D43: =D39 -> Assistente Social Pleno | E43: hora | F43: ='Insumos '!H16 -> 0 | G43: 32 | H43: =ROUND((F43*G43),2) -> 0
D44: =D35 -> Digitador | E44: hora | F44: ='Insumos '!H17 -> 0 | G44: 40 | H44: =ROUND((F44*G44),2) -> 0
C45: Produto 10: Elaboração de Plantas e demais Instrumentais Técnicos | D45: ='Insumos '!B10 -> Coordenador Geral | E45: hora | F45: ='Insumos '!H10 -> 0 | G45: 3 | H45: =ROUND((F45*G45),2) -> 0 | I45: =SUM(H45:H49) -> 0
D46: =D9 -> Arquiteto Sênior | E46: hora | F46: ='Insumos '!H11 -> 0 | G46: 14 | H46: =ROUND((F46*G46),2) -> 0
D47: =D10 -> Arquiteto Pleno | E47: hora | F47: ='Insumos '!H12 -> 0 | G47: 25 | H47: =ROUND((F47*G47),2) -> 0
D48: =D38 -> Desenhista Projetista | E48: hora | F48: ='Insumos '!H13 -> 0 | G48: 25 | H48: =ROUND((F48*G48),2) -> 0
D49: =D44 -> Digitador | E49: hora | F49: ='Insumos '!H17 -> 0 | G49: 14 | H49: =ROUND((F49*G49),2) -> 0
C50: Subtotal Etapa I | I50: =SUM(I8:I49) -> 0
B51: ETAPA II: SUBSÍDIOS TÉCNICOS DESTINADOS À APROVAÇÃO MUNICIPAL DA REGULARIZAÇÃO | C51: Produto 11: Estudo Técnico Ambiental | D51: ='Insumos '!B10 -> Coordenador Geral | E51: hora | F51: ='Insumos '!H10 -> 0 | G51: 1 | H51: =ROUND((F51*G51),2) -> 0 | I51: =SUM(H51:H56) -> 0
D52: =D9 -> Arquiteto Sênior | E52: hora | F52: ='Insumos '!H11 -> 0 | G52: 5 | H52: =ROUND((F52*G52),2) -> 0
D53: =D42 -> Advogado Sênior | E53: hora | F53: ='Insumos '!H14 -> 0 | G53: 3 | H53: =ROUND((F53*G53),2) -> 0
D54: =D10 -> Arquiteto Pleno | E54: hora | F54: ='Insumos '!H12 -> 0 | G54: 7 | H54: =ROUND((F54*G54),2) -> 0
D55: =D16 -> Auxiliar de Serviços Gerais | E55: hora | F55: ='Insumos '!H15 -> 0 | G55: 5 | H55: =ROUND((F55*G55),2) -> 0
D56: =D49 -> Digitador | E56: hora | F56: ='Insumos '!H17 -> 0 | G56: 5 | H56: =ROUND((F56*G56),2) -> 0
C57: Produto 12: Estudo Técnico em Área de Risco | D57: ='Insumos '!B10 -> Coordenador Geral | E57: hora | F57: ='Insumos '!H10 -> 0 | G57: 1 | H57: =ROUND((F57*G57),2) -> 0 | I57: =SUM(H57:H61) -> 0
D58: =D9 -> Arquiteto Sênior | E58: hora | F58: ='Insumos '!H11 -> 0 | G58: 5 | H58: =ROUND((F58*G58),2) -> 0
D59: =D10 -> Arquiteto Pleno | E59: hora | F59: ='Insumos '!H12 -> 0 | G59: 7 | H59: =ROUND((F59*G59),2) -> 0
D60: =D55 -> Auxiliar de Serviços Gerais | E60: hora | F60: ='Insumos '!H15 -> 0 | G60: 5 | H60: =ROUND((F60*G60),2) -> 0
D61: =D56 -> Digitador | E61: hora | F61: ='Insumos '!H17 -> 0 | G61: 6 | H61: =ROUND((F61*G61),2) -> 0
C62: Produto 13: Anteprojeto Urbanístico de Regularização Fundiária | D62: ='Insumos '!B10 -> Coordenador Geral | E62: hora | F62: ='Insumos '!H10 -> 0 | G62: 5 | H62: =ROUND((F62*G62),2) -> 0 | I62: =SUM(H62:H64) -> 0
D63: =D9 -> Arquiteto Sênior | E63: hora | F63: ='Insumos '!H11 -> 0 | G63: 18 | H63: =ROUND((F63*G63),2) -> 0
D64: =D48 -> Desenhista Projetista | E64: hora | F64: ='Insumos '!H13 -> 0 | G64: 19 | H64: =ROUND((F64*G64),2) -> 0
C65: Produto 14: Projeto de Regularização Fundiária | D65: ='Insumos '!B10 -> Coordenador Geral | E65: hora | F65: ='Insumos '!H10 -> 0 | G65: 3 | H65: =ROUND((F65*G65),2) -> 0 | I65: =SUM(H65:H67) -> 0
D66: =D9 -> Arquiteto Sênior | E66: hora | F66: ='Insumos '!H11 -> 0 | G66: 12 | H66: =ROUND((F66*G66),2) -> 0
D67: =D64 -> Desenhista Projetista | E67: hora | F67: ='Insumos '!H13 -> 0 | G67: 12 | H67: =ROUND((F67*G67),2) -> 0
C68: Produto 15: Memoriais Descritivos | D68: ='Insumos '!B10 -> Coordenador Geral | E68: hora | F68: ='Insumos '!H10 -> 0 | G68: 2 | H68: =ROUND((F68*G68),2) -> 0 | I68: =SUM(H68:H71) -> 0
D69: =D9 -> Arquiteto Sênior | E69: hora | F69: ='Insumos '!H11 -> 0 | G69: 11 | H69: =ROUND((F69*G69),2) -> 0
D70: =D10 -> Arquiteto Pleno | E70: hora | F70: ='Insumos '!H12 -> 0 | G70: 25 | H70: =ROUND((F70*G70),2) -> 0
D71: =D61 -> Digitador | E71: hora | F71: ='Insumos '!H17 -> 0 | G71: 18 | H71: =ROUND((F71*G71),2) -> 0
C72: Produto 16: Lista Preliminar de Beneficiários | D72: ='Insumos '!B10 -> Coordenador Geral | E72: hora | F72: ='Insumos '!H10 -> 0 | G72: 2 | H72: =ROUND((F72*G72),2) -> 0 | I72: =SUM(H72:H76) -> 0
D73: =D9 -> Arquiteto Sênior | E73: hora | F73: ='Insumos '!H11 -> 0 | G73: 10 | H73: =ROUND((F73*G73),2) -> 0
D74: =D53 -> Advogado Sênior | E74: hora | F74: ='Insumos '!H14 -> 0 | G74: 24 | H74: =ROUND((F74*G74),2) -> 0
D75: =D43 -> Assistente Social Pleno | E75: hora | F75: ='Insumos '!H16 -> 0 | G75: 24 | H75: =ROUND((F75*G75),2) -> 0
D76: =D71 -> Digitador | E76: hora | F76: ='Insumos '!H17 -> 0 | G76: 8 | H76: =ROUND((F76*G76),2) -> 0
C77: Produto 17: Lista Final de Beneficiários | D77: ='Insumos '!B10 -> Coordenador Geral | E77: hora | F77: ='Insumos '!H10 -> 0 | G77: 1 | H77: =ROUND((F77*G77),2) -> 0 | I77: =SUM(H77:H81) -> 0
D78: =D9 -> Arquiteto Sênior | E78: hora | F78: ='Insumos '!H11 -> 0 | G78: 2 | H78: =ROUND((F78*G78),2) -> 0
D79: =D74 -> Advogado Sênior | E79: hora | F79: ='Insumos '!H14 -> 0 | G79: 4 | H79: =ROUND((F79*G79),2) -> 0
D80: =D75 -> Assistente Social Pleno | E80: hora | F80: ='Insumos '!H16 -> 0 | G80: 8 | H80: =ROUND((F80*G80),2) -> 0
D81: =D76 -> Digitador | E81: hora | F81: ='Insumos '!H17 -> 0 | G81: 8 | H81: =ROUND((F81*G81),2) -> 0
C82: Produto 18: Cronograma de Intervenções e Termos de Compromisso | D82: ='Insumos '!B10 -> Coordenador Geral | E82: hora | F82: ='Insumos '!H10 -> 0 | G82: 1 | H82: =ROUND((F82*G82),2) -> 0 | I82: =SUM(H82:H85) -> 0
D83: =D9 -> Arquiteto Sênior | E83: hora | F83: ='Insumos '!H11 -> 0 | G83: 3 | H83: =ROUND((F83*G83),2) -> 0
D84: =D10 -> Arquiteto Pleno | E84: hora | F84: ='Insumos '!H12 -> 0 | G84: 10 | H84: =ROUND((F84*G84),2) -> 0
D85: =D81 -> Digitador | E85: hora | F85: ='Insumos '!H17 -> 0 | G85: 6 | H85: =ROUND((F85*G85),2) -> 0
C86: Subtotal Etapa II | I86: =SUM(I51:I85) -> 0
B87: ETAPA III: SUBSÍDIOS TÉCNICOS NECESSÁRIOS PARA O REGISTRO DA REGULARIZAÇÃO | C87: Produto 19: Dossiê de Documentos Necessários à Instrução do Pedido de Registro | D87: ='Insumos '!B10 -> Coordenador Geral | E87: hora | F87: ='Insumos '!H10 -> 0 | G87: 4 | H87: =ROUND((F87*G87),2) -> 0 | I87: =SUM(H87:H89) -> 0
D88: =D9 -> Arquiteto Sênior | E88: hora | F88: ='Insumos '!H11 -> 0 | G88: 16 | H88: =ROUND((F88*G88),2) -> 0
D89: =D85 -> Digitador | E89: hora | F89: ='Insumos '!H17 -> 0 | G89: 16 | H89: =ROUND((F89*G89),2) -> 0
C90: Subtotal Etapa III | I90: =SUM(I87) -> 0
B91: ETAPA IV: SUBSÍDIOS COMPLEMENTARES À REGULARIZAÇÃO FUNDIÁRIA | C91: Produto 20: Laudo Geotécnico e/ou Hidrológico | D91: ='Insumos '!B10 -> Coordenador Geral | E91: hora | F91: ='Insumos '!H10 -> 0 | G91: 1 | H91: =ROUND((F91*G91),2) -> 0 | I91: =SUM(H91:H95) -> 0
D92: =D9 -> Arquiteto Sênior | E92: hora | F92: ='Insumos '!H11 -> 0 | G92: 3 | H92: =ROUND((F92*G92),2) -> 0
D93: =D10 -> Arquiteto Pleno | E93: hora | F93: ='Insumos '!H12 -> 0 | G93: 3 | H93: =ROUND((F93*G93),2) -> 0
D94: =D60 -> Auxiliar de Serviços Gerais | E94: hora | F94: ='Insumos '!H15 -> 0 | G94: 3 | H94: =ROUND((F94*G94),2) -> 0
D95: =D89 -> Digitador | E95: hora | F95: ='Insumos '!H17 -> 0 | G95: 5 | H95: =ROUND((F95*G95),2) -> 0
C96: Produto 21: Relatório Consolidado para Obtenção das Licenças | D96: ='Insumos '!B10 -> Coordenador Geral | E96: hora | F96: ='Insumos '!H10 -> 0 | G96: 2 | H96: =ROUND((F96*G96),2) -> 0 | I96: =SUM(H96:H98) -> 0
D97: =D9 -> Arquiteto Sênior | E97: hora | F97: ='Insumos '!H11 -> 0 | G97: 6 | H97: =ROUND((F97*G97),2) -> 0
D98: =D95 -> Digitador | E98: hora | F98: ='Insumos '!H17 -> 0 | G98: 5 | H98: =ROUND((F98*G98),2) -> 0
C99: Produto 22: Relatório Mensal de Atividades | D99: Coordenador Geral | E99: hora | F99: ='Insumos '!H10 -> 0 | G99: 10 | H99: =ROUND((F99*G99),2) -> 0 | I99: =SUM(H99:H104) -> 0
D100: Arquiteto Sênior | E100: hora | F100: ='Insumos '!H11 -> 0 | G100: 14 | H100: =ROUND((F100*G100),2) -> 0
...

Sheet SACRAMENTO
B1: ANEXO VIII– Modelo de Planilha de Proposta
B2: EMPRESA:
B3: CNPJ:
B4: REGULARIZAÇÃO FUNDIÁRIA DE NÚCLEOS DIVERSOS (1.051 Matrículas)
B5: PLANILHA ORÇAMENTÁRIA POR NÚCLEOS
B6: SACRAMENTO
B7: Etapa | C7: Produto | D7: Insumos | E7: Unid. | F7: Preço de Venda | G7: Quantidade | H7: Valor Parcial | I7: Subtotal por Produto
B8: ETAPA I: SUBSÍDIOS TÉCNICOS PARA A REGULARIZAÇÃO FUNDIÁRIA | C8: Produto 1: Relatório de Análise Técnica Preliminar de Núcleos Urbanos Informais | D8: ='Insumos '!B10 -> Coordenador Geral | E8: hora | F8: ='Insumos '!H10 -> 0 | G8: 8 | H8: =ROUND((F8*G8),2) -> 0 | I8: =SUM(H8:H11) -> 0
D9: ='Insumos '!B11 -> Arquiteto Sênior | E9: hora | F9: ='Insumos '!H11 -> 0 | G9: 17 | H9: =ROUND((F9*G9),2) -> 0
D10: ='Insumos '!B12 -> Arquiteto Pleno | E10: hora | F10: ='Insumos '!H12 -> 0 | G10: 21 | H10: =ROUND((F10*G10),2) -> 0
D11: ='Insumos '!B17 -> Digitador | E11: hora | F11: ='Insumos '!H17 -> 0 | G11: 17 | H11: =ROUND((F11*G11),2) -> 0
C12: Produto 2: Vistoria, Busca Documental e Relatório Fotográfico | D12: ='Insumos '!B10 -> Coordenador Geral | E12: hora | F12: ='Insumos '!H10 -> 0 | G12: 2 | H12: =ROUND((F12*G12),2) -> 0 | I12: =SUM(H12:H16) -> 0
D13: =D9 -> Arquiteto Sênior | E13: hora | F13: ='Insumos '!H11 -> 0 | G13: 3 | H13: =ROUND((F13*G13),2) -> 0
D14: ='Insumos '!B14 -> Advogado Sênior | E14: hora | F14: ='Insumos '!H14 -> 0 | G14: 5 | H14: =ROUND((F14*G14),2) -> 0
D15: =D10 -> Arquiteto Pleno | E15: hora | F15: ='Insumos '!H12 -> 0 | G15: 6 | H15: =ROUND((F15*G15),2) -> 0
D16: ='Insumos '!B15 -> Auxiliar de Serviços Gerais | E16: hora | F16: ='Insumos '!H15 -> 0 | G16: 6 | H16: =ROUND((F16*G16),2) -> 0
C17: Produto 3: Diagnóstico | D17: ='Insumos '!B10 -> Coordenador Geral | E17: hora | F17: ='Insumos '!H10 -> 0 | G17: 3 | H17: =ROUND((F17*G17),2) -> 0 | I17: =SUM(H17:H20) -> 0
D18: =D9 -> Arquiteto Sênior | E18: hora | F18: ='Insumos '!H11 -> 0 | G18: 9 | H18: =ROUND((F18*G18),2) -> 0
D19: =D14 -> Advogado Sênior | E19: hora | F19: ='Insumos '!H14 -> 0 | G19: 16 | H19: =ROUND((F19*G19),2) -> 0
D20: =D11 -> Digitador | E20: hora | F20: ='Insumos '!H17 -> 0 | G20: 11 | H20: =ROUND((F20*G20),2) -> 0
C21: Produto 4: Relatório de Levantamentos Planialtimétricos e Cadastrais | D21: ='Insumos '!B20 -> Levantamento Planialtimétrico Cadastral | E21: m² | F21: ='Insumos '!H20 -> 0 | G21: 9191 | H21: =ROUND((F21*G21),2) -> 0 | I21: =SUM(H21) -> 0
C22: Produto 5: Plano de Regularização | D22: ='Insumos '!B10 -> Coordenador Geral | E22: hora | F22: ='Insumos '!H10 -> 0 | G22: 2 | H22: =ROUND((F22*G22),2) -> 0 | I22: =SUM(H22:H25) -> 0
D23: =D9 -> Arquiteto Sênior | E23: hora | F23: ='Insumos '!H11 -> 0 | G23: 11 | H23: =ROUND((F23*G23),2) -> 0
D24: =D14 -> Advogado Sênior | E24: hora | F24: ='Insumos '!H14 -> 0 | G24: 14 | H24: =ROUND((F24*G24),2) -> 0
D25: =D11 -> Digitador | E25: hora | F25: ='Insumos '!H17 -> 0 | G25: 11 | H25: =ROUND((F25*G25),2) -> 0
C26: Produto 6: Relatório Consolidado de Notificações | D26: ='Insumos '!B10 -> Coordenador Geral | E26: hora | F26: ='Insumos '!H10 -> 0 | G26: 1 | H26: =ROUND((F26*G26),2) -> 0 | I26: =SUM(H26:H30) -> 0
D27: =D9 -> Arquiteto Sênior | E27: hora | F27: ='Insumos '!H11 -> 0 | G27: 3 | H27: =ROUND((F27*G27),2) -> 0
D28: =D24 -> Advogado Sênior | E28: hora | F28: ='Insumos '!H14 -> 0 | G28: 4 | H28: =ROUND((F28*G28),2) -> 0
D29: =D16 -> Auxiliar de Serviços Gerais | E29: hora | F29: ='Insumos '!H15 -> 0 | G29: 3 | H29: =ROUND((F29*G29),2) -> 0
D30: =D25 -> Digitador | E30: hora | F30: ='Insumos '!H17 -> 0 | G30: 6 | H30: =ROUND((F30*G30),2) -> 0
C31: Produto 7: Relatório de Registro de Reuniões de Entrada | D31: ='Insumos '!B10 -> Coordenador Geral | E31: hora | F31: ='Insumos '!H10 -> 0 | G31: 1 | H31: =ROUND((F31*G31),2) -> 0 | I31: =SUM(H31:H35) -> 0
D32: =D9 -> Arquiteto Sênior | E32: hora | F32: ='Insumos '!H11 -> 0 | G32: 3 | H32: =ROUND((F32*G32),2) -> 0
D33: =D28 -> Advogado Sênior | E33: hora | F33: ='Insumos '!H14 -> 0 | G33: 9 | H33: =ROUND((F33*G33),2) -> 0
D34: ='Insumos '!B16 -> Assistente Social Pleno | E34: hora | F34: ='Insumos '!H16 -> 0 | G34: 16 | H34: =ROUND((F34*G34),2) -> 0
D35: =D30 -> Digitador | E35: hora | F35: ='Insumos '!H17 -> 0 | G35: 7 | H35: =ROUND((F35*G35),2) -> 0
C36: Produto 8: Planta de Selagem e Congelamento Georreferenciados | D36: ='Insumos '!B10 -> Coordenador Geral | E36: hora | F36: ='Insumos '!H10 -> 0 | G36: 4 | H36: =ROUND((F36*G36),2) -> 0 | I36: =SUM(H36:H39) -> 0
D37: =D9 -> Arquiteto Sênior | E37: hora | F37: ='Insumos '!H11 -> 0 | G37: 14 | H37: =ROUND((F37*G37),2) -> 0
D38: ='Insumos '!B13 -> Desenhista Projetista | E38: hora | F38: ='Insumos '!H13 -> 0 | G38: 29 | H38: =ROUND((F38*G38),2) -> 0
D39: =D34 -> Assistente Social Pleno | E39: hora | F39: ='Insumos '!H16 -> 0 | G39: 57 | H39: =ROUND((F39*G39),2) -> 0
C40: Produto 9: Relatório de Cadastro de Beneficiários | D40: ='Insumos '!B10 -> Coordenador Geral | E40: hora | F40: ='Insumos '!H10 -> 0 | G40: 5 | H40: =ROUND((F40*G40),2) -> 0 | I40: =SUM(H40:H44) -> 0
D41: =D9 -> Arquiteto Sênior | E41: hora | F41: ='Insumos '!H11 -> 0 | G41: 18 | H41: =ROUND((F41*G41),2) -> 0
D42: =D33 -> Advogado Sênior | E42: hora | F42: ='Insumos '!H14 -> 0 | G42: 34 | H42: =ROUND((F42*G42),2) -> 0
D43: =D39 -> Assistente Social Pleno | E43: hora | F43: ='Insumos '!H16 -> 0 | G43: 46 | H43: =ROUND((F43*G43),2) -> 0
D44: =D35 -> Digitador | E44: hora | F44: ='Insumos '!H17 -> 0 | G44: 57 | H44: =ROUND((F44*G44),2) -> 0
C45: Produto 10: Elaboração de Plantas e demais Instrumentais Técnicos | D45: ='Insumos '!B10 -> Coordenador Geral | E45: hora | F45: ='Insumos '!H10 -> 0 | G45: 4 | H45: =ROUND((F45*G45),2) -> 0 | I45: =SUM(H45:H49) -> 0
D46: =D9 -> Arquiteto Sênior | E46: hora | F46: ='Insumos '!H11 -> 0 | G46: 16 | H46: =ROUND((F46*G46),2) -> 0
D47: =D10 -> Arquiteto Pleno | E47: hora | F47: ='Insumos '!H12 -> 0 | G47: 29 | H47: =ROUND((F47*G47),2) -> 0
D48: =D38 -> Desenhista Projetista | E48: hora | F48: ='Insumos '!H13 -> 0 | G48: 29 | H48: =ROUND((F48*G48),2) -> 0
D49: =D44 -> Digitador | E49: hora | F49: ='Insumos '!H17 -> 0 | G49: 16 | H49: =ROUND((F49*G49),2) -> 0
C50: Subtotal Etapa I | I50: =SUM(I8:I49) -> 0
B51: ETAPA II: SUBSÍDIOS TÉCNICOS DESTINADOS À APROVAÇÃO MUNICIPAL DA REGULARIZAÇÃO | C51: Produto 11: Estudo Técnico Ambiental | D51: ='Insumos '!B10 -> Coordenador Geral | E51: hora | F51: ='Insumos '!H10 -> 0 | G51: 1 | H51: =ROUND((F51*G51),2) -> 0 | I51: =SUM(H51:H56) -> 0
D52: =D9 -> Arquiteto Sênior | E52: hora | F52: ='Insumos '!H11 -> 0 | G52: 5 | H52: =ROUND((F52*G52),2) -> 0
D53: =D42 -> Advogado Sênior | E53: hora | F53: ='Insumos '!H14 -> 0 | G53: 4 | H53: =ROUND((F53*G53),2) -> 0
D54: =D10 -> Arquiteto Pleno | E54: hora | F54: ='Insumos '!H12 -> 0 | G54: 8 | H54: =ROUND((F54*G54),2) -> 0
D55: =D16 -> Auxiliar de Serviços Gerais | E55: hora | F55: ='Insumos '!H15 -> 0 | G55: 5 | H55: =ROUND((F55*G55),2) -> 0
D56: =D49 -> Digitador | E56: hora | F56: ='Insumos '!H17 -> 0 | G56: 5 | H56: =ROUND((F56*G56),2) -> 0
C57: Produto 12: Estudo Técnico em Área de Risco | D57: ='Insumos '!B10 -> Coordenador Geral | E57: hora | F57: ='Insumos '!H10 -> 0 | G57: 1 | H57: =ROUND((F57*G57),2) -> 0 | I57: =SUM(H57:H61) -> 0
D58: =D9 -> Arquiteto Sênior | E58: hora | F58: ='Insumos '!H11 -> 0 | G58: 5 | H58: =ROUND((F58*G58),2) -> 0
D59: =D10 -> Arquiteto Pleno | E59: hora | F59: ='Insumos '!H12 -> 0 | G59: 8 | H59: =ROUND((F59*G59),2) -> 0
D60: =D55 -> Auxiliar de Serviços Gerais | E60: hora | F60: ='Insumos '!H15 -> 0 | G60: 5 | H60: =ROUND((F60*G60),2) -> 0
D61: =D56 -> Digitador | E61: hora | F61: ='Insumos '!H17 -> 0 | G61: 7 | H61: =ROUND((F61*G61),2) -> 0
C62: Produto 13: Anteprojeto Urbanístico de Regularização Fundiária | D62: ='Insumos '!B10 -> Coordenador Geral | E62: hora | F62: ='Insumos '!H10 -> 0 | G62: 5 | H62: =ROUND((F62*G62),2) -> 0 | I62: =SUM(H62:H64) -> 0
D63: =D9 -> Arquiteto Sênior | E63: hora | F63: ='Insumos '!H11 -> 0 | G63: 21 | H63: =ROUND((F63*G63),2) -> 0
D64: =D48 -> Desenhista Projetista | E64: hora | F64: ='Insumos '!H13 -> 0 | G64: 22 | H64: =ROUND((F64*G64),2) -> 0
C65: Produto 14: Projeto de Regularização Fundiária | D65: ='Insumos '!B10 -> Coordenador Geral | E65: hora | F65: ='Insumos '!H10 -> 0 | G65: 4 | H65: =ROUND((F65*G65),2) -> 0 | I65: =SUM(H65:H67) -> 0
D66: =D9 -> Arquiteto Sênior | E66: hora | F66: ='Insumos '!H11 -> 0 | G66: 14 | H66: =ROUND((F66*G66),2) -> 0
D67: =D64 -> Desenhista Projetista | E67: hora | F67: ='Insumos '!H13 -> 0 | G67: 14 | H67: =ROUND((F67*G67),2) -> 0
C68: Produto 15: Memoriais Descritivos | D68: ='Insumos '!B10 -> Coordenador Geral | E68: hora | F68: ='Insumos '!H10 -> 0 | G68: 4 | H68: =ROUND((F68*G68),2) -> 0 | I68: =SUM(H68:H71) -> 0
D69: =D9 -> Arquiteto Sênior | E69: hora | F69: ='Insumos '!H11 -> 0 | G69: 16 | H69: =ROUND((F69*G69),2) -> 0
D70: =D10 -> Arquiteto Pleno | E70: hora | F70: ='Insumos '!H12 -> 0 | G70: 36 | H70: =ROUND((F70*G70),2) -> 0
D71: =D61 -> Digitador | E71: hora | F71: ='Insumos '!H17 -> 0 | G71: 24 | H71: =ROUND((F71*G71),2) -> 0
C72: Produto 16: Lista Preliminar de Beneficiários | D72: ='Insumos '!B10 -> Coordenador Geral | E72: hora | F72: ='Insumos '!H10 -> 0 | G72: 3 | H72: =ROUND((F72*G72),2) -> 0 | I72: =SUM(H72:H76) -> 0
D73: =D9 -> Arquiteto Sênior | E73: hora | F73: ='Insumos '!H11 -> 0 | G73: 14 | H73: =ROUND((F73*G73),2) -> 0
D74: =D53 -> Advogado Sênior | E74: hora | F74: ='Insumos '!H14 -> 0 | G74: 34 | H74: =ROUND((F74*G74),2) -> 0
D75: =D43 -> Assistente Social Pleno | E75: hora | F75: ='Insumos '!H16 -> 0 | G75: 34 | H75: =ROUND((F75*G75),2) -> 0
D76: =D71 -> Digitador | E76: hora | F76: ='Insumos '!H17 -> 0 | G76: 11 | H76: =ROUND((F76*G76),2) -> 0
C77: Produto 17: Lista Final de Beneficiários | D77: ='Insumos '!B10 -> Coordenador Geral | E77: hora | F77: ='Insumos '!H10 -> 0 | G77: 1 | H77: =ROUND((F77*G77),2) -> 0 | I77: =SUM(H77:H81) -> 0
D78: =D9 -> Arquiteto Sênior | E78: hora | F78: ='Insumos '!H11 -> 0 | G78: 3 | H78: =ROUND((F78*G78),2) -> 0
D79: =D74 -> Advogado Sênior | E79: hora | F79: ='Insumos '!H14 -> 0 | G79: 6 | H79: =ROUND((F79*G79),2) -> 0
D80: =D75 -> Assistente Social Pleno | E80: hora | F80: ='Insumos '!H16 -> 0 | G80: 11 | H80: =ROUND((F80*G80),2) -> 0
D81: =D76 -> Digitador | E81: hora | F81: ='Insumos '!H17 -> 0 | G81: 11 | H81: =ROUND((F81*G81),2) -> 0
C82: Produto 18: Cronograma de Intervenções e Termos de Compromisso | D82: ='Insumos '!B10 -> Coordenador Geral | E82: hora | F82: ='Insumos '!H10 -> 0 | G82: 1 | H82: =ROUND((F82*G82),2) -> 0 | I82: =SUM(H82:H85) -> 0
D83: =D9 -> Arquiteto Sênior | E83: hora | F83: ='Insumos '!H11 -> 0 | G83: 4 | H83: =ROUND((F83*G83),2) -> 0
D84: =D10 -> Arquiteto Pleno | E84: hora | F84: ='Insumos '!H12 -> 0 | G84: 12 | H84: =ROUND((F84*G84),2) -> 0
D85: =D81 -> Digitador | E85: hora | F85: ='Insumos '!H17 -> 0 | G85: 8 | H85: =ROUND((F85*G85),2) -> 0
C86: Subtotal Etapa II | I86: =SUM(I51:I85) -> 0
B87: ETAPA III: SUBSÍDIOS TÉCNICOS NECESSÁRIOS PARA O REGISTRO DA REGULARIZAÇÃO | C87: Produto 19: Dossiê de Documentos Necessários à Instrução do Pedido de Registro | D87: ='Insumos '!B10 -> Coordenador Geral | E87: hora | F87: ='Insumos '!H10 -> 0 | G87: 6 | H87: =ROUND((F87*G87),2) -> 0 | I87: =SUM(H87:H89) -> 0
D88: =D9 -> Arquiteto Sênior | E88: hora | F88: ='Insumos '!H11 -> 0 | G88: 23 | H88: =ROUND((F88*G88),2) -> 0
D89: =D85 -> Digitador | E89: hora | F89: ='Insumos '!H17 -> 0 | G89: 23 | H89: =ROUND((F89*G89),2) -> 0
C90: Subtotal Etapa III | I90: =SUM(I87) -> 0
B91: ETAPA IV: SUBSÍDIOS COMPLEMENTARES À REGULARIZAÇÃO FUNDIÁRIA | C91: Produto 20: Laudo Geotécnico e/ou Hidrológico | D91: ='Insumos '!B10 -> Coordenador Geral | E91: hora | F91: ='Insumos '!H10 -> 0 | G91: 1 | H91: =ROUND((F91*G91),2) -> 0 | I91: =SUM(H91:H95) -> 0
D92: =D9 -> Arquiteto Sênior | E92: hora | F92: ='Insumos '!H11 -> 0 | G92: 3 | H92: =ROUND((F92*G92),2) -> 0
D93: =D10 -> Arquiteto Pleno | E93: hora | F93: ='Insumos '!H12 -> 0 | G93: 4 | H93: =ROUND((F93*G93),2) -> 0
D94: =D60 -> Auxiliar de Serviços Gerais | E94: hora | F94: ='Insumos '!H15 -> 0 | G94: 3 | H94: =ROUND((F94*G94),2) -> 0
D95: =D89 -> Digitador | E95: hora | F95: ='Insumos '!H17 -> 0 | G95: 5 | H95: =ROUND((F95*G95),2) -> 0
C96: Produto 21: Relatório Consolidado para Obtenção das Licenças | D96: ='Insumos '!B10 -> Coordenador Geral | E96: hora | F96: ='Insumos '!H10 -> 0 | G96: 2 | H96: =ROUND((F96*G96),2) -> 0 | I96: =SUM(H96:H98) -> 0
D97: =D9 -> Arquiteto Sênior | E97: hora | F97: ='Insumos '!H11 -> 0 | G97: 8 | H97: =ROUND((F97*G97),2) -> 0
D98: =D95 -> Digitador | E98: hora | F98: ='Insumos '!H17 -> 0 | G98: 7 | H98: =ROUND((F98*G98),2) -> 0
C99: Produto 22: Relatório Mensal de Atividades | D99: Coordenador Geral | E99: hora | F99: ='Insumos '!H10 -> 0 | G99: 14 | H99: =ROUND((F99*G99),2) -> 0 | I99: =SUM(H99:H104) -> 0
D100: Arquiteto Sênior | E100: hora | F100: ='Insumos '!H11 -> 0 | G100: 21 | H100: =ROUND((F100*G100),2) -> 0
...

Sheet JARDIM BELA VISTA
B1: ANEXO VIII – Modelo de Planilha de Proposta
B2: EMPRESA:
B3: CNPJ:
B4: REGULARIZAÇÃO FUNDIÁRIA DE NÚCLEOS DIVERSOS (1.051 Matrículas)
B5: PLANILHA ORÇAMENTÁRIA POR NÚCLEOS
B6: JARDIM BELA VISTA
B7: Etapa | C7: Produto | D7: Insumos | E7: Unid. | F7: Preço de Venda | G7: Quantidade | H7: Valor Parcial | I7: Subtotal por Produto
B8: ETAPA I: SUBSÍDIOS TÉCNICOS PARA A REGULARIZAÇÃO FUNDIÁRIA | C8: Produto 1: Relatório de Análise Técnica Preliminar de Núcleos Urbanos Informais | D8: ='Insumos '!B10 -> Coordenador Geral | E8: hora | F8: ='Insumos '!H10 -> 0 | G8: 4 | H8: =ROUND((F8*G8),2) -> 0 | I8: =SUM(H8:H11) -> 0
D9: ='Insumos '!B11 -> Arquiteto Sênior | E9: hora | F9: ='Insumos '!H11 -> 0 | G9: 8 | H9: =ROUND((F9*G9),2) -> 0
D10: ='Insumos '!B12 -> Arquiteto Pleno | E10: hora | F10: ='Insumos '!H12 -> 0 | G10: 9 | H10: =ROUND((F10*G10),2) -> 0
D11: ='Insumos '!B17 -> Digitador | E11: hora | F11: ='Insumos '!H17 -> 0 | G11: 8 | H11: =ROUND((F11*G11),2) -> 0
C12: Produto 2: Vistoria, Busca Documental e Relatório Fotográfico | D12: ='Insumos '!B10 -> Coordenador Geral | E12: hora | F12: ='Insumos '!H10 -> 0 | G12: 1 | H12: =ROUND((F12*G12),2) -> 0 | I12: =SUM(H12:H16) -> 0
D13: =D9 -> Arquiteto Sênior | E13: hora | F13: ='Insumos '!H11 -> 0 | G13: 1 | H13: =ROUND((F13*G13),2) -> 0
D14: ='Insumos '!B14 -> Advogado Sênior | E14: hora | F14: ='Insumos '!H14 -> 0 | G14: 2 | H14: =ROUND((F14*G14),2) -> 0
D15: =D10 -> Arquiteto Pleno | E15: hora | F15: ='Insumos '!H12 -> 0 | G15: 3 | H15: =ROUND((F15*G15),2) -> 0
D16: ='Insumos '!B15 -> Auxiliar de Serviços Gerais | E16: hora | F16: ='Insumos '!H15 -> 0 | G16: 3 | H16: =ROUND((F16*G16),2) -> 0
C17: Produto 3: Diagnóstico | D17: ='Insumos '!B10 -> Coordenador Geral | E17: hora | F17: ='Insumos '!H10 -> 0 | G17: 1 | H17: =ROUND((F17*G17),2) -> 0 | I17: =SUM(H17:H20) -> 0
D18: =D9 -> Arquiteto Sênior | E18: hora | F18: ='Insumos '!H11 -> 0 | G18: 4 | H18: =ROUND((F18*G18),2) -> 0
D19: =D14 -> Advogado Sênior | E19: hora | F19: ='Insumos '!H14 -> 0 | G19: 7 | H19: =ROUND((F19*G19),2) -> 0
D20: =D11 -> Digitador | E20: hora | F20: ='Insumos '!H17 -> 0 | G20: 5 | H20: =ROUND((F20*G20),2) -> 0
C21: Produto 4: Relatório de Levantamentos Planialtimétricos e Cadastrais | D21: ='Insumos '!B20 -> Levantamento Planialtimétrico Cadastral | E21: m² | F21: ='Insumos '!H20 -> 0 | G21: 4109 | H21: =ROUND((F21*G21),2) -> 0 | I21: =SUM(H21) -> 0
C22: Produto 5: Plano de Regularização | D22: ='Insumos '!B10 -> Coordenador Geral | E22: hora | F22: ='Insumos '!H10 -> 0 | G22: 1 | H22: =ROUND((F22*G22),2) -> 0 | I22: =SUM(H22:H25) -> 0
D23: =D9 -> Arquiteto Sênior | E23: hora | F23: ='Insumos '!H11 -> 0 | G23: 5 | H23: =ROUND((F23*G23),2) -> 0
D24: =D14 -> Advogado Sênior | E24: hora | F24: ='Insumos '!H14 -> 0 | G24: 6 | H24: =ROUND((F24*G24),2) -> 0
D25: =D11 -> Digitador | E25: hora | F25: ='Insumos '!H17 -> 0 | G25: 5 | H25: =ROUND((F25*G25),2) -> 0
C26: Produto 6: Relatório Consolidado de Notificações | D26: ='Insumos '!B10 -> Coordenador Geral | E26: hora | F26: ='Insumos '!H10 -> 0 | G26: 1 | H26: =ROUND((F26*G26),2) -> 0 | I26: =SUM(H26:H30) -> 0
D27: =D9 -> Arquiteto Sênior | E27: hora | F27: ='Insumos '!H11 -> 0 | G27: 1 | H27: =ROUND((F27*G27),2) -> 0
D28: =D24 -> Advogado Sênior | E28: hora | F28: ='Insumos '!H14 -> 0 | G28: 2 | H28: =ROUND((F28*G28),2) -> 0
D29: =D16 -> Auxiliar de Serviços Gerais | E29: hora | F29: ='Insumos '!H15 -> 0 | G29: 1 | H29: =ROUND((F29*G29),2) -> 0
D30: =D25 -> Digitador | E30: hora | F30: ='Insumos '!H17 -> 0 | G30: 2 | H30: =ROUND((F30*G30),2) -> 0
C31: Produto 7: Relatório de Registro de Reuniões de Entrada | D31: ='Insumos '!B10 -> Coordenador Geral | E31: hora | F31: ='Insumos '!H10 -> 0 | G31: 1 | H31: =ROUND((F31*G31),2) -> 0 | I31: =SUM(H31:H35) -> 0
D32: =D9 -> Arquiteto Sênior | E32: hora | F32: ='Insumos '!H11 -> 0 | G32: 1 | H32: =ROUND((F32*G32),2) -> 0
D33: =D28 -> Advogado Sênior | E33: hora | F33: ='Insumos '!H14 -> 0 | G33: 3 | H33: =ROUND((F33*G33),2) -> 0
D34: ='Insumos '!B16 -> Assistente Social Pleno | E34: hora | F34: ='Insumos '!H16 -> 0 | G34: 5 | H34: =ROUND((F34*G34),2) -> 0
D35: =D30 -> Digitador | E35: hora | F35: ='Insumos '!H17 -> 0 | G35: 2 | H35: =ROUND((F35*G35),2) -> 0
C36: Produto 8: Planta de Selagem e Congelamento Georreferenciados | D36: ='Insumos '!B10 -> Coordenador Geral | E36: hora | F36: ='Insumos '!H10 -> 0 | G36: 1 | H36: =ROUND((F36*G36),2) -> 0 | I36: =SUM(H36:H39) -> 0
D37: =D9 -> Arquiteto Sênior | E37: hora | F37: ='Insumos '!H11 -> 0 | G37: 5 | H37: =ROUND((F37*G37),2) -> 0
D38: ='Insumos '!B13 -> Desenhista Projetista | E38: hora | F38: ='Insumos '!H13 -> 0 | G38: 10 | H38: =ROUND((F38*G38),2) -> 0
D39: =D34 -> Assistente Social Pleno | E39: hora | F39: ='Insumos '!H16 -> 0 | G39: 19 | H39: =ROUND((F39*G39),2) -> 0
C40: Produto 9: Relatório de Cadastro de Beneficiários | D40: ='Insumos '!B10 -> Coordenador Geral | E40: hora | F40: ='Insumos '!H10 -> 0 | G40: 2 | H40: =ROUND((F40*G40),2) -> 0 | I40: =SUM(H40:H44) -> 0
D41: =D9 -> Arquiteto Sênior | E41: hora | F41: ='Insumos '!H11 -> 0 | G41: 6 | H41: =ROUND((F41*G41),2) -> 0
D42: =D33 -> Advogado Sênior | E42: hora | F42: ='Insumos '!H14 -> 0 | G42: 11 | H42: =ROUND((F42*G42),2) -> 0
D43: =D39 -> Assistente Social Pleno | E43: hora | F43: ='Insumos '!H16 -> 0 | G43: 15 | H43: =ROUND((F43*G43),2) -> 0
D44: =D35 -> Digitador | E44: hora | F44: ='Insumos '!H17 -> 0 | G44: 19 | H44: =ROUND((F44*G44),2) -> 0
C45: Produto 10: Elaboração de Plantas e demais Instrumentais Técnicos | D45: ='Insumos '!B10 -> Coordenador Geral | E45: hora | F45: ='Insumos '!H10 -> 0 | G45: 2 | H45: =ROUND((F45*G45),2) -> 0 | I45: =SUM(H45:H49) -> 0
D46: =D9 -> Arquiteto Sênior | E46: hora | F46: ='Insumos '!H11 -> 0 | G46: 7 | H46: =ROUND((F46*G46),2) -> 0
D47: =D10 -> Arquiteto Pleno | E47: hora | F47: ='Insumos '!H12 -> 0 | G47: 13 | H47: =ROUND((F47*G47),2) -> 0
D48: =D38 -> Desenhista Projetista | E48: hora | F48: ='Insumos '!H13 -> 0 | G48: 13 | H48: =ROUND((F48*G48),2) -> 0
D49: =D44 -> Digitador | E49: hora | F49: ='Insumos '!H17 -> 0 | G49: 7 | H49: =ROUND((F49*G49),2) -> 0
C50: Subtotal Etapa I | I50: =SUM(I8:I49) -> 0
B51: ETAPA II: SUBSÍDIOS TÉCNICOS DESTINADOS À APROVAÇÃO MUNICIPAL DA REGULARIZAÇÃO | C51: Produto 11: Estudo Técnico Ambiental | D51: ='Insumos '!B10 -> Coordenador Geral | E51: hora | F51: ='Insumos '!H10 -> 0 | G51: 1 | H51: =ROUND((F51*G51),2) -> 0 | I51: =SUM(H51:H56) -> 0
D52: =D9 -> Arquiteto Sênior | E52: hora | F52: ='Insumos '!H11 -> 0 | G52: 2 | H52: =ROUND((F52*G52),2) -> 0
D53: =D42 -> Advogado Sênior | E53: hora | F53: ='Insumos '!H14 -> 0 | G53: 2 | H53: =ROUND((F53*G53),2) -> 0
D54: =D10 -> Arquiteto Pleno | E54: hora | F54: ='Insumos '!H12 -> 0 | G54: 4 | H54: =ROUND((F54*G54),2) -> 0
D55: =D16 -> Auxiliar de Serviços Gerais | E55: hora | F55: ='Insumos '!H15 -> 0 | G55: 2 | H55: =ROUND((F55*G55),2) -> 0
D56: =D49 -> Digitador | E56: hora | F56: ='Insumos '!H17 -> 0 | G56: 2 | H56: =ROUND((F56*G56),2) -> 0
C57: Produto 12: Estudo Técnico em Área de Risco | D57: ='Insumos '!B10 -> Coordenador Geral | E57: hora | F57: ='Insumos '!H10 -> 0 | G57: 1 | H57: =ROUND((F57*G57),2) -> 0 | I57: =SUM(H57:H61) -> 0
D58: =D9 -> Arquiteto Sênior | E58: hora | F58: ='Insumos '!H11 -> 0 | G58: 2 | H58: =ROUND((F58*G58),2) -> 0
D59: =D10 -> Arquiteto Pleno | E59: hora | F59: ='Insumos '!H12 -> 0 | G59: 4 | H59: =ROUND((F59*G59),2) -> 0
D60: =D55 -> Auxiliar de Serviços Gerais | E60: hora | F60: ='Insumos '!H15 -> 0 | G60: 2 | H60: =ROUND((F60*G60),2) -> 0
D61: =D56 -> Digitador | E61: hora | F61: ='Insumos '!H17 -> 0 | G61: 3 | H61: =ROUND((F61*G61),2) -> 0
C62: Produto 13: Anteprojeto Urbanístico de Regularização Fundiária | D62: ='Insumos '!B10 -> Coordenador Geral | E62: hora | F62: ='Insumos '!H10 -> 0 | G62: 2 | H62: =ROUND((F62*G62),2) -> 0 | I62: =SUM(H62:H64) -> 0
D63: =D9 -> Arquiteto Sênior | E63: hora | F63: ='Insumos '!H11 -> 0 | G63: 10 | H63: =ROUND((F63*G63),2) -> 0
D64: =D48 -> Desenhista Projetista | E64: hora | F64: ='Insumos '!H13 -> 0 | G64: 10 | H64: =ROUND((F64*G64),2) -> 0
C65: Produto 14: Projeto de Regularização Fundiária | D65: ='Insumos '!B10 -> Coordenador Geral | E65: hora | F65: ='Insumos '!H10 -> 0 | G65: 2 | H65: =ROUND((F65*G65),2) -> 0 | I65: =SUM(H65:H67) -> 0
D66: =D9 -> Arquiteto Sênior | E66: hora | F66: ='Insumos '!H11 -> 0 | G66: 7 | H66: =ROUND((F66*G66),2) -> 0
D67: =D64 -> Desenhista Projetista | E67: hora | F67: ='Insumos '!H13 -> 0 | G67: 7 | H67: =ROUND((F67*G67),2) -> 0
C68: Produto 15: Memoriais Descritivos | D68: ='Insumos '!B10 -> Coordenador Geral | E68: hora | F68: ='Insumos '!H10 -> 0 | G68: 1 | H68: =ROUND((F68*G68),2) -> 0 | I68: =SUM(H68:H71) -> 0
D69: =D9 -> Arquiteto Sênior | E69: hora | F69: ='Insumos '!H11 -> 0 | G69: 5 | H69: =ROUND((F69*G69),2) -> 0
D70: =D10 -> Arquiteto Pleno | E70: hora | F70: ='Insumos '!H12 -> 0 | G70: 12 | H70: =ROUND((F70*G70),2) -> 0
D71: =D61 -> Digitador | E71: hora | F71: ='Insumos '!H17 -> 0 | G71: 8 | H71: =ROUND((F71*G71),2) -> 0
C72: Produto 16: Lista Preliminar de Beneficiários | D72: ='Insumos '!B10 -> Coordenador Geral | E72: hora | F72: ='Insumos '!H10 -> 0 | G72: 1 | H72: =ROUND((F72*G72),2) -> 0 | I72: =SUM(H72:H76) -> 0
D73: =D9 -> Arquiteto Sênior | E73: hora | F73: ='Insumos '!H11 -> 0 | G73: 5 | H73: =ROUND((F73*G73),2) -> 0
D74: =D53 -> Advogado Sênior | E74: hora | F74: ='Insumos '!H14 -> 0 | G74: 11 | H74: =ROUND((F74*G74),2) -> 0
D75: =D43 -> Assistente Social Pleno | E75: hora | F75: ='Insumos '!H16 -> 0 | G75: 11 | H75: =ROUND((F75*G75),2) -> 0
D76: =D71 -> Digitador | E76: hora | F76: ='Insumos '!H17 -> 0 | G76: 4 | H76: =ROUND((F76*G76),2) -> 0
C77: Produto 17: Lista Final de Beneficiários | D77: ='Insumos '!B10 -> Coordenador Geral | E77: hora | F77: ='Insumos '!H10 -> 0 | G77: 1 | H77: =ROUND((F77*G77),2) -> 0 | I77: =SUM(H77:H81) -> 0
D78: =D9 -> Arquiteto Sênior | E78: hora | F78: ='Insumos '!H11 -> 0 | G78: 1 | H78: =ROUND((F78*G78),2) -> 0
D79: =D74 -> Advogado Sênior | E79: hora | F79: ='Insumos '!H14 -> 0 | G79: 2 | H79: =ROUND((F79*G79),2) -> 0
D80: =D75 -> Assistente Social Pleno | E80: hora | F80: ='Insumos '!H16 -> 0 | G80: 4 | H80: =ROUND((F80*G80),2) -> 0
D81: =D76 -> Digitador | E81: hora | F81: ='Insumos '!H17 -> 0 | G81: 4 | H81: =ROUND((F81*G81),2) -> 0
C82: Produto 18: Cronograma de Intervenções e Termos de Compromisso | D82: ='Insumos '!B10 -> Coordenador Geral | E82: hora | F82: ='Insumos '!H10 -> 0 | G82: 1 | H82: =ROUND((F82*G82),2) -> 0 | I82: =SUM(H82:H85) -> 0
D83: =D9 -> Arquiteto Sênior | E83: hora | F83: ='Insumos '!H11 -> 0 | G83: 2 | H83: =ROUND((F83*G83),2) -> 0
D84: =D10 -> Arquiteto Pleno | E84: hora | F84: ='Insumos '!H12 -> 0 | G84: 5 | H84: =ROUND((F84*G84),2) -> 0
D85: =D81 -> Digitador | E85: hora | F85: ='Insumos '!H17 -> 0 | G85: 3 | H85: =ROUND((F85*G85),2) -> 0
C86: Subtotal Etapa II | I86: =SUM(I51:I85) -> 0
B87: ETAPA III: SUBSÍDIOS TÉCNICOS NECESSÁRIOS PARA O REGISTRO DA REGULARIZAÇÃO | C87: Produto 19: Dossiê de Documentos Necessários à Instrução do Pedido de Registro | D87: ='Insumos '!B10 -> Coordenador Geral | E87: hora | F87: ='Insumos '!H10 -> 0 | G87: 2 | H87: =ROUND((F87*G87),2) -> 0 | I87: =SUM(H87:H89) -> 0
D88: =D9 -> Arquiteto Sênior | E88: hora | F88: ='Insumos '!H11 -> 0 | G88: 8 | H88: =ROUND((F88*G88),2) -> 0
D89: =D85 -> Digitador | E89: hora | F89: ='Insumos '!H17 -> 0 | G89: 8 | H89: =ROUND((F89*G89),2) -> 0
C90: Subtotal Etapa III | I90: =SUM(I87) -> 0
B91: ETAPA IV: SUBSÍDIOS COMPLEMENTARES À REGULARIZAÇÃO FUNDIÁRIA | C91: Produto 20: Laudo Geotécnico e/ou Hidrológico | D91: ='Insumos '!B10 -> Coordenador Geral | E91: hora | F91: ='Insumos '!H10 -> 0 | G91: 1 | H91: =ROUND((F91*G91),2) -> 0 | I91: =SUM(H91:H95) -> 0
D92: =D9 -> Arquiteto Sênior | E92: hora | F92: ='Insumos '!H11 -> 0 | G92: 1 | H92: =ROUND((F92*G92),2) -> 0
D93: =D10 -> Arquiteto Pleno | E93: hora | F93: ='Insumos '!H12 -> 0 | G93: 2 | H93: =ROUND((F93*G93),2) -> 0
D94: =D60 -> Auxiliar de Serviços Gerais | E94: hora | F94: ='Insumos '!H15 -> 0 | G94: 2 | H94: =ROUND((F94*G94),2) -> 0
D95: =D89 -> Digitador | E95: hora | F95: ='Insumos '!H17 -> 0 | G95: 2 | H95: =ROUND((F95*G95),2) -> 0
C96: Produto 21: Relatório Consolidado para Obtenção das Licenças | D96: ='Insumos '!B10 -> Coordenador Geral | E96: hora | F96: ='Insumos '!H10 -> 0 | G96: 1 | H96: =ROUND((F96*G96),2) -> 0 | I96: =SUM(H96:H98) -> 0
D97: =D9 -> Arquiteto Sênior | E97: hora | F97: ='Insumos '!H11 -> 0 | G97: 3 | H97: =ROUND((F97*G97),2) -> 0
D98: =D95 -> Digitador | E98: hora | F98: ='Insumos '!H17 -> 0 | G98: 2 | H98: =ROUND((F98*G98),2) -> 0
C99: Produto 22: Relatório Mensal de Atividades | D99: Coordenador Geral | E99: hora | F99: ='Insumos '!H10 -> 0 | G99: 5 | H99: =ROUND((F99*G99),2) -> 0 | I99: =SUM(H99:H104) -> 0
